Workbook
Name Cost_Investment: IFERROR(OFFSET(calculationstable[[#Headers],[Cost of Investment]],1,0,COUNT(calculationstable[[#All],[Cost of Investment]]),1),"")
Name Current_Value: IFERROR(OFFSET(calculationstable[[#Headers],[Current Value]],1,0,COUNT(calculationstable[[#All],[Current Value]]),1),"")
Name No_sales: IFERROR(OFFSET(calculationstable[[#Headers],[No of Sales]],1,0,COUNT(calculationstable[[#All],[No of Sales]]),1),"")
Name return_inv: IFERROR(OFFSET(calculationstable[[#Headers],[ROI]],1,0,COUNT(calculationstable[ROI])),"")
Name ticker_range: IFERROR(OFFSET(calculationstable[[#Headers],[ticker]],1,0,COUNTA(calculationstable[[#All],[ticker]])-1,1),"")

Sheet Transaction Entry
E1: Capital ($USD) Invested | F1: 78276 | G1: $CAD Invested | H1: 98315 | I1: Capital ($USD) Withdrawn | L1: Other Income
E4: Actions | F4: Extra coins list | G4: Exit strategy | H4: Dashboard
B6: Purcahses | I6: Sales
B7: Purchase date | C7: Coin | D7: No. of coins | E7: Total Cost $ | F7: $ per coin | I7: Sales Date | J7: Coin | K7: Sell Point | L7: No. of coins | M7: Total Income | N7: $ per coin | O7: cost | P7: Profit
B8: 44612 | C8: AAVE | D8: 2.83 | E8: 807 | F8: =IFERROR(Purchases[[#This Row],[Total Cost $]]/Purchases[[#This Row],[No. of coins]],"") -> 285.15901 | I8: 44617 | J8: LUNA | K8: Tokens sold | L8: =IFERROR(INDEX(CO_entry[#All],MATCH(Sales[[#This Row],[Coin]],CO_entry[[#All],[ticker]],0),MATCH(Sales[[#This Row],[Sell Point]],CO_entry[#Headers],0)),"") -> 5.808 | M8: 529.81 | N8: =IFERROR(Sales[[#This Row],[Total Income]]/Sales[[#This Row],[No. of coins]],"") -> 91.22073 | O8: =IFERROR(AVERAGEIF(Purchases[Coin],Sales[[#This Row],[Coin]],Purchases[$ per coin])*Sales[[#This Row],[No. of coins]],"") -> 279 | P8: =IFERROR(Sales[[#This Row],[Total Income]]-Sales[[#This Row],[cost]],"") -> 250.81
B9: 44612 | C9: ADA | D9: 1029.61 | E9: 1867 | F9: =IFERROR(Purchases[[#This Row],[Total Cost $]]/Purchases[[#This Row],[No. of coins]],"") -> 1.813308 | I9: 44621 | J9: CREAM | K9: Tokens sold | L9: 3.56 | M9: 209.2 | N9: =IFERROR(Sales[[#This Row],[Total Income]]/Sales[[#This Row],[No. of coins]],"") -> 58.764045 | O9: =IFERROR(AVERAGEIF(Purchases[Coin],Sales[[#This Row],[Coin]],Purchases[$ per coin])*Sales[[#This Row],[No. of coins]],"") -> 199.43978 | P9: =IFERROR(Sales[[#This Row],[Total Income]]-Sales[[#This Row],[cost]],"") -> 9.7602241
B10: 44612 | C10: ALGO | D10: 199.76 | E10: 340 | F10: =IFERROR(Purchases[[#This Row],[Total Cost $]]/Purchases[[#This Row],[No. of coins]],"") -> 1.7020425 | L10: =IFERROR(INDEX(CO_entry[#All],MATCH(Sales[[#This Row],[Coin]],CO_entry[[#All],[ticker]],0),MATCH(Sales[[#This Row],[Sell Point]],CO_entry[#Headers],0)),"") | N10: =IFERROR(Sales[[#This Row],[Total Income]]/Sales[[#This Row],[No. of coins]],"") | O10: =IFERROR(AVERAGEIF(Purchases[Coin],Sales[[#This Row],[Coin]],Purchases[$ per coin])*Sales[[#This Row],[No. of coins]],"") | P10: =IFERROR(Sales[[#This Row],[Total Income]]-Sales[[#This Row],[cost]],"")
B11: 44612 | C11: ARC | D11: 1688.83 | E11: 330 | F11: =IFERROR(Purchases[[#This Row],[Total Cost $]]/Purchases[[#This Row],[No. of coins]],"") -> 0.19540155 | L11: =IFERROR(INDEX(CO_entry[#All],MATCH(Sales[[#This Row],[Coin]],CO_entry[[#All],[ticker]],0),MATCH(Sales[[#This Row],[Sell Point]],CO_entry[#Headers],0)),"") | N11: =IFERROR(Sales[[#This Row],[Total Income]]/Sales[[#This Row],[No. of coins]],"") | O11: =IFERROR(AVERAGEIF(Purchases[Coin],Sales[[#This Row],[Coin]],Purchases[$ per coin])*Sales[[#This Row],[No. of coins]],"") | P11: =IFERROR(Sales[[#This Row],[Total Income]]-Sales[[#This Row],[cost]],"")
B12: 44612 | C12: ATLAS | D12: 1387.18 | E12: 140 | F12: =IFERROR(Purchases[[#This Row],[Total Cost $]]/Purchases[[#This Row],[No. of coins]],"") -> 0.10092418 | L12: =IFERROR(INDEX(CO_entry[#All],MATCH(Sales[[#This Row],[Coin]],CO_entry[[#All],[ticker]],0),MATCH(Sales[[#This Row],[Sell Point]],CO_entry[#Headers],0)),"") | N12: =IFERROR(Sales[[#This Row],[Total Income]]/Sales[[#This Row],[No. of coins]],"") | O12: =IFERROR(AVERAGEIF(Purchases[Coin],Sales[[#This Row],[Coin]],Purchases[$ per coin])*Sales[[#This Row],[No. of coins]],"") | P12: =IFERROR(Sales[[#This Row],[Total Income]]-Sales[[#This Row],[cost]],"")
B13: 44612 | C13: ATOM | D13: 26.76 | E13: 564 | F13: =IFERROR(Purchases[[#This Row],[Total Cost $]]/Purchases[[#This Row],[No. of coins]],"") -> 21.076233 | L13: =IFERROR(INDEX(CO_entry[#All],MATCH(Sales[[#This Row],[Coin]],CO_entry[[#All],[ticker]],0),MATCH(Sales[[#This Row],[Sell Point]],CO_entry[#Headers],0)),"") | N13: =IFERROR(Sales[[#This Row],[Total Income]]/Sales[[#This Row],[No. of coins]],"") | O13: =IFERROR(AVERAGEIF(Purchases[Coin],Sales[[#This Row],[Coin]],Purchases[$ per coin])*Sales[[#This Row],[No. of coins]],"") | P13: =IFERROR(Sales[[#This Row],[Total Income]]-Sales[[#This Row],[cost]],"")
B14: 44612 | C14: AUCTION | D14: 2.28 | E14: 75 | F14: =IFERROR(Purchases[[#This Row],[Total Cost $]]/Purchases[[#This Row],[No. of coins]],"") -> 32.894737 | L14: =IFERROR(INDEX(CO_entry[#All],MATCH(Sales[[#This Row],[Coin]],CO_entry[[#All],[ticker]],0),MATCH(Sales[[#This Row],[Sell Point]],CO_entry[#Headers],0)),"") | N14: =IFERROR(Sales[[#This Row],[Total Income]]/Sales[[#This Row],[No. of coins]],"") | O14: =IFERROR(AVERAGEIF(Purchases[Coin],Sales[[#This Row],[Coin]],Purchases[$ per coin])*Sales[[#This Row],[No. of coins]],"") | P14: =IFERROR(Sales[[#This Row],[Total Income]]-Sales[[#This Row],[cost]],"")
B15: 44612 | C15: AUST | D15: 7033.39 | E15: 8429 | F15: =IFERROR(Purchases[[#This Row],[Total Cost $]]/Purchases[[#This Row],[No. of coins]],"") -> 1.1984264 | L15: =IFERROR(INDEX(CO_entry[#All],MATCH(Sales[[#This Row],[Coin]],CO_entry[[#All],[ticker]],0),MATCH(Sales[[#This Row],[Sell Point]],CO_entry[#Headers],0)),"") | N15: =IFERROR(Sales[[#This Row],[Total Income]]/Sales[[#This Row],[No. of coins]],"") | O15: =IFERROR(AVERAGEIF(Purchases[Coin],Sales[[#This Row],[Coin]],Purchases[$ per coin])*Sales[[#This Row],[No. of coins]],"") | P15: =IFERROR(Sales[[#This Row],[Total Income]]-Sales[[#This Row],[cost]],"")
B16: 44612 | C16: AVAX | D16: 26.29 | E16: 1982 | F16: =IFERROR(Purchases[[#This Row],[Total Cost $]]/Purchases[[#This Row],[No. of coins]],"") -> 75.389882 | L16: =IFERROR(INDEX(CO_entry[#All],MATCH(Sales[[#This Row],[Coin]],CO_entry[[#All],[ticker]],0),MATCH(Sales[[#This Row],[Sell Point]],CO_entry[#Headers],0)),"") | M16: =Sales[[#This Row],[No. of coins]]*'Sale points'!L37 -> #VALUE! | N16: =IFERROR(Sales[[#This Row],[Total Income]]/Sales[[#This Row],[No. of coins]],"") | O16: =IFERROR(AVERAGEIF(Purchases[Coin],Sales[[#This Row],[Coin]],Purchases[$ per coin])*Sales[[#This Row],[No. of coins]],"") | P16: =IFERROR(Sales[[#This Row],[Total Income]]-Sales[[#This Row],[cost]],"")
B17: 44612 | C17: BNB | D17: 0.89 | E17: 411 | F17: =IFERROR(Purchases[[#This Row],[Total Cost $]]/Purchases[[#This Row],[No. of coins]],"") -> 461.79775 | L17: =IFERROR(INDEX(CO_entry[#All],MATCH(Sales[[#This Row],[Coin]],CO_entry[[#All],[ticker]],0),MATCH(Sales[[#This Row],[Sell Point]],CO_entry[#Headers],0)),"") | N17: =IFERROR(Sales[[#This Row],[Total Income]]/Sales[[#This Row],[No. of coins]],"") | O17: =IFERROR(AVERAGEIF(Purchases[Coin],Sales[[#This Row],[Coin]],Purchases[$ per coin])*Sales[[#This Row],[No. of coins]],"") | P17: =IFERROR(Sales[[#This Row],[Total Income]]-Sales[[#This Row],[cost]],"")
B18: 44612 | C18: BPRO | D18: 45.5 | E18: 331 | F18: =IFERROR(Purchases[[#This Row],[Total Cost $]]/Purchases[[#This Row],[No. of coins]],"") -> 7.2747253 | L18: =IFERROR(INDEX(CO_entry[#All],MATCH(Sales[[#This Row],[Coin]],CO_entry[[#All],[ticker]],0),MATCH(Sales[[#This Row],[Sell Point]],CO_entry[#Headers],0)),"") | N18: =IFERROR(Sales[[#This Row],[Total Income]]/Sales[[#This Row],[No. of coins]],"") | O18: =IFERROR(AVERAGEIF(Purchases[Coin],Sales[[#This Row],[Coin]],Purchases[$ per coin])*Sales[[#This Row],[No. of coins]],"") | P18: =IFERROR(Sales[[#This Row],[Total Income]]-Sales[[#This Row],[cost]],"")
B19: 44612 | C19: BTC | D19: 0.48589446 | E19: 23023 | F19: =IFERROR(Purchases[[#This Row],[Total Cost $]]/Purchases[[#This Row],[No. of coins]],"") -> 47382.718
B20: 44612 | C20: BUND | D20: 9.4 | E20: 300 | F20: =IFERROR(Purchases[[#This Row],[Total Cost $]]/Purchases[[#This Row],[No. of coins]],"") -> 31.914894
B21: 44612 | C21: CAKE | D21: 8.91 | E21: 200 | F21: =IFERROR(Purchases[[#This Row],[Total Cost $]]/Purchases[[#This Row],[No. of coins]],"") -> 22.446689
B22: 44612 | C22: CLIQ | D22: 4220.42 | E22: 101 | F22: =IFERROR(Purchases[[#This Row],[Total Cost $]]/Purchases[[#This Row],[No. of coins]],"") -> 0.023931268
B23: 44612 | C23: CREAM | D23: 3.57 | E23: 200 | F23: =IFERROR(Purchases[[#This Row],[Total Cost $]]/Purchases[[#This Row],[No. of coins]],"") -> 56.022409
B24: 44612 | C24: CRO | D24: 767.09 | E24: 111 | F24: =IFERROR(Purchases[[#This Row],[Total Cost $]]/Purchases[[#This Row],[No. of coins]],"") -> 0.14470271
B25: 44612 | C25: DOT | D25: 64.5977 | E25: 1310 | F25: =IFERROR(Purchases[[#This Row],[Total Cost $]]/Purchases[[#This Row],[No. of coins]],"") -> 20.27936
B26: 44612 | C26: EFI | D26: 49.56 | E26: 80 | F26: =IFERROR(Purchases[[#This Row],[Total Cost $]]/Purchases[[#This Row],[No. of coins]],"") -> 1.614205
B27: 44612 | C27: ENJ | D27: 27.77 | E27: 100 | F27: =IFERROR(Purchases[[#This Row],[Total Cost $]]/Purchases[[#This Row],[No. of coins]],"") -> 3.6010083
B28: 44612 | C28: ENS | D28: 19.1 | E28: 705 | F28: =IFERROR(Purchases[[#This Row],[Total Cost $]]/Purchases[[#This Row],[No. of coins]],"") -> 36.910995
B29: 44612 | C29: ERG | D29: 6.6 | E29: 97 | F29: =IFERROR(Purchases[[#This Row],[Total Cost $]]/Purchases[[#This Row],[No. of coins]],"") -> 14.69697
B30: 44612 | C30: ETH | D30: 6.7643 | E30: 22067 | F30: =IFERROR(Purchases[[#This Row],[Total Cost $]]/Purchases[[#This Row],[No. of coins]],"") -> 3262.274
... B70: 44612 | C70: XAVA | D70: 65.89 | E70: 578 | F70: =IFERROR(Purchases[[#This Row],[Total Cost $]]/Purchases[[#This Row],[No. of coins]],"") -> 8.7721961

Sheet Sale points
A1: Joe's Crypto Tracker & Exit Strategy Sheet | M1: Dashboard | N1: Actions | O1: Enter Transactions | Q1: Add Extra Coins | R1: Exit Strategy V2
M3: % Taken Out | P3: Total Profit | R3: % Taken Out | U3: Total Profit | W3: % Taken Out | Z3: Total Profit | AB3: % Taken Out | AE3: Total Profit | AG3: % Taken Out | AJ3: Total Profit | AL3: % Taken Out | AO3: Total Profit | AQ3: % Taken Out | AU3: Portfolio Profit | AW3: Total value left
M4: 0.2 | P4: =SUBTOTAL(9,P7:P99) -> 16103.065 | R4: 0.2 | U4: =SUBTOTAL(9,U7:U99) -> 32442.171 | W4: 0.2 | Z4: =SUBTOTAL(9,Z7:Z99) -> 36340.915 | AB4: 0.2 | AE4: =SUBTOTAL(9,AE7:AE99) -> 41514.613 | AG4: 0.25 | AJ4: =SUBTOTAL(9,AJ7:AJ99) -> 58099.999 | AL4: 0.35 | AO4: =SUBTOTAL(9,AO7:AO99) -> 78419.655 | AQ4: 0.5 | AT4: =SUBTOTAL(9,AT7:AT99) -> 89000.084 | AU4: =SUBTOTAL(9,AU7:AU99) -> 351920.5 | AW4: =SUBTOTAL(9,AW7:AW99) -> 97091.001
A6: name | B6: ticker | C6: Initial Holding | D6: average per coin | E6: Acquisition Cost | F6: Current Price | G6: Market Value | H6: Portfolio % | J6: ticker | K6: Current price (Refresh Price sheet) | L6: Selling point 1 | M6: Tokens Sold | N6: Tokens Over | O6: Money Out | P6: Profit | Q6: Selling point 2 | R6: Tokens Sold2 | S6: Tokens Over2 | T6: Money Out2 | U6: Profit2 | V6: Selling point 3 | W6: Tokens Sold3 | X6: Tokens Over3 | Y6: Money Out3 | Z6: Profit3 | AA6: Selling point 4 | AB6: Tokens Sold4 | AC6: Tokens Over4 | AD6: Money Out4 | AE6: Profit4 | AF6: Selling point 5 | AG6: Tokens Sold5 | AH6: Tokens Over5 | AI6: Money Out5 | AJ6: Profit5 | AK6: Selling point 6 | AL6: Tokens Sold6 | AM6: Tokens Over6 | AN6: Money Out6 | AO6: Profit6 | AP6: Selling point 7 | AQ6: Tokens Sold7 | AR6: Tokens Over7 | AS6: Money Out7 | AT6: Profit7 | AU6: Total Profit | AV6: Total Tokens Over | AW6: Value of tokens over
A7: Bitcoin | B7: BTC | C7: 0.48589446 | D7: 47382.718 | E7: 23023 | F7: 41302 | G7: 20068.413 | H7: 0.29314562 | J7: AAVE | K7: =IFERROR(VLOOKUP(J7,price_feed[[symbol]:[current_price]],3,FALSE),"") -> 151.07 | L7: =IFERROR(VLOOKUP(J7,Portfolio_Overview[[#All],[ticker]:[average per coin]],3,FALSE)*2,"") -> 570.318 | M7: =IFERROR(VLOOKUP(J7,Portfolio_Overview[[#All],[ticker]:[average per coin]],2,FALSE)*M$4,"") -> 0.566 | N7: =IFERROR(VLOOKUP(CO_entry[[#This Row],[ticker]],Portfolio_Overview[[#All],[ticker]:[average per coin]],2,FALSE)-CO_entry[[#This Row],[Tokens Sold]],"") -> 2.264 | O7: =IFERROR(CO_entry[[#This Row],[Tokens Sold]]*CO_entry[[#This Row],[Selling point 1]],"") -> 322.79999 | P7: =IFERROR((L7*M7)-(VLOOKUP(J7,Portfolio_Overview[[#All],[ticker]:[average per coin]],3,FALSE)*M7),"") -> 161.39999 | Q7: =IFERROR(VLOOKUP(J7,Portfolio_Overview[[#All],[ticker]:[average per coin]],3,FALSE)*3.5,"") -> 998.0565 | R7: =IFERROR(N7*R$4,"") -> 0.4528 | S7: =IFERROR(N7-R7,"") -> 1.8112 | T7: =IFERROR(CO_entry[[#This Row],[Tokens Sold2]]*CO_entry[[#This Row],[Selling point 2]],"") -> 451.91998 | U7: =IFERROR((Q7*R7)-(VLOOKUP(J7,Portfolio_Overview[[#All],[ticker]:[average per coin]],3,FALSE)*R7),"") -> 322.79999 | V7: =IFERROR(VLOOKUP(J7,Portfolio_Overview[[#All],[ticker]:[average per coin]],3,FALSE)*4.5,"") -> 1283.2155 | W7: =IFERROR(S7*W$4,"") -> 0.36224 | X7: =IFERROR(S7-W7,"") -> 1.44896 | Y7: =IFERROR(CO_entry[[#This Row],[Tokens Sold3]]*CO_entry[[#This Row],[Selling point 3]],"") -> 464.83198 | Z7: =IFERROR((V7*W7)-(VLOOKUP(J7,Portfolio_Overview[[#All],[ticker]:[average per coin]],3,FALSE)*W7),"") -> 361.53599 | AA7: =IFERROR(VLOOKUP(J7,Portfolio_Overview[[#All],[ticker]:[average per coin]],3,FALSE)*6,"") -> 1710.954 | AB7: =IFERROR(X7*AB$4,"") -> 0.289792 | AC7: =IFERROR(X7-AB7,"") -> 1.159168 | AD7: =IFERROR(CO_entry[[#This Row],[Tokens Sold4]]*CO_entry[[#This Row],[Selling point 4]],"") -> 495.82078 | AE7: =IFERROR((AA7*AB7)-(VLOOKUP(J7,Portfolio_Overview[[#All],[ticker]:[average per coin]],3,FALSE)*AB7),"") -> 413.18398 | AF7: =IFERROR(VLOOKUP(J7,Portfolio_Overview[[#All],[ticker]:[average per coin]],3,FALSE)*8,"") -> 2281.272 | AG7: =IFERROR(AC7*AG$4,"") -> 0.289792 | AH7: =IFERROR(AC7-AG7,"") -> 0.869376 | AI7: =IFERROR(CO_entry[[#This Row],[Tokens Sold5]]*CO_entry[[#This Row],[Selling point 5]],"") -> 661.09438 | AJ7: =IFERROR((AF7*AG7)-(VLOOKUP(J7,Portfolio_Overview[[#All],[ticker]:[average per coin]],3,FALSE)*AG7),"") -> 578.45758 | AK7: =IFERROR(VLOOKUP(J7,Portfolio_Overview[[#All],[ticker]:[average per coin]],3,FALSE)*10,"") -> 2851.59 | AL7: =IFERROR(AH7*AL$4,"") -> 0.3042816 | AM7: =IFERROR(AH7-AL7,"") -> 0.5650944 | AN7: =IFERROR(CO_entry[[#This Row],[Tokens Sold6]]*CO_entry[[#This Row],[Selling point 6]],"") -> 867.68637 | AO7: =IFERROR((AK7*AL7)-(VLOOKUP(J7,Portfolio_Overview[[#All],[ticker]:[average per coin]],3,FALSE)*AL7),"") -> 780.91773 | AP7: =IFERROR(VLOOKUP(J7,Portfolio_Overview[[#All],[ticker]:[average per coin]],3,FALSE)*12,"") -> 3421.908 | AQ7: =IFERROR(AM7*AQ$4,"") -> 0.2825472 | AR7: =IFERROR(AM7-AQ7,"") -> 0.2825472 | AS7: =IFERROR(CO_entry[[#This Row],[Tokens Sold7]]*CO_entry[[#This Row],[Selling point 7]],"") -> 966.85052 | AT7: =IFERROR((AP7*AQ7)-(VLOOKUP(J7,Portfolio_Overview[[#All],[ticker]:[average per coin]],3,FALSE)*AQ7),"") -> 886.27965 | AU7: =IFERROR(P7+U7+Z7+AE7+AJ7+AO7+AT7,"") -> 3504.5749 | AV7: =AR7 -> 0.2825472 | AW7: =IFERROR(AV7*AP7,"") -> 966.85052
A8: Ethereum | B8: ETH | C8: 6.7643 | D8: 3262.274 | E8: 22067 | F8: 2858.56 | G8: 19336.157 | H8: 0.28244934 | J8: ADA | K8: =IFERROR(VLOOKUP(J8,price_feed[[symbol]:[current_price]],3,FALSE),"") -> 0.878883 | L8: =IFERROR(VLOOKUP(J8,Portfolio_Overview[[#All],[ticker]:[average per coin]],3,FALSE)*2,"") -> 3.6266 | M8: =IFERROR(VLOOKUP(J8,Portfolio_Overview[[#All],[ticker]:[average per coin]],2,FALSE)*M$4,"") -> 205.922 | N8: =IFERROR(VLOOKUP(CO_entry[[#This Row],[ticker]],Portfolio_Overview[[#All],[ticker]:[average per coin]],2,FALSE)-CO_entry[[#This Row],[Tokens Sold]],"") -> 823.688 | O8: =IFERROR(CO_entry[[#This Row],[Tokens Sold]]*CO_entry[[#This Row],[Selling point 1]],"") -> 746.79673 | P8: =IFERROR((L8*M8)-(VLOOKUP(J8,Portfolio_Overview[[#All],[ticker]:[average per coin]],3,FALSE)*M8),"") -> 373.39836 | Q8: =IFERROR(VLOOKUP(J8,Portfolio_Overview[[#All],[ticker]:[average per coin]],3,FALSE)*3.5,"") -> 6.34655 | R8: =IFERROR(N8*R$4,"") -> 164.7376 | S8: =IFERROR(N8-R8,"") -> 658.9504 | T8: =IFERROR(CO_entry[[#This Row],[Tokens Sold2]]*CO_entry[[#This Row],[Selling point 2]],"") -> 1045.5154 | U8: =IFERROR((Q8*R8)-(VLOOKUP(J8,Portfolio_Overview[[#All],[ticker]:[average per coin]],3,FALSE)*R8),"") -> 746.79673 | V8: =IFERROR(VLOOKUP(J8,Portfolio_Overview[[#All],[ticker]:[average per coin]],3,FALSE)*4.5,"") -> 8.15985 | W8: =IFERROR(S8*W$4,"") -> 131.79008 | X8: =IFERROR(S8-W8,"") -> 527.16032 | Y8: =IFERROR(CO_entry[[#This Row],[Tokens Sold3]]*CO_entry[[#This Row],[Selling point 3]],"") -> 1075.3873 | Z8: =IFERROR((V8*W8)-(VLOOKUP(J8,Portfolio_Overview[[#All],[ticker]:[average per coin]],3,FALSE)*W8),"") -> 836.41233 | AA8: =IFERROR(VLOOKUP(J8,Portfolio_Overview[[#All],[ticker]:[average per coin]],3,FALSE)*6,"") -> 10.8798 | AB8: =IFERROR(X8*AB$4,"") -> 105.43206 | AC8: =IFERROR(X8-AB8,"") -> 421.72826 | AD8: =IFERROR(CO_entry[[#This Row],[Tokens Sold4]]*CO_entry[[#This Row],[Selling point 4]],"") -> 1147.0798 | AE8: =IFERROR((AA8*AB8)-(VLOOKUP(J8,Portfolio_Overview[[#All],[ticker]:[average per coin]],3,FALSE)*AB8),"") -> 955.89981 | AF8: =IFERROR(VLOOKUP(J8,Portfolio_Overview[[#All],[ticker]:[average per coin]],3,FALSE)*8,"") -> 14.5064 | AG8: =IFERROR(AC8*AG$4,"") -> 105.43206 | AH8: =IFERROR(AC8-AG8,"") -> 316.29619 | AI8: =IFERROR(CO_entry[[#This Row],[Tokens Sold5]]*CO_entry[[#This Row],[Selling point 5]],"") -> 1529.4397 | AJ8: =IFERROR((AF8*AG8)-(VLOOKUP(J8,Portfolio_Overview[[#All],[ticker]:[average per coin]],3,FALSE)*AG8),"") -> 1338.2597 | AK8: =IFERROR(VLOOKUP(J8,Portfolio_Overview[[#All],[ticker]:[average per coin]],3,FALSE)*10,"") -> 18.133 | AL8: =IFERROR(AH8*AL$4,"") -> 110.70367 | AM8: =IFERROR(AH8-AL8,"") -> 205.59252 | AN8: =IFERROR(CO_entry[[#This Row],[Tokens Sold6]]*CO_entry[[#This Row],[Selling point 6]],"") -> 2007.3896 | AO8: =IFERROR((AK8*AL8)-(VLOOKUP(J8,Portfolio_Overview[[#All],[ticker]:[average per coin]],3,FALSE)*AL8),"") -> 1806.6506 | AP8: =IFERROR(VLOOKUP(J8,Portfolio_Overview[[#All],[ticker]:[average per coin]],3,FALSE)*12,"") -> 21.7596 | AQ8: =IFERROR(AM8*AQ$4,"") -> 102.79626 | AR8: =IFERROR(AM8-AQ8,"") -> 102.79626 | AS8: =IFERROR(CO_entry[[#This Row],[Tokens Sold7]]*CO_entry[[#This Row],[Selling point 7]],"") -> 2236.8056 | AT8: =IFERROR((AP8*AQ8)-(VLOOKUP(J8,Portfolio_Overview[[#All],[ticker]:[average per coin]],3,FALSE)*AQ8),"") -> 2050.4051 | AU8: =IFERROR(P8+U8+Z8+AE8+AJ8+AO8+AT8,"") -> 8107.8227 | AV8: =AR8 -> 102.79626 | AW8: =IFERROR(AV8*AP8,"") -> 2236.8056
A9: AnchorUST | B9: AUST | C9: 7033.39 | D9: 1.1984 | E9: 8428.8146 | F9: 1.22 | G9: 8580.7358 | H9: 0.12534151 | J9: ALGO | K9: =IFERROR(VLOOKUP(J9,price_feed[[symbol]:[current_price]],3,FALSE),"") -> 0.738475 | L9: =IFERROR(VLOOKUP(J9,Portfolio_Overview[[#All],[ticker]:[average per coin]],3,FALSE)*2,"") -> 3.404 | M9: =IFERROR(VLOOKUP(J9,Portfolio_Overview[[#All],[ticker]:[average per coin]],2,FALSE)*M$4,"") -> 39.952 | N9: =IFERROR(VLOOKUP(CO_entry[[#This Row],[ticker]],Portfolio_Overview[[#All],[ticker]:[average per coin]],2,FALSE)-CO_entry[[#This Row],[Tokens Sold]],"") -> 159.808 | O9: =IFERROR(CO_entry[[#This Row],[Tokens Sold]]*CO_entry[[#This Row],[Selling point 1]],"") -> 135.99661 | P9: =IFERROR((L9*M9)-(VLOOKUP(J9,Portfolio_Overview[[#All],[ticker]:[average per coin]],3,FALSE)*M9),"") -> 67.998304 | Q9: =IFERROR(VLOOKUP(J9,Portfolio_Overview[[#All],[ticker]:[average per coin]],3,FALSE)*3.5,"") -> 5.957 | R9: =IFERROR(N9*R$4,"") -> 31.9616 | S9: =IFERROR(N9-R9,"") -> 127.8464 | T9: =IFERROR(CO_entry[[#This Row],[Tokens Sold2]]*CO_entry[[#This Row],[Selling point 2]],"") -> 190.39525 | U9: =IFERROR((Q9*R9)-(VLOOKUP(J9,Portfolio_Overview[[#All],[ticker]:[average per coin]],3,FALSE)*R9),"") -> 135.99661 | V9: =IFERROR(VLOOKUP(J9,Portfolio_Overview[[#All],[ticker]:[average per coin]],3,FALSE)*4.5,"") -> 7.659 | W9: =IFERROR(S9*W$4,"") -> 25.56928 | X9: =IFERROR(S9-W9,"") -> 102.27712 | Y9: =IFERROR(CO_entry[[#This Row],[Tokens Sold3]]*CO_entry[[#This Row],[Selling point 3]],"") -> 195.83512 | Z9: =IFERROR((V9*W9)-(VLOOKUP(J9,Portfolio_Overview[[#All],[ticker]:[average per coin]],3,FALSE)*W9),"") -> 152.3162 | AA9: =IFERROR(VLOOKUP(J9,Portfolio_Overview[[#All],[ticker]:[average per coin]],3,FALSE)*6,"") -> 10.212 | AB9: =IFERROR(X9*AB$4,"") -> 20.455424 | AC9: =IFERROR(X9-AB9,"") -> 81.821696 | AD9: =IFERROR(CO_entry[[#This Row],[Tokens Sold4]]*CO_entry[[#This Row],[Selling point 4]],"") -> 208.89079 | AE9: =IFERROR((AA9*AB9)-(VLOOKUP(J9,Portfolio_Overview[[#All],[ticker]:[average per coin]],3,FALSE)*AB9),"") -> 174.07566 | AF9: =IFERROR(VLOOKUP(J9,Portfolio_Overview[[#All],[ticker]:[average per coin]],3,FALSE)*8,"") -> 13.616 | AG9: =IFERROR(AC9*AG$4,"") -> 20.455424 | AH9: =IFERROR(AC9-AG9,"") -> 61.366272 | AI9: =IFERROR(CO_entry[[#This Row],[Tokens Sold5]]*CO_entry[[#This Row],[Selling point 5]],"") -> 278.52105 | AJ9: =IFERROR((AF9*AG9)-(VLOOKUP(J9,Portfolio_Overview[[#All],[ticker]:[average per coin]],3,FALSE)*AG9),"") -> 243.70592 | AK9: =IFERROR(VLOOKUP(J9,Portfolio_Overview[[#All],[ticker]:[average per coin]],3,FALSE)*10,"") -> 17.02 | AL9: =IFERROR(AH9*AL$4,"") -> 21.478195 | AM9: =IFERROR(AH9-AL9,"") -> 39.888077 | AN9: =IFERROR(CO_entry[[#This Row],[Tokens Sold6]]*CO_entry[[#This Row],[Selling point 6]],"") -> 365.55888 | AO9: =IFERROR((AK9*AL9)-(VLOOKUP(J9,Portfolio_Overview[[#All],[ticker]:[average per coin]],3,FALSE)*AL9),"") -> 329.00299 | AP9: =IFERROR(VLOOKUP(J9,Portfolio_Overview[[#All],[ticker]:[average per coin]],3,FALSE)*12,"") -> 20.424 | AQ9: =IFERROR(AM9*AQ$4,"") -> 19.944038 | AR9: =IFERROR(AM9-AQ9,"") -> 19.944038 | AS9: =IFERROR(CO_entry[[#This Row],[Tokens Sold7]]*CO_entry[[#This Row],[Selling point 7]],"") -> 407.33704 | AT9: =IFERROR((AP9*AQ9)-(VLOOKUP(J9,Portfolio_Overview[[#All],[ticker]:[average per coin]],3,FALSE)*AQ9),"") -> 373.39229 | AU9: =IFERROR(P9+U9+Z9+AE9+AJ9+AO9+AT9,"") -> 1476.488 | AV9: =AR9 -> 19.944038 | AW9: =IFERROR(AV9*AP9,"") -> 407.33704
A10: Solana | B10: SOL | C10: 49 | D10: 117.1459 | E10: 5740.1491 | F10: 88.33 | G10: 4328.17 | H10: 0.063222941 | J10: ARC | K10: =IFERROR(VLOOKUP(J10,price_feed[[symbol]:[current_price]],3,FALSE),"") -> 0.04254171 | L10: =IFERROR(VLOOKUP(J10,Portfolio_Overview[[#All],[ticker]:[average per coin]],3,FALSE)*2,"") -> 0.3908 | M10: =IFERROR(VLOOKUP(J10,Portfolio_Overview[[#All],[ticker]:[average per coin]],2,FALSE)*M$4,"") -> 337.766 | N10: =IFERROR(VLOOKUP(CO_entry[[#This Row],[ticker]],Portfolio_Overview[[#All],[ticker]:[average per coin]],2,FALSE)-CO_entry[[#This Row],[Tokens Sold]],"") -> 1351.064 | O10: =IFERROR(CO_entry[[#This Row],[Tokens Sold]]*CO_entry[[#This Row],[Selling point 1]],"") -> 131.99895 | P10: =IFERROR((L10*M10)-(VLOOKUP(J10,Portfolio_Overview[[#All],[ticker]:[average per coin]],3,FALSE)*M10),"") -> 65.999476 | Q10: =IFERROR(VLOOKUP(J10,Portfolio_Overview[[#All],[ticker]:[average per coin]],3,FALSE)*3.5,"") -> 0.6839 | R10: =IFERROR(N10*R$4,"") -> 270.2128 | S10: =IFERROR(N10-R10,"") -> 1080.8512 | T10: =IFERROR(CO_entry[[#This Row],[Tokens Sold2]]*CO_entry[[#This Row],[Selling point 2]],"") -> 184.79853 | U10: =IFERROR((Q10*R10)-(VLOOKUP(J10,Portfolio_Overview[[#All],[ticker]:[average per coin]],3,FALSE)*R10),"") -> 131.99895 | V10: =IFERROR(VLOOKUP(J10,Portfolio_Overview[[#All],[ticker]:[average per coin]],3,FALSE)*4.5,"") -> 0.8793 | W10: =IFERROR(S10*W$4,"") -> 216.17024 | X10: =IFERROR(S10-W10,"") -> 864.68096 | Y10: =IFERROR(CO_entry[[#This Row],[Tokens Sold3]]*CO_entry[[#This Row],[Selling point 3]],"") -> 190.07849 | Z10: =IFERROR((V10*W10)-(VLOOKUP(J10,Portfolio_Overview[[#All],[ticker]:[average per coin]],3,FALSE)*W10),"") -> 147.83883 | AA10: =IFERROR(VLOOKUP(J10,Portfolio_Overview[[#All],[ticker]:[average per coin]],3,FALSE)*6,"") -> 1.1724 | AB10: =IFERROR(X10*AB$4,"") -> 172.93619 | AC10: =IFERROR(X10-AB10,"") -> 691.74477 | AD10: =IFERROR(CO_entry[[#This Row],[Tokens Sold4]]*CO_entry[[#This Row],[Selling point 4]],"") -> 202.75039 | AE10: =IFERROR((AA10*AB10)-(VLOOKUP(J10,Portfolio_Overview[[#All],[ticker]:[average per coin]],3,FALSE)*AB10),"") -> 168.95866 | AF10: =IFERROR(VLOOKUP(J10,Portfolio_Overview[[#All],[ticker]:[average per coin]],3,FALSE)*8,"") -> 1.5632 | AG10: =IFERROR(AC10*AG$4,"") -> 172.93619 | AH10: =IFERROR(AC10-AG10,"") -> 518.80858 | AI10: =IFERROR(CO_entry[[#This Row],[Tokens Sold5]]*CO_entry[[#This Row],[Selling point 5]],"") -> 270.33386 | AJ10: =IFERROR((AF10*AG10)-(VLOOKUP(J10,Portfolio_Overview[[#All],[ticker]:[average per coin]],3,FALSE)*AG10),"") -> 236.54212 | AK10: =IFERROR(VLOOKUP(J10,Portfolio_Overview[[#All],[ticker]:[average per coin]],3,FALSE)*10,"") -> 1.954 | AL10: =IFERROR(AH10*AL$4,"") -> 181.583 | AM10: =IFERROR(AH10-AL10,"") -> 337.22557 | AN10: =IFERROR(CO_entry[[#This Row],[Tokens Sold6]]*CO_entry[[#This Row],[Selling point 6]],"") -> 354.81319 | AO10: =IFERROR((AK10*AL10)-(VLOOKUP(J10,Portfolio_Overview[[#All],[ticker]:[average per coin]],3,FALSE)*AL10),"") -> 319.33187 | AP10: =IFERROR(VLOOKUP(J10,Portfolio_Overview[[#All],[ticker]:[average per coin]],3,FALSE)*12,"") -> 2.3448 | AQ10: =IFERROR(AM10*AQ$4,"") -> 168.61279 | AR10: =IFERROR(AM10-AQ10,"") -> 168.61279 | AS10: =IFERROR(CO_entry[[#This Row],[Tokens Sold7]]*CO_entry[[#This Row],[Selling point 7]],"") -> 395.36326 | AT10: =IFERROR((AP10*AQ10)-(VLOOKUP(J10,Portfolio_Overview[[#All],[ticker]:[average per coin]],3,FALSE)*AQ10),"") -> 362.41632 | AU10: =IFERROR(P10+U10+Z10+AE10+AJ10+AO10+AT10,"") -> 1433.0862 | AV10: =AR10 -> 168.61279 | AW10: =IFERROR(AV10*AP10,"") -> 395.36326
A11: Terra | B11: LUNA | C11: 29.04 | D11: 48.0372 | E11: 1395.0003 | F11: 90.78 | G11: 2636.2512 | H11: 0.038508551 | J11: ATLAS | K11: =IFERROR(VLOOKUP(J11,price_feed[[symbol]:[current_price]],3,FALSE),"") -> 0.02542778 | L11: =IFERROR(VLOOKUP(J11,Portfolio_Overview[[#All],[ticker]:[average per coin]],3,FALSE)*2,"") -> 0.2018 | M11: =IFERROR(VLOOKUP(J11,Portfolio_Overview[[#All],[ticker]:[average per coin]],2,FALSE)*M$4,"") -> 277.436 | N11: =IFERROR(VLOOKUP(CO_entry[[#This Row],[ticker]],Portfolio_Overview[[#All],[ticker]:[average per coin]],2,FALSE)-CO_entry[[#This Row],[Tokens Sold]],"") -> 1109.744 | O11: =IFERROR(CO_entry[[#This Row],[Tokens Sold]]*CO_entry[[#This Row],[Selling point 1]],"") -> 55.986585 | P11: =IFERROR((L11*M11)-(VLOOKUP(J11,Portfolio_Overview[[#All],[ticker]:[average per coin]],3,FALSE)*M11),"") -> 27.993292 | Q11: =IFERROR(VLOOKUP(J11,Portfolio_Overview[[#All],[ticker]:[average per coin]],3,FALSE)*3.5,"") -> 0.35315 | R11: =IFERROR(N11*R$4,"") -> 221.9488 | S11: =IFERROR(N11-R11,"") -> 887.7952 | T11: =IFERROR(CO_entry[[#This Row],[Tokens Sold2]]*CO_entry[[#This Row],[Selling point 2]],"") -> 78.381219 | U11: =IFERROR((Q11*R11)-(VLOOKUP(J11,Portfolio_Overview[[#All],[ticker]:[average per coin]],3,FALSE)*R11),"") -> 55.986585 | V11: =IFERROR(VLOOKUP(J11,Portfolio_Overview[[#All],[ticker]:[average per coin]],3,FALSE)*4.5,"") -> 0.45405 | W11: =IFERROR(S11*W$4,"") -> 177.55904 | X11: =IFERROR(S11-W11,"") -> 710.23616 | Y11: =IFERROR(CO_entry[[#This Row],[Tokens Sold3]]*CO_entry[[#This Row],[Selling point 3]],"") -> 80.620682 | Z11: =IFERROR((V11*W11)-(VLOOKUP(J11,Portfolio_Overview[[#All],[ticker]:[average per coin]],3,FALSE)*W11),"") -> 62.704975 | AA11: =IFERROR(VLOOKUP(J11,Portfolio_Overview[[#All],[ticker]:[average per coin]],3,FALSE)*6,"") -> 0.6054 | AB11: =IFERROR(X11*AB$4,"") -> 142.04723 | AC11: =IFERROR(X11-AB11,"") -> 568.18893 | AD11: =IFERROR(CO_entry[[#This Row],[Tokens Sold4]]*CO_entry[[#This Row],[Selling point 4]],"") -> 85.995394 | AE11: =IFERROR((AA11*AB11)-(VLOOKUP(J11,Portfolio_Overview[[#All],[ticker]:[average per coin]],3,FALSE)*AB11),"") -> 71.662829 | AF11: =IFERROR(VLOOKUP(J11,Portfolio_Overview[[#All],[ticker]:[average per coin]],3,FALSE)*8,"") -> 0.8072 | AG11: =IFERROR(AC11*AG$4,"") -> 142.04723 | AH11: =IFERROR(AC11-AG11,"") -> 426.1417 | AI11: =IFERROR(CO_entry[[#This Row],[Tokens Sold5]]*CO_entry[[#This Row],[Selling point 5]],"") -> 114.66053 | AJ11: =IFERROR((AF11*AG11)-(VLOOKUP(J11,Portfolio_Overview[[#All],[ticker]:[average per coin]],3,FALSE)*AG11),"") -> 100.32796 | AK11: =IFERROR(VLOOKUP(J11,Portfolio_Overview[[#All],[ticker]:[average per coin]],3,FALSE)*10,"") -> 1.009 | AL11: =IFERROR(AH11*AL$4,"") -> 149.14959 | AM11: =IFERROR(AH11-AL11,"") -> 276.9921 | AN11: =IFERROR(CO_entry[[#This Row],[Tokens Sold6]]*CO_entry[[#This Row],[Selling point 6]],"") -> 150.49194 | AO11: =IFERROR((AK11*AL11)-(VLOOKUP(J11,Portfolio_Overview[[#All],[ticker]:[average per coin]],3,FALSE)*AL11),"") -> 135.44275 | AP11: =IFERROR(VLOOKUP(J11,Portfolio_Overview[[#All],[ticker]:[average per coin]],3,FALSE)*12,"") -> 1.2108 | AQ11: =IFERROR(AM11*AQ$4,"") -> 138.49605 | AR11: =IFERROR(AM11-AQ11,"") -> 138.49605 | AS11: =IFERROR(CO_entry[[#This Row],[Tokens Sold7]]*CO_entry[[#This Row],[Selling point 7]],"") -> 167.69102 | AT11: =IFERROR((AP11*AQ11)-(VLOOKUP(J11,Portfolio_Overview[[#All],[ticker]:[average per coin]],3,FALSE)*AQ11),"") -> 153.71677 | AU11: =IFERROR(P11+U11+Z11+AE11+AJ11+AO11+AT11,"") -> 607.83515 | AV11: =AR11 -> 138.49605 | AW11: =IFERROR(AV11*AP11,"") -> 167.69102
A12: Avalanche | B12: AVAX | C12: 26.29 | D12: 75.3899 | E12: 1982.0005 | F12: 84.12 | G12: 2211.5148 | H12: 0.032304293 | J12: ATOM | K12: =IFERROR(VLOOKUP(J12,price_feed[[symbol]:[current_price]],3,FALSE),"") -> 27.81 | L12: =IFERROR(VLOOKUP(J12,Portfolio_Overview[[#All],[ticker]:[average per coin]],3,FALSE)*2,"") -> 42.1524 | M12: =IFERROR(VLOOKUP(J12,Portfolio_Overview[[#All],[ticker]:[average per coin]],2,FALSE)*M$4,"") -> 5.352 | N12: =IFERROR(VLOOKUP(CO_entry[[#This Row],[ticker]],Portfolio_Overview[[#All],[ticker]:[average per coin]],2,FALSE)-CO_entry[[#This Row],[Tokens Sold]],"") -> 21.408 | O12: =IFERROR(CO_entry[[#This Row],[Tokens Sold]]*CO_entry[[#This Row],[Selling point 1]],"") -> 225.59964 | P12: =IFERROR((L12*M12)-(VLOOKUP(J12,Portfolio_Overview[[#All],[ticker]:[average per coin]],3,FALSE)*M12),"") -> 112.79982 | Q12: =IFERROR(VLOOKUP(J12,Portfolio_Overview[[#All],[ticker]:[average per coin]],3,FALSE)*3.5,"") -> 73.7667 | R12: =IFERROR(N12*R$4,"") -> 4.2816 | S12: =IFERROR(N12-R12,"") -> 17.1264 | T12: =IFERROR(CO_entry[[#This Row],[Tokens Sold2]]*CO_entry[[#This Row],[Selling point 2]],"") -> 315.8395 | U12: =IFERROR((Q12*R12)-(VLOOKUP(J12,Portfolio_Overview[[#All],[ticker]:[average per coin]],3,FALSE)*R12),"") -> 225.59964 | V12: =IFERROR(VLOOKUP(J12,Portfolio_Overview[[#All],[ticker]:[average per coin]],3,FALSE)*4.5,"") -> 94.8429 | W12: =IFERROR(S12*W$4,"") -> 3.42528 | X12: =IFERROR(S12-W12,"") -> 13.70112 | Y12: =IFERROR(CO_entry[[#This Row],[Tokens Sold3]]*CO_entry[[#This Row],[Selling point 3]],"") -> 324.86349 | Z12: =IFERROR((V12*W12)-(VLOOKUP(J12,Portfolio_Overview[[#All],[ticker]:[average per coin]],3,FALSE)*W12),"") -> 252.6716 | AA12: =IFERROR(VLOOKUP(J12,Portfolio_Overview[[#All],[ticker]:[average per coin]],3,FALSE)*6,"") -> 126.4572 | AB12: =IFERROR(X12*AB$4,"") -> 2.740224 | AC12: =IFERROR(X12-AB12,"") -> 10.960896 | AD12: =IFERROR(CO_entry[[#This Row],[Tokens Sold4]]*CO_entry[[#This Row],[Selling point 4]],"") -> 346.52105 | AE12: =IFERROR((AA12*AB12)-(VLOOKUP(J12,Portfolio_Overview[[#All],[ticker]:[average per coin]],3,FALSE)*AB12),"") -> 288.76755 | AF12: =IFERROR(VLOOKUP(J12,Portfolio_Overview[[#All],[ticker]:[average per coin]],3,FALSE)*8,"") -> 168.6096 | AG12: =IFERROR(AC12*AG$4,"") -> 2.740224 | AH12: =IFERROR(AC12-AG12,"") -> 8.220672 | AI12: =IFERROR(CO_entry[[#This Row],[Tokens Sold5]]*CO_entry[[#This Row],[Selling point 5]],"") -> 462.02807 | AJ12: =IFERROR((AF12*AG12)-(VLOOKUP(J12,Portfolio_Overview[[#All],[ticker]:[average per coin]],3,FALSE)*AG12),"") -> 404.27456 | AK12: =IFERROR(VLOOKUP(J12,Portfolio_Overview[[#All],[ticker]:[average per coin]],3,FALSE)*10,"") -> 210.762 | AL12: =IFERROR(AH12*AL$4,"") -> 2.8772352 | AM12: =IFERROR(AH12-AL12,"") -> 5.3434368 | AN12: =IFERROR(CO_entry[[#This Row],[Tokens Sold6]]*CO_entry[[#This Row],[Selling point 6]],"") -> 606.41185 | AO12: =IFERROR((AK12*AL12)-(VLOOKUP(J12,Portfolio_Overview[[#All],[ticker]:[average per coin]],3,FALSE)*AL12),"") -> 545.77066 | AP12: =IFERROR(VLOOKUP(J12,Portfolio_Overview[[#All],[ticker]:[average per coin]],3,FALSE)*12,"") -> 252.9144 | AQ12: =IFERROR(AM12*AQ$4,"") -> 2.6717184 | AR12: =IFERROR(AM12-AQ12,"") -> 2.6717184 | AS12: =IFERROR(CO_entry[[#This Row],[Tokens Sold7]]*CO_entry[[#This Row],[Selling point 7]],"") -> 675.71606 | AT12: =IFERROR((AP12*AQ12)-(VLOOKUP(J12,Portfolio_Overview[[#All],[ticker]:[average per coin]],3,FALSE)*AQ12),"") -> 619.40638 | AU12: =IFERROR(P12+U12+Z12+AE12+AJ12+AO12+AT12,"") -> 2449.2902 | AV12: =AR12 -> 2.6717184 | AW12: =IFERROR(AV12*AP12,"") -> 675.71606
A13: Tether | B13: USDT | C13: 1212 | D13: 1 | E13: 1212 | F13: 1 | G13: 1212 | H13: 0.017704065 | J13: AUCTION | K13: =IFERROR(VLOOKUP(J13,price_feed[[symbol]:[current_price]],3,FALSE),"") -> 16.9 | L13: =IFERROR(VLOOKUP(J13,Portfolio_Overview[[#All],[ticker]:[average per coin]],3,FALSE)*2,"") -> 65.7894 | M13: =IFERROR(VLOOKUP(J13,Portfolio_Overview[[#All],[ticker]:[average per coin]],2,FALSE)*M$4,"") -> 0.456 | N13: =IFERROR(VLOOKUP(CO_entry[[#This Row],[ticker]],Portfolio_Overview[[#All],[ticker]:[average per coin]],2,FALSE)-CO_entry[[#This Row],[Tokens Sold]],"") -> 1.824 | O13: =IFERROR(CO_entry[[#This Row],[Tokens Sold]]*CO_entry[[#This Row],[Selling point 1]],"") -> 29.999966 | P13: =IFERROR((L13*M13)-(VLOOKUP(J13,Portfolio_Overview[[#All],[ticker]:[average per coin]],3,FALSE)*M13),"") -> 14.999983 | Q13: =IFERROR(VLOOKUP(J13,Portfolio_Overview[[#All],[ticker]:[average per coin]],3,FALSE)*3.5,"") -> 115.13145 | R13: =IFERROR(N13*R$4,"") -> 0.3648 | S13: =IFERROR(N13-R13,"") -> 1.4592 | T13: =IFERROR(CO_entry[[#This Row],[Tokens Sold2]]*CO_entry[[#This Row],[Selling point 2]],"") -> 41.999953 | U13: =IFERROR((Q13*R13)-(VLOOKUP(J13,Portfolio_Overview[[#All],[ticker]:[average per coin]],3,FALSE)*R13),"") -> 29.999966 | V13: =IFERROR(VLOOKUP(J13,Portfolio_Overview[[#All],[ticker]:[average per coin]],3,FALSE)*4.5,"") -> 148.02615 | W13: =IFERROR(S13*W$4,"") -> 0.29184 | X13: =IFERROR(S13-W13,"") -> 1.16736 | Y13: =IFERROR(CO_entry[[#This Row],[Tokens Sold3]]*CO_entry[[#This Row],[Selling point 3]],"") -> 43.199952 | Z13: =IFERROR((V13*W13)-(VLOOKUP(J13,Portfolio_Overview[[#All],[ticker]:[average per coin]],3,FALSE)*W13),"") -> 33.599962 | AA13: =IFERROR(VLOOKUP(J13,Portfolio_Overview[[#All],[ticker]:[average per coin]],3,FALSE)*6,"") -> 197.3682 | AB13: =IFERROR(X13*AB$4,"") -> 0.233472 | AC13: =IFERROR(X13-AB13,"") -> 0.933888 | AD13: =IFERROR(CO_entry[[#This Row],[Tokens Sold4]]*CO_entry[[#This Row],[Selling point 4]],"") -> 46.079948 | AE13: =IFERROR((AA13*AB13)-(VLOOKUP(J13,Portfolio_Overview[[#All],[ticker]:[average per coin]],3,FALSE)*AB13),"") -> 38.399957 | AF13: =IFERROR(VLOOKUP(J13,Portfolio_Overview[[#All],[ticker]:[average per coin]],3,FALSE)*8,"") -> 263.1576 | AG13: =IFERROR(AC13*AG$4,"") -> 0.233472 | AH13: =IFERROR(AC13-AG13,"") -> 0.700416 | AI13: =IFERROR(CO_entry[[#This Row],[Tokens Sold5]]*CO_entry[[#This Row],[Selling point 5]],"") -> 61.439931 | AJ13: =IFERROR((AF13*AG13)-(VLOOKUP(J13,Portfolio_Overview[[#All],[ticker]:[average per coin]],3,FALSE)*AG13),"") -> 53.75994 | AK13: =IFERROR(VLOOKUP(J13,Portfolio_Overview[[#All],[ticker]:[average per coin]],3,FALSE)*10,"") -> 328.947 | AL13: =IFERROR(AH13*AL$4,"") -> 0.2451456 | AM13: =IFERROR(AH13-AL13,"") -> 0.4552704 | AN13: =IFERROR(CO_entry[[#This Row],[Tokens Sold6]]*CO_entry[[#This Row],[Selling point 6]],"") -> 80.63991 | AO13: =IFERROR((AK13*AL13)-(VLOOKUP(J13,Portfolio_Overview[[#All],[ticker]:[average per coin]],3,FALSE)*AL13),"") -> 72.575919 | AP13: =IFERROR(VLOOKUP(J13,Portfolio_Overview[[#All],[ticker]:[average per coin]],3,FALSE)*12,"") -> 394.7364 | AQ13: =IFERROR(AM13*AQ$4,"") -> 0.2276352 | AR13: =IFERROR(AM13-AQ13,"") -> 0.2276352 | AS13: =IFERROR(CO_entry[[#This Row],[Tokens Sold7]]*CO_entry[[#This Row],[Selling point 7]],"") -> 89.855899 | AT13: =IFERROR((AP13*AQ13)-(VLOOKUP(J13,Portfolio_Overview[[#All],[ticker]:[average per coin]],3,FALSE)*AQ13),"") -> 82.367908 | AU13: =IFERROR(P13+U13+Z13+AE13+AJ13+AO13+AT13,"") -> 325.70364 | AV13: =AR13 -> 0.2276352 | AW13: =IFERROR(AV13*AP13,"") -> 89.855899
A14: Polkadot | B14: DOT | C14: 64.5977 | D14: 20.2794 | E14: 1310.0026 | F14: 18.72 | G14: 1209.2689 | H14: 0.017664171 | J14: AUST | K14: =IFERROR(VLOOKUP(J14,price_feed[[symbol]:[current_price]],3,FALSE),"") -> 1.22 | L14: =IFERROR(VLOOKUP(J14,Portfolio_Overview[[#All],[ticker]:[average per coin]],3,FALSE)*2,"") -> 2.3968 | M14: =IFERROR(VLOOKUP(J14,Portfolio_Overview[[#All],[ticker]:[average per coin]],2,FALSE)*M$4,"") -> 1406.678 | N14: =IFERROR(VLOOKUP(CO_entry[[#This Row],[ticker]],Portfolio_Overview[[#All],[ticker]:[average per coin]],2,FALSE)-CO_entry[[#This Row],[Tokens Sold]],"") -> 5626.712 | O14: =IFERROR(CO_entry[[#This Row],[Tokens Sold]]*CO_entry[[#This Row],[Selling point 1]],"") -> 3371.5258 | P14: =IFERROR((L14*M14)-(VLOOKUP(J14,Portfolio_Overview[[#All],[ticker]:[average per coin]],3,FALSE)*M14),"") -> 1685.7629 | Q14: =IFERROR(VLOOKUP(J14,Portfolio_Overview[[#All],[ticker]:[average per coin]],3,FALSE)*3.5,"") -> 4.1944 | R14: =IFERROR(N14*R$4,"") -> 1125.3424 | S14: =IFERROR(N14-R14,"") -> 4501.3696 | T14: =IFERROR(CO_entry[[#This Row],[Tokens Sold2]]*CO_entry[[#This Row],[Selling point 2]],"") -> 4720.1362 | U14: =IFERROR((Q14*R14)-(VLOOKUP(J14,Portfolio_Overview[[#All],[ticker]:[average per coin]],3,FALSE)*R14),"") -> 3371.5258 | V14: =IFERROR(VLOOKUP(J14,Portfolio_Overview[[#All],[ticker]:[average per coin]],3,FALSE)*4.5,"") -> 5.3928 | W14: =IFERROR(S14*W$4,"") -> 900.27392 | X14: =IFERROR(S14-W14,"") -> 3601.0957 | Y14: =IFERROR(CO_entry[[#This Row],[Tokens Sold3]]*CO_entry[[#This Row],[Selling point 3]],"") -> 4854.9972 | Z14: =IFERROR((V14*W14)-(VLOOKUP(J14,Portfolio_Overview[[#All],[ticker]:[average per coin]],3,FALSE)*W14),"") -> 3776.1089 | AA14: =IFERROR(VLOOKUP(J14,Portfolio_Overview[[#All],[ticker]:[average per coin]],3,FALSE)*6,"") -> 7.1904 | AB14: =IFERROR(X14*AB$4,"") -> 720.21914 | AC14: =IFERROR(X14-AB14,"") -> 2880.8765 | AD14: =IFERROR(CO_entry[[#This Row],[Tokens Sold4]]*CO_entry[[#This Row],[Selling point 4]],"") -> 5178.6637 | AE14: =IFERROR((AA14*AB14)-(VLOOKUP(J14,Portfolio_Overview[[#All],[ticker]:[average per coin]],3,FALSE)*AB14),"") -> 4315.5531 | AF14: =IFERROR(VLOOKUP(J14,Portfolio_Overview[[#All],[ticker]:[average per coin]],3,FALSE)*8,"") -> 9.5872 | AG14: =IFERROR(AC14*AG$4,"") -> 720.21914 | AH14: =IFERROR(AC14-AG14,"") -> 2160.6574 | AI14: =IFERROR(CO_entry[[#This Row],[Tokens Sold5]]*CO_entry[[#This Row],[Selling point 5]],"") -> 6904.8849 | AJ14: =IFERROR((AF14*AG14)-(VLOOKUP(J14,Portfolio_Overview[[#All],[ticker]:[average per coin]],3,FALSE)*AG14),"") -> 6041.7743 | AK14: =IFERROR(VLOOKUP(J14,Portfolio_Overview[[#All],[ticker]:[average per coin]],3,FALSE)*10,"") -> 11.984 | AL14: =IFERROR(AH14*AL$4,"") -> 756.23009 | AM14: =IFERROR(AH14-AL14,"") -> 1404.4273 | AN14: =IFERROR(CO_entry[[#This Row],[Tokens Sold6]]*CO_entry[[#This Row],[Selling point 6]],"") -> 9062.6614 | AO14: =IFERROR((AK14*AL14)-(VLOOKUP(J14,Portfolio_Overview[[#All],[ticker]:[average per coin]],3,FALSE)*AL14),"") -> 8156.3953 | AP14: =IFERROR(VLOOKUP(J14,Portfolio_Overview[[#All],[ticker]:[average per coin]],3,FALSE)*12,"") -> 14.3808 | AQ14: =IFERROR(AM14*AQ$4,"") -> 702.21366 | AR14: =IFERROR(AM14-AQ14,"") -> 702.21366 | AS14: =IFERROR(CO_entry[[#This Row],[Tokens Sold7]]*CO_entry[[#This Row],[Selling point 7]],"") -> 10098.394 | AT14: =IFERROR((AP14*AQ14)-(VLOOKUP(J14,Portfolio_Overview[[#All],[ticker]:[average per coin]],3,FALSE)*AQ14),"") -> 9256.8613 | AU14: =IFERROR(P14+U14+Z14+AE14+AJ14+AO14+AT14,"") -> 36603.982 | AV14: =AR14 -> 702.21366 | AW14: =IFERROR(AV14*AP14,"") -> 10098.394
A15: FTX Token | B15: FTT | C15: 25.16 | D15: 62.9571 | E15: 1584.0006 | F15: 44.02 | G15: 1107.5432 | H15: 0.016178232 | J15: AVAX | K15: =IFERROR(VLOOKUP(J15,price_feed[[symbol]:[current_price]],3,FALSE),"") -> 84.12 | L15: =IFERROR(VLOOKUP(J15,Portfolio_Overview[[#All],[ticker]:[average per coin]],3,FALSE)*2,"") -> 150.7798 | M15: =IFERROR(VLOOKUP(J15,Portfolio_Overview[[#All],[ticker]:[average per coin]],2,FALSE)*M$4,"") -> 5.258 | N15: =IFERROR(VLOOKUP(CO_entry[[#This Row],[ticker]],Portfolio_Overview[[#All],[ticker]:[average per coin]],2,FALSE)-CO_entry[[#This Row],[Tokens Sold]],"") -> 21.032 | O15: =IFERROR(CO_entry[[#This Row],[Tokens Sold]]*CO_entry[[#This Row],[Selling point 1]],"") -> 792.80019 | P15: =IFERROR((L15*M15)-(VLOOKUP(J15,Portfolio_Overview[[#All],[ticker]:[average per coin]],3,FALSE)*M15),"") -> 396.40009 | Q15: =IFERROR(VLOOKUP(J15,Portfolio_Overview[[#All],[ticker]:[average per coin]],3,FALSE)*3.5,"") -> 263.86465 | R15: =IFERROR(N15*R$4,"") -> 4.2064 | S15: =IFERROR(N15-R15,"") -> 16.8256 | T15: =IFERROR(CO_entry[[#This Row],[Tokens Sold2]]*CO_entry[[#This Row],[Selling point 2]],"") -> 1109.9203 | U15: =IFERROR((Q15*R15)-(VLOOKUP(J15,Portfolio_Overview[[#All],[ticker]:[average per coin]],3,FALSE)*R15),"") -> 792.80019 | V15: =IFERROR(VLOOKUP(J15,Portfolio_Overview[[#All],[ticker]:[average per coin]],3,FALSE)*4.5,"") -> 339.25455 | W15: =IFERROR(S15*W$4,"") -> 3.36512 | X15: =IFERROR(S15-W15,"") -> 13.46048 | Y15: =IFERROR(CO_entry[[#This Row],[Tokens Sold3]]*CO_entry[[#This Row],[Selling point 3]],"") -> 1141.6323 | Z15: =IFERROR((V15*W15)-(VLOOKUP(J15,Portfolio_Overview[[#All],[ticker]:[average per coin]],3,FALSE)*W15),"") -> 887.93621 | AA15: =IFERROR(VLOOKUP(J15,Portfolio_Overview[[#All],[ticker]:[average per coin]],3,FALSE)*6,"") -> 452.3394 | AB15: =IFERROR(X15*AB$4,"") -> 2.692096 | AC15: =IFERROR(X15-AB15,"") -> 10.768384 | AD15: =IFERROR(CO_entry[[#This Row],[Tokens Sold4]]*CO_entry[[#This Row],[Selling point 4]],"") -> 1217.7411 | AE15: =IFERROR((AA15*AB15)-(VLOOKUP(J15,Portfolio_Overview[[#All],[ticker]:[average per coin]],3,FALSE)*AB15),"") -> 1014.7842 | AF15: =IFERROR(VLOOKUP(J15,Portfolio_Overview[[#All],[ticker]:[average per coin]],3,FALSE)*8,"") -> 603.1192 | AG15: =IFERROR(AC15*AG$4,"") -> 2.692096 | AH15: =IFERROR(AC15-AG15,"") -> 8.076288 | AI15: =IFERROR(CO_entry[[#This Row],[Tokens Sold5]]*CO_entry[[#This Row],[Selling point 5]],"") -> 1623.6548 | AJ15: =IFERROR((AF15*AG15)-(VLOOKUP(J15,Portfolio_Overview[[#All],[ticker]:[average per coin]],3,FALSE)*AG15),"") -> 1420.6979 | AK15: =IFERROR(VLOOKUP(J15,Portfolio_Overview[[#All],[ticker]:[average per coin]],3,FALSE)*10,"") -> 753.899 | AL15: =IFERROR(AH15*AL$4,"") -> 2.8267008 | AM15: =IFERROR(AH15-AL15,"") -> 5.2495872 | AN15: =IFERROR(CO_entry[[#This Row],[Tokens Sold6]]*CO_entry[[#This Row],[Selling point 6]],"") -> 2131.0469 | AO15: =IFERROR((AK15*AL15)-(VLOOKUP(J15,Portfolio_Overview[[#All],[ticker]:[average per coin]],3,FALSE)*AL15),"") -> 1917.9422 | AP15: =IFERROR(VLOOKUP(J15,Portfolio_Overview[[#All],[ticker]:[average per coin]],3,FALSE)*12,"") -> 904.6788 | AQ15: =IFERROR(AM15*AQ$4,"") -> 2.6247936 | AR15: =IFERROR(AM15-AQ15,"") -> 2.6247936 | AS15: =IFERROR(CO_entry[[#This Row],[Tokens Sold7]]*CO_entry[[#This Row],[Selling point 7]],"") -> 2374.5951 | AT15: =IFERROR((AP15*AQ15)-(VLOOKUP(J15,Portfolio_Overview[[#All],[ticker]:[average per coin]],3,FALSE)*AQ15),"") -> 2176.7122 | AU15: =IFERROR(P15+U15+Z15+AE15+AJ15+AO15+AT15,"") -> 8607.2731 | AV15: =AR15 -> 2.6247936 | AW15: =IFERROR(AV15*AP15,"") -> 2374.5951
A16: Cardano | B16: ADA | C16: 1029.61 | D16: 1.8133 | E16: 1866.9918 | F16: 0.8789 | G16: 904.9242 | H16: 0.013218513 | J16: BNB | K16: =IFERROR(VLOOKUP(J16,price_feed[[symbol]:[current_price]],3,FALSE),"") -> 389.89 | L16: =IFERROR(VLOOKUP(J16,Portfolio_Overview[[#All],[ticker]:[average per coin]],3,FALSE)*2,"") -> 923.5956 | M16: =IFERROR(VLOOKUP(J16,Portfolio_Overview[[#All],[ticker]:[average per coin]],2,FALSE)*M$4,"") -> 0.178 | N16: =IFERROR(VLOOKUP(CO_entry[[#This Row],[ticker]],Portfolio_Overview[[#All],[ticker]:[average per coin]],2,FALSE)-CO_entry[[#This Row],[Tokens Sold]],"") -> 0.712 | O16: =IFERROR(CO_entry[[#This Row],[Tokens Sold]]*CO_entry[[#This Row],[Selling point 1]],"") -> 164.40002 | P16: =IFERROR((L16*M16)-(VLOOKUP(J16,Portfolio_Overview[[#All],[ticker]:[average per coin]],3,FALSE)*M16),"") -> 82.200008 | Q16: =IFERROR(VLOOKUP(J16,Portfolio_Overview[[#All],[ticker]:[average per coin]],3,FALSE)*3.5,"") -> 1616.2923 | R16: =IFERROR(N16*R$4,"") -> 0.1424 | S16: =IFERROR(N16-R16,"") -> 0.5696 | T16: =IFERROR(CO_entry[[#This Row],[Tokens Sold2]]*CO_entry[[#This Row],[Selling point 2]],"") -> 230.16002 | U16: =IFERROR((Q16*R16)-(VLOOKUP(J16,Portfolio_Overview[[#All],[ticker]:[average per coin]],3,FALSE)*R16),"") -> 164.40002 | V16: =IFERROR(VLOOKUP(J16,Portfolio_Overview[[#All],[ticker]:[average per coin]],3,FALSE)*4.5,"") -> 2078.0901 | W16: =IFERROR(S16*W$4,"") -> 0.11392 | X16: =IFERROR(S16-W16,"") -> 0.45568 | Y16: =IFERROR(CO_entry[[#This Row],[Tokens Sold3]]*CO_entry[[#This Row],[Selling point 3]],"") -> 236.73602 | Z16: =IFERROR((V16*W16)-(VLOOKUP(J16,Portfolio_Overview[[#All],[ticker]:[average per coin]],3,FALSE)*W16),"") -> 184.12802 | AA16: =IFERROR(VLOOKUP(J16,Portfolio_Overview[[#All],[ticker]:[average per coin]],3,FALSE)*6,"") -> 2770.7868 | AB16: =IFERROR(X16*AB$4,"") -> 0.091136 | AC16: =IFERROR(X16-AB16,"") -> 0.364544 | AD16: =IFERROR(CO_entry[[#This Row],[Tokens Sold4]]*CO_entry[[#This Row],[Selling point 4]],"") -> 252.51843 | AE16: =IFERROR((AA16*AB16)-(VLOOKUP(J16,Portfolio_Overview[[#All],[ticker]:[average per coin]],3,FALSE)*AB16),"") -> 210.43202 | AF16: =IFERROR(VLOOKUP(J16,Portfolio_Overview[[#All],[ticker]:[average per coin]],3,FALSE)*8,"") -> 3694.3824 | AG16: =IFERROR(AC16*AG$4,"") -> 0.091136 | AH16: =IFERROR(AC16-AG16,"") -> 0.273408 | AI16: =IFERROR(CO_entry[[#This Row],[Tokens Sold5]]*CO_entry[[#This Row],[Selling point 5]],"") -> 336.69123 | AJ16: =IFERROR((AF16*AG16)-(VLOOKUP(J16,Portfolio_Overview[[#All],[ticker]:[average per coin]],3,FALSE)*AG16),"") -> 294.60483 | AK16: =IFERROR(VLOOKUP(J16,Portfolio_Overview[[#All],[ticker]:[average per coin]],3,FALSE)*10,"") -> 4617.978 | AL16: =IFERROR(AH16*AL$4,"") -> 0.0956928 | AM16: =IFERROR(AH16-AL16,"") -> 0.1777152 | AN16: =IFERROR(CO_entry[[#This Row],[Tokens Sold6]]*CO_entry[[#This Row],[Selling point 6]],"") -> 441.90725 | AO16: =IFERROR((AK16*AL16)-(VLOOKUP(J16,Portfolio_Overview[[#All],[ticker]:[average per coin]],3,FALSE)*AL16),"") -> 397.71652 | AP16: =IFERROR(VLOOKUP(J16,Portfolio_Overview[[#All],[ticker]:[average per coin]],3,FALSE)*12,"") -> 5541.5736 | AQ16: =IFERROR(AM16*AQ$4,"") -> 0.0888576 | AR16: =IFERROR(AM16-AQ16,"") -> 0.0888576 | AS16: =IFERROR(CO_entry[[#This Row],[Tokens Sold7]]*CO_entry[[#This Row],[Selling point 7]],"") -> 492.41093 | AT16: =IFERROR((AP16*AQ16)-(VLOOKUP(J16,Portfolio_Overview[[#All],[ticker]:[average per coin]],3,FALSE)*AQ16),"") -> 451.37669 | AU16: =IFERROR(P16+U16+Z16+AE16+AJ16+AO16+AT16,"") -> 1784.8581 | AV16: =AR16 -> 0.0888576 | AW16: =IFERROR(AV16*AP16,"") -> 492.41093
A17: Cosmos Hub | B17: ATOM | C17: 26.76 | D17: 21.0762 | E17: 563.9991 | F17: 27.81 | G17: 744.1956 | H17: 0.010870699 | J17: BPRO | K17: =IFERROR(VLOOKUP(J17,price_feed[[symbol]:[current_price]],3,FALSE),"") -> 3.97 | L17: =IFERROR(VLOOKUP(J17,Portfolio_Overview[[#All],[ticker]:[average per coin]],3,FALSE)*2,"") -> 14.5494 | M17: =IFERROR(VLOOKUP(J17,Portfolio_Overview[[#All],[ticker]:[average per coin]],2,FALSE)*M$4,"") -> 9.1 | N17: =IFERROR(VLOOKUP(CO_entry[[#This Row],[ticker]],Portfolio_Overview[[#All],[ticker]:[average per coin]],2,FALSE)-CO_entry[[#This Row],[Tokens Sold]],"") -> 36.4 | O17: =IFERROR(CO_entry[[#This Row],[Tokens Sold]]*CO_entry[[#This Row],[Selling point 1]],"") -> 132.39954 | P17: =IFERROR((L17*M17)-(VLOOKUP(J17,Portfolio_Overview[[#All],[ticker]:[average per coin]],3,FALSE)*M17),"") -> 66.19977 | Q17: =IFERROR(VLOOKUP(J17,Portfolio_Overview[[#All],[ticker]:[average per coin]],3,FALSE)*3.5,"") -> 25.46145 | R17: =IFERROR(N17*R$4,"") -> 7.28 | S17: =IFERROR(N17-R17,"") -> 29.12 | T17: =IFERROR(CO_entry[[#This Row],[Tokens Sold2]]*CO_entry[[#This Row],[Selling point 2]],"") -> 185.35936 | U17: =IFERROR((Q17*R17)-(VLOOKUP(J17,Portfolio_Overview[[#All],[ticker]:[average per coin]],3,FALSE)*R17),"") -> 132.39954 | V17: =IFERROR(VLOOKUP(J17,Portfolio_Overview[[#All],[ticker]:[average per coin]],3,FALSE)*4.5,"") -> 32.73615 | W17: =IFERROR(S17*W$4,"") -> 5.824 | X17: =IFERROR(S17-W17,"") -> 23.296 | Y17: =IFERROR(CO_entry[[#This Row],[Tokens Sold3]]*CO_entry[[#This Row],[Selling point 3]],"") -> 190.65534 | Z17: =IFERROR((V17*W17)-(VLOOKUP(J17,Portfolio_Overview[[#All],[ticker]:[average per coin]],3,FALSE)*W17),"") -> 148.28748 | AA17: =IFERROR(VLOOKUP(J17,Portfolio_Overview[[#All],[ticker]:[average per coin]],3,FALSE)*6,"") -> 43.6482 | AB17: =IFERROR(X17*AB$4,"") -> 4.6592 | AC17: =IFERROR(X17-AB17,"") -> 18.6368 | AD17: =IFERROR(CO_entry[[#This Row],[Tokens Sold4]]*CO_entry[[#This Row],[Selling point 4]],"") -> 203.36569 | AE17: =IFERROR((AA17*AB17)-(VLOOKUP(J17,Portfolio_Overview[[#All],[ticker]:[average per coin]],3,FALSE)*AB17),"") -> 169.47141 | AF17: =IFERROR(VLOOKUP(J17,Portfolio_Overview[[#All],[ticker]:[average per coin]],3,FALSE)*8,"") -> 58.1976 | AG17: =IFERROR(AC17*AG$4,"") -> 4.6592 | AH17: =IFERROR(AC17-AG17,"") -> 13.9776 | AI17: =IFERROR(CO_entry[[#This Row],[Tokens Sold5]]*CO_entry[[#This Row],[Selling point 5]],"") -> 271.15426 | AJ17: =IFERROR((AF17*AG17)-(VLOOKUP(J17,Portfolio_Overview[[#All],[ticker]:[average per coin]],3,FALSE)*AG17),"") -> 237.25998 | AK17: =IFERROR(VLOOKUP(J17,Portfolio_Overview[[#All],[ticker]:[average per coin]],3,FALSE)*10,"") -> 72.747 | AL17: =IFERROR(AH17*AL$4,"") -> 4.89216 | AM17: =IFERROR(AH17-AL17,"") -> 9.08544 | AN17: =IFERROR(CO_entry[[#This Row],[Tokens Sold6]]*CO_entry[[#This Row],[Selling point 6]],"") -> 355.88996 | AO17: =IFERROR((AK17*AL17)-(VLOOKUP(J17,Portfolio_Overview[[#All],[ticker]:[average per coin]],3,FALSE)*AL17),"") -> 320.30097 | AP17: =IFERROR(VLOOKUP(J17,Portfolio_Overview[[#All],[ticker]:[average per coin]],3,FALSE)*12,"") -> 87.2964 | AQ17: =IFERROR(AM17*AQ$4,"") -> 4.54272 | AR17: =IFERROR(AM17-AQ17,"") -> 4.54272 | AS17: =IFERROR(CO_entry[[#This Row],[Tokens Sold7]]*CO_entry[[#This Row],[Selling point 7]],"") -> 396.5631 | AT17: =IFERROR((AP17*AQ17)-(VLOOKUP(J17,Portfolio_Overview[[#All],[ticker]:[average per coin]],3,FALSE)*AQ17),"") -> 363.51618 | AU17: =IFERROR(P17+U17+Z17+AE17+AJ17+AO17+AT17,"") -> 1437.4353 | AV17: =AR17 -> 4.54272 | AW17: =IFERROR(AV17*AP17,"") -> 396.5631
A18: Render Token | B18: RNDR | C18: 254.51 | D18: 3.0411 | E18: 773.9904 | F18: 2.6 | G18: 661.726 | H18: 0.0096660399 | J18: BTC | K18: =IFERROR(VLOOKUP(J18,price_feed[[symbol]:[current_price]],3,FALSE),"") -> 41302 | L18: =IFERROR(VLOOKUP(J18,Portfolio_Overview[[#All],[ticker]:[average per coin]],3,FALSE)*2,"") -> 94765.435 | M18: =IFERROR(VLOOKUP(J18,Portfolio_Overview[[#All],[ticker]:[average per coin]],2,FALSE)*M$4,"") -> 0.097178892 | N18: =IFERROR(VLOOKUP(CO_entry[[#This Row],[ticker]],Portfolio_Overview[[#All],[ticker]:[average per coin]],2,FALSE)-CO_entry[[#This Row],[Tokens Sold]],"") -> 0.38871557 | O18: =IFERROR(CO_entry[[#This Row],[Tokens Sold]]*CO_entry[[#This Row],[Selling point 1]],"") -> 9209.2 | P18: =IFERROR((L18*M18)-(VLOOKUP(J18,Portfolio_Overview[[#All],[ticker]:[average per coin]],3,FALSE)*M18),"") -> 4604.6 | Q18: =IFERROR(VLOOKUP(J18,Portfolio_Overview[[#All],[ticker]:[average per coin]],3,FALSE)*3.5,"") -> 165839.51 | R18: =IFERROR(N18*R$4,"") -> 0.077743114 | S18: =IFERROR(N18-R18,"") -> 0.31097245 | T18: =IFERROR(CO_entry[[#This Row],[Tokens Sold2]]*CO_entry[[#This Row],[Selling point 2]],"") -> 12892.88 | U18: =IFERROR((Q18*R18)-(VLOOKUP(J18,Portfolio_Overview[[#All],[ticker]:[average per coin]],3,FALSE)*R18),"") -> 9209.2 | V18: =IFERROR(VLOOKUP(J18,Portfolio_Overview[[#All],[ticker]:[average per coin]],3,FALSE)*4.5,"") -> 213222.23 | W18: =IFERROR(S18*W$4,"") -> 0.062194491 | X18: =IFERROR(S18-W18,"") -> 0.24877796 | Y18: =IFERROR(CO_entry[[#This Row],[Tokens Sold3]]*CO_entry[[#This Row],[Selling point 3]],"") -> 13261.248 | Z18: =IFERROR((V18*W18)-(VLOOKUP(J18,Portfolio_Overview[[#All],[ticker]:[average per coin]],3,FALSE)*W18),"") -> 10314.304 | AA18: =IFERROR(VLOOKUP(J18,Portfolio_Overview[[#All],[ticker]:[average per coin]],3,FALSE)*6,"") -> 284296.31 | AB18: =IFERROR(X18*AB$4,"") -> 0.049755593 | AC18: =IFERROR(X18-AB18,"") -> 0.19902237 | AD18: =IFERROR(CO_entry[[#This Row],[Tokens Sold4]]*CO_entry[[#This Row],[Selling point 4]],"") -> 14145.331 | AE18: =IFERROR((AA18*AB18)-(VLOOKUP(J18,Portfolio_Overview[[#All],[ticker]:[average per coin]],3,FALSE)*AB18),"") -> 11787.776 | AF18: =IFERROR(VLOOKUP(J18,Portfolio_Overview[[#All],[ticker]:[average per coin]],3,FALSE)*8,"") -> 379061.74 | AG18: =IFERROR(AC18*AG$4,"") -> 0.049755593 | AH18: =IFERROR(AC18-AG18,"") -> 0.14926678 | AI18: =IFERROR(CO_entry[[#This Row],[Tokens Sold5]]*CO_entry[[#This Row],[Selling point 5]],"") -> 18860.442 | AJ18: =IFERROR((AF18*AG18)-(VLOOKUP(J18,Portfolio_Overview[[#All],[ticker]:[average per coin]],3,FALSE)*AG18),"") -> 16502.886 | AK18: =IFERROR(VLOOKUP(J18,Portfolio_Overview[[#All],[ticker]:[average per coin]],3,FALSE)*10,"") -> 473827.18 | AL18: =IFERROR(AH18*AL$4,"") -> 0.052243372 | AM18: =IFERROR(AH18-AL18,"") -> 0.097023406 | AN18: =IFERROR(CO_entry[[#This Row],[Tokens Sold6]]*CO_entry[[#This Row],[Selling point 6]],"") -> 24754.33 | AO18: =IFERROR((AK18*AL18)-(VLOOKUP(J18,Portfolio_Overview[[#All],[ticker]:[average per coin]],3,FALSE)*AL18),"") -> 22278.897 | AP18: =IFERROR(VLOOKUP(J18,Portfolio_Overview[[#All],[ticker]:[average per coin]],3,FALSE)*12,"") -> 568592.61 | AQ18: =IFERROR(AM18*AQ$4,"") -> 0.048511703 | AR18: =IFERROR(AM18-AQ18,"") -> 0.048511703 | AS18: =IFERROR(CO_entry[[#This Row],[Tokens Sold7]]*CO_entry[[#This Row],[Selling point 7]],"") -> 27583.396 | AT18: =IFERROR((AP18*AQ18)-(VLOOKUP(J18,Portfolio_Overview[[#All],[ticker]:[average per coin]],3,FALSE)*AQ18),"") -> 25284.779 | AU18: =IFERROR(P18+U18+Z18+AE18+AJ18+AO18+AT18,"") -> 99982.442 | AV18: =AR18 -> 0.048511703 | AW18: =IFERROR(AV18*AP18,"") -> 27583.396
... A22: Ethereum Name Service | B22: ENS | C22: 19.1 | D22: 36.911 | E22: 705.0001 | F22: 15.93 | G22: 304.263 | H22: 0.0044444654 | J22: CREAM | K22: =IFERROR(VLOOKUP(J22,price_feed[[symbol]:[current_price]],3,FALSE),"") -> 45.64 | L22: =IFERROR(VLOOKUP(J22,Portfolio_Overview[[#All],[ticker]:[average per coin]],3,FALSE)*2,"") -> 112.0448 | M22: =IFERROR(VLOOKUP(J22,Portfolio_Overview[[#All],[ticker]:[average per coin]],2,FALSE)*M$4,"") -> 0.714 | N22: =IFERROR(VLOOKUP(CO_entry[[#This Row],[ticker]],Portfolio_Overview[[#All],[ticker]:[average per coin]],2,FALSE)-CO_entry[[#This Row],[Tokens Sold]],"") -> 2.856 | O22: =IFERROR(CO_entry[[#This Row],[Tokens Sold]]*CO_entry[[#This Row],[Selling point 1]],"") -> 79.999987 | P22: =IFERROR((L22*M22)-(VLOOKUP(J22,Portfolio_Overview[[#All],[ticker]:[average per coin]],3,FALSE)*M22),"") -> 39.999994 | Q22: =IFERROR(VLOOKUP(J22,Portfolio_Overview[[#All],[ticker]:[average per coin]],3,FALSE)*3.5,"") -> 196.0784 | R22: =IFERROR(N22*R$4,"") -> 0.5712 | S22: =IFERROR(N22-R22,"") -> 2.2848 | T22: =IFERROR(CO_entry[[#This Row],[Tokens Sold2]]*CO_entry[[#This Row],[Selling point 2]],"") -> 111.99998 | U22: =IFERROR((Q22*R22)-(VLOOKUP(J22,Portfolio_Overview[[#All],[ticker]:[average per coin]],3,FALSE)*R22),"") -> 79.999987 | V22: =IFERROR(VLOOKUP(J22,Portfolio_Overview[[#All],[ticker]:[average per coin]],3,FALSE)*4.5,"") -> 252.1008 | W22: =IFERROR(S22*W$4,"") -> 0.45696 | X22: =IFERROR(S22-W22,"") -> 1.82784 | Y22: =IFERROR(CO_entry[[#This Row],[Tokens Sold3]]*CO_entry[[#This Row],[Selling point 3]],"") -> 115.19998 | Z22: =IFERROR((V22*W22)-(VLOOKUP(J22,Portfolio_Overview[[#All],[ticker]:[average per coin]],3,FALSE)*W22),"") -> 89.599986 | AA22: =IFERROR(VLOOKUP(J22,Portfolio_Overview[[#All],[ticker]:[average per coin]],3,FALSE)*6,"") -> 336.1344 | AB22: =IFERROR(X22*AB$4,"") -> 0.365568 | AC22: =IFERROR(X22-AB22,"") -> 1.462272 | AD22: =IFERROR(CO_entry[[#This Row],[Tokens Sold4]]*CO_entry[[#This Row],[Selling point 4]],"") -> 122.87998 | AE22: =IFERROR((AA22*AB22)-(VLOOKUP(J22,Portfolio_Overview[[#All],[ticker]:[average per coin]],3,FALSE)*AB22),"") -> 102.39998 | AF22: =IFERROR(VLOOKUP(J22,Portfolio_Overview[[#All],[ticker]:[average per coin]],3,FALSE)*8,"") -> 448.1792 | AG22: =IFERROR(AC22*AG$4,"") -> 0.365568 | AH22: =IFERROR(AC22-AG22,"") -> 1.096704 | AI22: =IFERROR(CO_entry[[#This Row],[Tokens Sold5]]*CO_entry[[#This Row],[Selling point 5]],"") -> 163.83997 | AJ22: =IFERROR((AF22*AG22)-(VLOOKUP(J22,Portfolio_Overview[[#All],[ticker]:[average per coin]],3,FALSE)*AG22),"") -> 143.35998 | AK22: =IFERROR(VLOOKUP(J22,Portfolio_Overview[[#All],[ticker]:[average per coin]],3,FALSE)*10,"") -> 560.224 | AL22: =IFERROR(AH22*AL$4,"") -> 0.3838464 | AM22: =IFERROR(AH22-AL22,"") -> 0.7128576 | AN22: =IFERROR(CO_entry[[#This Row],[Tokens Sold6]]*CO_entry[[#This Row],[Selling point 6]],"") -> 215.03997 | AO22: =IFERROR((AK22*AL22)-(VLOOKUP(J22,Portfolio_Overview[[#All],[ticker]:[average per coin]],3,FALSE)*AL22),"") -> 193.53597 | AP22: =IFERROR(VLOOKUP(J22,Portfolio_Overview[[#All],[ticker]:[average per coin]],3,FALSE)*12,"") -> 672.2688 | AQ22: =IFERROR(AM22*AQ$4,"") -> 0.3564288 | AR22: =IFERROR(AM22-AQ22,"") -> 0.3564288 | AS22: =IFERROR(CO_entry[[#This Row],[Tokens Sold7]]*CO_entry[[#This Row],[Selling point 7]],"") -> 239.61596 | AT22: =IFERROR((AP22*AQ22)-(VLOOKUP(J22,Portfolio_Overview[[#All],[ticker]:[average per coin]],3,FALSE)*AQ22),"") -> 219.64796 | AU22: =IFERROR(P22+U22+Z22+AE22+AJ22+AO22+AT22,"") -> 868.54386 | AV22: =AR22 -> 0.3564288 | AW22: =IFERROR(AV22*AP22,"") -> 239.61596
A23: Near | B23: NEAR | C23: 27.43 | D23: 14.1816 | E23: 389.0013 | F23: 10.6 | G23: 290.758 | H23: 0.0042471936 | J23: CRO | K23: =IFERROR(VLOOKUP(J23,price_feed[[symbol]:[current_price]],3,FALSE),"") -> 0.40515 | L23: =IFERROR(VLOOKUP(J23,Portfolio_Overview[[#All],[ticker]:[average per coin]],3,FALSE)*3,"") -> 0.4341 | M23: =IFERROR(VLOOKUP(J23,Portfolio_Overview[[#All],[ticker]:[average per coin]],2,FALSE)*M$4,"") -> 153.418 | N23: =IFERROR(VLOOKUP(CO_entry[[#This Row],[ticker]],Portfolio_Overview[[#All],[ticker]:[average per coin]],2,FALSE)-CO_entry[[#This Row],[Tokens Sold]],"") -> 613.672 | O23: =IFERROR(CO_entry[[#This Row],[Tokens Sold]]*CO_entry[[#This Row],[Selling point 1]],"") -> 66.598754 | P23: =IFERROR((L23*M23)-(VLOOKUP(J23,Portfolio_Overview[[#All],[ticker]:[average per coin]],3,FALSE)*M23),"") -> 44.399169 | Q23: =IFERROR(VLOOKUP(J23,Portfolio_Overview[[#All],[ticker]:[average per coin]],3,FALSE)*5,"") -> 0.7235 | R23: =IFERROR(N23*R$4,"") -> 122.7344 | S23: =IFERROR(N23-R23,"") -> 490.9376 | T23: =IFERROR(CO_entry[[#This Row],[Tokens Sold2]]*CO_entry[[#This Row],[Selling point 2]],"") -> 88.798338 | U23: =IFERROR((Q23*R23)-(VLOOKUP(J23,Portfolio_Overview[[#All],[ticker]:[average per coin]],3,FALSE)*R23),"") -> 71.038671 | V23: =IFERROR(VLOOKUP(J23,Portfolio_Overview[[#All],[ticker]:[average per coin]],3,FALSE)*7,"") -> 1.0129 | W23: =IFERROR(S23*W$4,"") -> 98.18752 | X23: =IFERROR(S23-W23,"") -> 392.75008 | Y23: =IFERROR(CO_entry[[#This Row],[Tokens Sold3]]*CO_entry[[#This Row],[Selling point 3]],"") -> 99.454139 | Z23: =IFERROR((V23*W23)-(VLOOKUP(J23,Portfolio_Overview[[#All],[ticker]:[average per coin]],3,FALSE)*W23),"") -> 85.246405 | AA23: =IFERROR(VLOOKUP(J23,Portfolio_Overview[[#All],[ticker]:[average per coin]],3,FALSE)*8,"") -> 1.1576 | AB23: =IFERROR(X23*AB$4,"") -> 78.550016 | AC23: =IFERROR(X23-AB23,"") -> 314.20006 | AD23: =IFERROR(CO_entry[[#This Row],[Tokens Sold4]]*CO_entry[[#This Row],[Selling point 4]],"") -> 90.929499 | AE23: =IFERROR((AA23*AB23)-(VLOOKUP(J23,Portfolio_Overview[[#All],[ticker]:[average per coin]],3,FALSE)*AB23),"") -> 79.563311 | AF23: =IFERROR(VLOOKUP(J23,Portfolio_Overview[[#All],[ticker]:[average per coin]],3,FALSE)*9,"") -> 1.3023 | AG23: =IFERROR(AC23*AG$4,"") -> 78.550016 | AH23: =IFERROR(AC23-AG23,"") -> 235.65005 | AI23: =IFERROR(CO_entry[[#This Row],[Tokens Sold5]]*CO_entry[[#This Row],[Selling point 5]],"") -> 102.29569 | AJ23: =IFERROR((AF23*AG23)-(VLOOKUP(J23,Portfolio_Overview[[#All],[ticker]:[average per coin]],3,FALSE)*AG23),"") -> 90.929499 | AK23: =IFERROR(VLOOKUP(J23,Portfolio_Overview[[#All],[ticker]:[average per coin]],3,FALSE)*10,"") -> 1.447 | AL23: =IFERROR(AH23*AL$4,"") -> 82.477517 | AM23: =IFERROR(AH23-AL23,"") -> 153.17253 | AN23: =IFERROR(CO_entry[[#This Row],[Tokens Sold6]]*CO_entry[[#This Row],[Selling point 6]],"") -> 119.34497 | AO23: =IFERROR((AK23*AL23)-(VLOOKUP(J23,Portfolio_Overview[[#All],[ticker]:[average per coin]],3,FALSE)*AL23),"") -> 107.41047 | AP23: =IFERROR(VLOOKUP(J23,Portfolio_Overview[[#All],[ticker]:[average per coin]],3,FALSE)*12,"") -> 1.7364 | AQ23: =IFERROR(AM23*AQ$4,"") -> 76.586266 | AR23: =IFERROR(AM23-AQ23,"") -> 76.586266 | AS23: =IFERROR(CO_entry[[#This Row],[Tokens Sold7]]*CO_entry[[#This Row],[Selling point 7]],"") -> 132.98439 | AT23: =IFERROR((AP23*AQ23)-(VLOOKUP(J23,Portfolio_Overview[[#All],[ticker]:[average per coin]],3,FALSE)*AQ23),"") -> 121.90236 | AU23: =IFERROR(P23+U23+Z23+AE23+AJ23+AO23+AT23,"") -> 600.48988 | AV23: =AR23 -> 76.586266 | AW23: =IFERROR(AV23*AP23,"") -> 132.98439
A24: Chainlink | B24: LINK | C24: 18.92 | D24: 28.0655 | E24: 530.9993 | F24: 14.5 | G24: 274.34 | H24: 0.0040073707 | J24: DOT | K24: =IFERROR(VLOOKUP(J24,price_feed[[symbol]:[current_price]],3,FALSE),"") -> 18.72 | L24: =IFERROR(VLOOKUP(J24,Portfolio_Overview[[#All],[ticker]:[average per coin]],3,FALSE)*2,"") -> 40.5588 | M24: =IFERROR(VLOOKUP(J24,Portfolio_Overview[[#All],[ticker]:[average per coin]],2,FALSE)*M$4,"") -> 12.91954 | N24: =IFERROR(VLOOKUP(CO_entry[[#This Row],[ticker]],Portfolio_Overview[[#All],[ticker]:[average per coin]],2,FALSE)-CO_entry[[#This Row],[Tokens Sold]],"") -> 51.67816 | O24: =IFERROR(CO_entry[[#This Row],[Tokens Sold]]*CO_entry[[#This Row],[Selling point 1]],"") -> 524.00104 | P24: =IFERROR((L24*M24)-(VLOOKUP(J24,Portfolio_Overview[[#All],[ticker]:[average per coin]],3,FALSE)*M24),"") -> 262.00052 | Q24: =IFERROR(VLOOKUP(J24,Portfolio_Overview[[#All],[ticker]:[average per coin]],3,FALSE)*3.5,"") -> 70.9779 | R24: =IFERROR(N24*R$4,"") -> 10.335632 | S24: =IFERROR(N24-R24,"") -> 41.342528 | T24: =IFERROR(CO_entry[[#This Row],[Tokens Sold2]]*CO_entry[[#This Row],[Selling point 2]],"") -> 733.60145 | U24: =IFERROR((Q24*R24)-(VLOOKUP(J24,Portfolio_Overview[[#All],[ticker]:[average per coin]],3,FALSE)*R24),"") -> 524.00104 | V24: =IFERROR(VLOOKUP(J24,Portfolio_Overview[[#All],[ticker]:[average per coin]],3,FALSE)*4.5,"") -> 91.2573 | W24: =IFERROR(S24*W$4,"") -> 8.2685056 | X24: =IFERROR(S24-W24,"") -> 33.074022 | Y24: =IFERROR(CO_entry[[#This Row],[Tokens Sold3]]*CO_entry[[#This Row],[Selling point 3]],"") -> 754.5615 | Z24: =IFERROR((V24*W24)-(VLOOKUP(J24,Portfolio_Overview[[#All],[ticker]:[average per coin]],3,FALSE)*W24),"") -> 586.88116 | AA24: =IFERROR(VLOOKUP(J24,Portfolio_Overview[[#All],[ticker]:[average per coin]],3,FALSE)*6,"") -> 121.6764 | AB24: =IFERROR(X24*AB$4,"") -> 6.6148045 | AC24: =IFERROR(X24-AB24,"") -> 26.459218 | AD24: =IFERROR(CO_entry[[#This Row],[Tokens Sold4]]*CO_entry[[#This Row],[Selling point 4]],"") -> 804.8656 | AE24: =IFERROR((AA24*AB24)-(VLOOKUP(J24,Portfolio_Overview[[#All],[ticker]:[average per coin]],3,FALSE)*AB24),"") -> 670.72133 | AF24: =IFERROR(VLOOKUP(J24,Portfolio_Overview[[#All],[ticker]:[average per coin]],3,FALSE)*8,"") -> 162.2352 | AG24: =IFERROR(AC24*AG$4,"") -> 6.6148045 | AH24: =IFERROR(AC24-AG24,"") -> 19.844413 | AI24: =IFERROR(CO_entry[[#This Row],[Tokens Sold5]]*CO_entry[[#This Row],[Selling point 5]],"") -> 1073.1541 | AJ24: =IFERROR((AF24*AG24)-(VLOOKUP(J24,Portfolio_Overview[[#All],[ticker]:[average per coin]],3,FALSE)*AG24),"") -> 939.00986 | AK24: =IFERROR(VLOOKUP(J24,Portfolio_Overview[[#All],[ticker]:[average per coin]],3,FALSE)*10,"") -> 202.794 | AL24: =IFERROR(AH24*AL$4,"") -> 6.9455447 | AM24: =IFERROR(AH24-AL24,"") -> 12.898869 | AN24: =IFERROR(CO_entry[[#This Row],[Tokens Sold6]]*CO_entry[[#This Row],[Selling point 6]],"") -> 1408.5148 | AO24: =IFERROR((AK24*AL24)-(VLOOKUP(J24,Portfolio_Overview[[#All],[ticker]:[average per coin]],3,FALSE)*AL24),"") -> 1267.6633 | AP24: =IFERROR(VLOOKUP(J24,Portfolio_Overview[[#All],[ticker]:[average per coin]],3,FALSE)*12,"") -> 243.3528 | AQ24: =IFERROR(AM24*AQ$4,"") -> 6.4494344 | AR24: =IFERROR(AM24-AQ24,"") -> 6.4494344 | AS24: =IFERROR(CO_entry[[#This Row],[Tokens Sold7]]*CO_entry[[#This Row],[Selling point 7]],"") -> 1569.4879 | AT24: =IFERROR((AP24*AQ24)-(VLOOKUP(J24,Portfolio_Overview[[#All],[ticker]:[average per coin]],3,FALSE)*AQ24),"") -> 1438.6973 | AU24: =IFERROR(P24+U24+Z24+AE24+AJ24+AO24+AT24,"") -> 5688.9745 | AV24: =AR24 -> 6.4494344 | AW24: =IFERROR(AV24*AP24,"") -> 1569.4879
A25: Fantom | B25: FTM | C25: 216 | D25: 1.3796 | E25: 297.9936 | F25: 1.24 | G25: 267.84 | H25: 0.0039124232 | J25: EFI | K25: =IFERROR(VLOOKUP(J25,price_feed[[symbol]:[current_price]],3,FALSE),"") -> 0.436356 | L25: =IFERROR(VLOOKUP(J25,Portfolio_Overview[[#All],[ticker]:[average per coin]],3,FALSE)*2,"") -> 3.2284 | M25: =IFERROR(VLOOKUP(J25,Portfolio_Overview[[#All],[ticker]:[average per coin]],2,FALSE)*M$4,"") -> 9.912 | N25: =IFERROR(VLOOKUP(CO_entry[[#This Row],[ticker]],Portfolio_Overview[[#All],[ticker]:[average per coin]],2,FALSE)-CO_entry[[#This Row],[Tokens Sold]],"") -> 39.648 | O25: =IFERROR(CO_entry[[#This Row],[Tokens Sold]]*CO_entry[[#This Row],[Selling point 1]],"") -> 31.999901 | P25: =IFERROR((L25*M25)-(VLOOKUP(J25,Portfolio_Overview[[#All],[ticker]:[average per coin]],3,FALSE)*M25),"") -> 15.99995 | Q25: =IFERROR(VLOOKUP(J25,Portfolio_Overview[[#All],[ticker]:[average per coin]],3,FALSE)*3.5,"") -> 5.6497 | R25: =IFERROR(N25*R$4,"") -> 7.9296 | S25: =IFERROR(N25-R25,"") -> 31.7184 | T25: =IFERROR(CO_entry[[#This Row],[Tokens Sold2]]*CO_entry[[#This Row],[Selling point 2]],"") -> 44.799861 | U25: =IFERROR((Q25*R25)-(VLOOKUP(J25,Portfolio_Overview[[#All],[ticker]:[average per coin]],3,FALSE)*R25),"") -> 31.999901 | V25: =IFERROR(VLOOKUP(J25,Portfolio_Overview[[#All],[ticker]:[average per coin]],3,FALSE)*4.5,"") -> 7.2639 | W25: =IFERROR(S25*W$4,"") -> 6.34368 | X25: =IFERROR(S25-W25,"") -> 25.37472 | Y25: =IFERROR(CO_entry[[#This Row],[Tokens Sold3]]*CO_entry[[#This Row],[Selling point 3]],"") -> 46.079857 | Z25: =IFERROR((V25*W25)-(VLOOKUP(J25,Portfolio_Overview[[#All],[ticker]:[average per coin]],3,FALSE)*W25),"") -> 35.839889 | AA25: =IFERROR(VLOOKUP(J25,Portfolio_Overview[[#All],[ticker]:[average per coin]],3,FALSE)*6,"") -> 9.6852 | AB25: =IFERROR(X25*AB$4,"") -> 5.074944 | AC25: =IFERROR(X25-AB25,"") -> 20.299776 | AD25: =IFERROR(CO_entry[[#This Row],[Tokens Sold4]]*CO_entry[[#This Row],[Selling point 4]],"") -> 49.151848 | AE25: =IFERROR((AA25*AB25)-(VLOOKUP(J25,Portfolio_Overview[[#All],[ticker]:[average per coin]],3,FALSE)*AB25),"") -> 40.959873 | AF25: =IFERROR(VLOOKUP(J25,Portfolio_Overview[[#All],[ticker]:[average per coin]],3,FALSE)*8,"") -> 12.9136 | AG25: =IFERROR(AC25*AG$4,"") -> 5.074944 | AH25: =IFERROR(AC25-AG25,"") -> 15.224832 | AI25: =IFERROR(CO_entry[[#This Row],[Tokens Sold5]]*CO_entry[[#This Row],[Selling point 5]],"") -> 65.535797 | AJ25: =IFERROR((AF25*AG25)-(VLOOKUP(J25,Portfolio_Overview[[#All],[ticker]:[average per coin]],3,FALSE)*AG25),"") -> 57.343822 | AK25: =IFERROR(VLOOKUP(J25,Portfolio_Overview[[#All],[ticker]:[average per coin]],3,FALSE)*10,"") -> 16.142 | AL25: =IFERROR(AH25*AL$4,"") -> 5.3286912 | AM25: =IFERROR(AH25-AL25,"") -> 9.8961408 | AN25: =IFERROR(CO_entry[[#This Row],[Tokens Sold6]]*CO_entry[[#This Row],[Selling point 6]],"") -> 86.015733 | AO25: =IFERROR((AK25*AL25)-(VLOOKUP(J25,Portfolio_Overview[[#All],[ticker]:[average per coin]],3,FALSE)*AL25),"") -> 77.41416 | AP25: =IFERROR(VLOOKUP(J25,Portfolio_Overview[[#All],[ticker]:[average per coin]],3,FALSE)*12,"") -> 19.3704 | AQ25: =IFERROR(AM25*AQ$4,"") -> 4.9480704 | AR25: =IFERROR(AM25-AQ25,"") -> 4.9480704 | AS25: =IFERROR(CO_entry[[#This Row],[Tokens Sold7]]*CO_entry[[#This Row],[Selling point 7]],"") -> 95.846103 | AT25: =IFERROR((AP25*AQ25)-(VLOOKUP(J25,Portfolio_Overview[[#All],[ticker]:[average per coin]],3,FALSE)*AQ25),"") -> 87.858928 | AU25: =IFERROR(P25+U25+Z25+AE25+AJ25+AO25+AT25,"") -> 347.41652 | AV25: =AR25 -> 4.9480704 | AW25: =IFERROR(AV25*AP25,"") -> 95.846103
A26: Avalaunch | B26: XAVA | C26: 65.89 | D26: 8.7722 | E26: 578.0003 | F26: 3.99 | G26: 262.9011 | H26: 0.0038402791 | J26: ENJ | K26: =IFERROR(VLOOKUP(J26,price_feed[[symbol]:[current_price]],3,FALSE),"") -> 1.44 | L26: =IFERROR(VLOOKUP(J26,Portfolio_Overview[[#All],[ticker]:[average per coin]],3,FALSE)*2,"") -> 7.202 | M26: =IFERROR(VLOOKUP(J26,Portfolio_Overview[[#All],[ticker]:[average per coin]],2,FALSE)*M$4,"") -> 5.554 | N26: =IFERROR(VLOOKUP(CO_entry[[#This Row],[ticker]],Portfolio_Overview[[#All],[ticker]:[average per coin]],2,FALSE)-CO_entry[[#This Row],[Tokens Sold]],"") -> 22.216 | O26: =IFERROR(CO_entry[[#This Row],[Tokens Sold]]*CO_entry[[#This Row],[Selling point 1]],"") -> 39.999908 | P26: =IFERROR((L26*M26)-(VLOOKUP(J26,Portfolio_Overview[[#All],[ticker]:[average per coin]],3,FALSE)*M26),"") -> 19.999954 | Q26: =IFERROR(VLOOKUP(J26,Portfolio_Overview[[#All],[ticker]:[average per coin]],3,FALSE)*3.5,"") -> 12.6035 | R26: =IFERROR(N26*R$4,"") -> 4.4432 | S26: =IFERROR(N26-R26,"") -> 17.7728 | T26: =IFERROR(CO_entry[[#This Row],[Tokens Sold2]]*CO_entry[[#This Row],[Selling point 2]],"") -> 55.999871 | U26: =IFERROR((Q26*R26)-(VLOOKUP(J26,Portfolio_Overview[[#All],[ticker]:[average per coin]],3,FALSE)*R26),"") -> 39.999908 | V26: =IFERROR(VLOOKUP(J26,Portfolio_Overview[[#All],[ticker]:[average per coin]],3,FALSE)*4.5,"") -> 16.2045 | W26: =IFERROR(S26*W$4,"") -> 3.55456 | X26: =IFERROR(S26-W26,"") -> 14.21824 | Y26: =IFERROR(CO_entry[[#This Row],[Tokens Sold3]]*CO_entry[[#This Row],[Selling point 3]],"") -> 57.599868 | Z26: =IFERROR((V26*W26)-(VLOOKUP(J26,Portfolio_Overview[[#All],[ticker]:[average per coin]],3,FALSE)*W26),"") -> 44.799897 | AA26: =IFERROR(VLOOKUP(J26,Portfolio_Overview[[#All],[ticker]:[average per coin]],3,FALSE)*6,"") -> 21.606 | AB26: =IFERROR(X26*AB$4,"") -> 2.843648 | AC26: =IFERROR(X26-AB26,"") -> 11.374592 | AD26: =IFERROR(CO_entry[[#This Row],[Tokens Sold4]]*CO_entry[[#This Row],[Selling point 4]],"") -> 61.439859 | AE26: =IFERROR((AA26*AB26)-(VLOOKUP(J26,Portfolio_Overview[[#All],[ticker]:[average per coin]],3,FALSE)*AB26),"") -> 51.199882 | AF26: =IFERROR(VLOOKUP(J26,Portfolio_Overview[[#All],[ticker]:[average per coin]],3,FALSE)*8,"") -> 28.808 | AG26: =IFERROR(AC26*AG$4,"") -> 2.843648 | AH26: =IFERROR(AC26-AG26,"") -> 8.530944 | AI26: =IFERROR(CO_entry[[#This Row],[Tokens Sold5]]*CO_entry[[#This Row],[Selling point 5]],"") -> 81.919812 | AJ26: =IFERROR((AF26*AG26)-(VLOOKUP(J26,Portfolio_Overview[[#All],[ticker]:[average per coin]],3,FALSE)*AG26),"") -> 71.679835 | AK26: =IFERROR(VLOOKUP(J26,Portfolio_Overview[[#All],[ticker]:[average per coin]],3,FALSE)*10,"") -> 36.01 | AL26: =IFERROR(AH26*AL$4,"") -> 2.9858304 | AM26: =IFERROR(AH26-AL26,"") -> 5.5451136 | AN26: =IFERROR(CO_entry[[#This Row],[Tokens Sold6]]*CO_entry[[#This Row],[Selling point 6]],"") -> 107.51975 | AO26: =IFERROR((AK26*AL26)-(VLOOKUP(J26,Portfolio_Overview[[#All],[ticker]:[average per coin]],3,FALSE)*AL26),"") -> 96.767777 | AP26: =IFERROR(VLOOKUP(J26,Portfolio_Overview[[#All],[ticker]:[average per coin]],3,FALSE)*12,"") -> 43.212 | AQ26: =IFERROR(AM26*AQ$4,"") -> 2.7725568 | AR26: =IFERROR(AM26-AQ26,"") -> 2.7725568 | AS26: =IFERROR(CO_entry[[#This Row],[Tokens Sold7]]*CO_entry[[#This Row],[Selling point 7]],"") -> 119.80772 | AT26: =IFERROR((AP26*AQ26)-(VLOOKUP(J26,Portfolio_Overview[[#All],[ticker]:[average per coin]],3,FALSE)*AQ26),"") -> 109.82375 | AU26: =IFERROR(P26+U26+Z26+AE26+AJ26+AO26+AT26,"") -> 434.271 | AV26: =AR26 -> 2.7725568 | AW26: =IFERROR(AV26*AP26,"") -> 119.80772
A27: Bundles | B27: BUND | C27: 9.4 | D27: 31.9149 | E27: 300.0001 | F27: 21.64 | G27: 203.416 | H27: 0.0029713615 | J27: ENS | K27: =IFERROR(VLOOKUP(J27,price_feed[[symbol]:[current_price]],3,FALSE),"") -> 15.93 | L27: =IFERROR(VLOOKUP(J27,Portfolio_Overview[[#All],[ticker]:[average per coin]],3,FALSE)*2,"") -> 73.822 | M27: =IFERROR(VLOOKUP(J27,Portfolio_Overview[[#All],[ticker]:[average per coin]],2,FALSE)*M$4,"") -> 3.82 | N27: =IFERROR(VLOOKUP(CO_entry[[#This Row],[ticker]],Portfolio_Overview[[#All],[ticker]:[average per coin]],2,FALSE)-CO_entry[[#This Row],[Tokens Sold]],"") -> 15.28 | O27: =IFERROR(CO_entry[[#This Row],[Tokens Sold]]*CO_entry[[#This Row],[Selling point 1]],"") -> 282.00004 | P27: =IFERROR((L27*M27)-(VLOOKUP(J27,Portfolio_Overview[[#All],[ticker]:[average per coin]],3,FALSE)*M27),"") -> 141.00002 | Q27: =IFERROR(VLOOKUP(J27,Portfolio_Overview[[#All],[ticker]:[average per coin]],3,FALSE)*3.5,"") -> 129.1885 | R27: =IFERROR(N27*R$4,"") -> 3.056 | S27: =IFERROR(N27-R27,"") -> 12.224 | T27: =IFERROR(CO_entry[[#This Row],[Tokens Sold2]]*CO_entry[[#This Row],[Selling point 2]],"") -> 394.80006 | U27: =IFERROR((Q27*R27)-(VLOOKUP(J27,Portfolio_Overview[[#All],[ticker]:[average per coin]],3,FALSE)*R27),"") -> 282.00004 | V27: =IFERROR(VLOOKUP(J27,Portfolio_Overview[[#All],[ticker]:[average per coin]],3,FALSE)*4.5,"") -> 166.0995 | W27: =IFERROR(S27*W$4,"") -> 2.4448 | X27: =IFERROR(S27-W27,"") -> 9.7792 | Y27: =IFERROR(CO_entry[[#This Row],[Tokens Sold3]]*CO_entry[[#This Row],[Selling point 3]],"") -> 406.08006 | Z27: =IFERROR((V27*W27)-(VLOOKUP(J27,Portfolio_Overview[[#All],[ticker]:[average per coin]],3,FALSE)*W27),"") -> 315.84004 | AA27: =IFERROR(VLOOKUP(J27,Portfolio_Overview[[#All],[ticker]:[average per coin]],3,FALSE)*6,"") -> 221.466 | AB27: =IFERROR(X27*AB$4,"") -> 1.95584 | AC27: =IFERROR(X27-AB27,"") -> 7.82336 | AD27: =IFERROR(CO_entry[[#This Row],[Tokens Sold4]]*CO_entry[[#This Row],[Selling point 4]],"") -> 433.15206 | AE27: =IFERROR((AA27*AB27)-(VLOOKUP(J27,Portfolio_Overview[[#All],[ticker]:[average per coin]],3,FALSE)*AB27),"") -> 360.96005 | AF27: =IFERROR(VLOOKUP(J27,Portfolio_Overview[[#All],[ticker]:[average per coin]],3,FALSE)*8,"") -> 295.288 | AG27: =IFERROR(AC27*AG$4,"") -> 1.95584 | AH27: =IFERROR(AC27-AG27,"") -> 5.86752 | AI27: =IFERROR(CO_entry[[#This Row],[Tokens Sold5]]*CO_entry[[#This Row],[Selling point 5]],"") -> 577.53608 | AJ27: =IFERROR((AF27*AG27)-(VLOOKUP(J27,Portfolio_Overview[[#All],[ticker]:[average per coin]],3,FALSE)*AG27),"") -> 505.34407 | AK27: =IFERROR(VLOOKUP(J27,Portfolio_Overview[[#All],[ticker]:[average per coin]],3,FALSE)*10,"") -> 369.11 | AL27: =IFERROR(AH27*AL$4,"") -> 2.053632 | AM27: =IFERROR(AH27-AL27,"") -> 3.813888 | AN27: =IFERROR(CO_entry[[#This Row],[Tokens Sold6]]*CO_entry[[#This Row],[Selling point 6]],"") -> 758.01611 | AO27: =IFERROR((AK27*AL27)-(VLOOKUP(J27,Portfolio_Overview[[#All],[ticker]:[average per coin]],3,FALSE)*AL27),"") -> 682.2145 | AP27: =IFERROR(VLOOKUP(J27,Portfolio_Overview[[#All],[ticker]:[average per coin]],3,FALSE)*12,"") -> 442.932 | AQ27: =IFERROR(AM27*AQ$4,"") -> 1.906944 | AR27: =IFERROR(AM27-AQ27,"") -> 1.906944 | AS27: =IFERROR(CO_entry[[#This Row],[Tokens Sold7]]*CO_entry[[#This Row],[Selling point 7]],"") -> 844.64652 | AT27: =IFERROR((AP27*AQ27)-(VLOOKUP(J27,Portfolio_Overview[[#All],[ticker]:[average per coin]],3,FALSE)*AQ27),"") -> 774.25931 | AU27: =IFERROR(P27+U27+Z27+AE27+AJ27+AO27+AT27,"") -> 3061.618 | AV27: =AR27 -> 1.906944 | AW27: =IFERROR(AV27*AP27,"") -> 844.64652
A28: B.Protocol | B28: BPRO | C28: 45.5 | D28: 7.2747 | E28: 330.9988 | F28: 3.97 | G28: 180.635 | H28: 0.0026385923 | J28: ERG | K28: =IFERROR(VLOOKUP(J28,price_feed[[symbol]:[current_price]],3,FALSE),"") -> 3.31 | L28: =IFERROR(VLOOKUP(J28,Portfolio_Overview[[#All],[ticker]:[average per coin]],3,FALSE)*2,"") -> 29.394 | M28: =IFERROR(VLOOKUP(J28,Portfolio_Overview[[#All],[ticker]:[average per coin]],2,FALSE)*M$4,"") -> 1.32 | N28: =IFERROR(VLOOKUP(CO_entry[[#This Row],[ticker]],Portfolio_Overview[[#All],[ticker]:[average per coin]],2,FALSE)-CO_entry[[#This Row],[Tokens Sold]],"") -> 5.28 | O28: =IFERROR(CO_entry[[#This Row],[Tokens Sold]]*CO_entry[[#This Row],[Selling point 1]],"") -> 38.80008 | P28: =IFERROR((L28*M28)-(VLOOKUP(J28,Portfolio_Overview[[#All],[ticker]:[average per coin]],3,FALSE)*M28),"") -> 19.40004 | Q28: =IFERROR(VLOOKUP(J28,Portfolio_Overview[[#All],[ticker]:[average per coin]],3,FALSE)*3.5,"") -> 51.4395 | R28: =IFERROR(N28*R$4,"") -> 1.056 | S28: =IFERROR(N28-R28,"") -> 4.224 | T28: =IFERROR(CO_entry[[#This Row],[Tokens Sold2]]*CO_entry[[#This Row],[Selling point 2]],"") -> 54.320112 | U28: =IFERROR((Q28*R28)-(VLOOKUP(J28,Portfolio_Overview[[#All],[ticker]:[average per coin]],3,FALSE)*R28),"") -> 38.80008 | V28: =IFERROR(VLOOKUP(J28,Portfolio_Overview[[#All],[ticker]:[average per coin]],3,FALSE)*4.5,"") -> 66.1365 | W28: =IFERROR(S28*W$4,"") -> 0.8448 | X28: =IFERROR(S28-W28,"") -> 3.3792 | Y28: =IFERROR(CO_entry[[#This Row],[Tokens Sold3]]*CO_entry[[#This Row],[Selling point 3]],"") -> 55.872115 | Z28: =IFERROR((V28*W28)-(VLOOKUP(J28,Portfolio_Overview[[#All],[ticker]:[average per coin]],3,FALSE)*W28),"") -> 43.45609 | AA28: =IFERROR(VLOOKUP(J28,Portfolio_Overview[[#All],[ticker]:[average per coin]],3,FALSE)*6,"") -> 88.182 | AB28: =IFERROR(X28*AB$4,"") -> 0.67584 | AC28: =IFERROR(X28-AB28,"") -> 2.70336 | AD28: =IFERROR(CO_entry[[#This Row],[Tokens Sold4]]*CO_entry[[#This Row],[Selling point 4]],"") -> 59.596923 | AE28: =IFERROR((AA28*AB28)-(VLOOKUP(J28,Portfolio_Overview[[#All],[ticker]:[average per coin]],3,FALSE)*AB28),"") -> 49.664102 | AF28: =IFERROR(VLOOKUP(J28,Portfolio_Overview[[#All],[ticker]:[average per coin]],3,FALSE)*8,"") -> 117.576 | AG28: =IFERROR(AC28*AG$4,"") -> 0.67584 | AH28: =IFERROR(AC28-AG28,"") -> 2.02752 | AI28: =IFERROR(CO_entry[[#This Row],[Tokens Sold5]]*CO_entry[[#This Row],[Selling point 5]],"") -> 79.462564 | AJ28: =IFERROR((AF28*AG28)-(VLOOKUP(J28,Portfolio_Overview[[#All],[ticker]:[average per coin]],3,FALSE)*AG28),"") -> 69.529743 | AK28: =IFERROR(VLOOKUP(J28,Portfolio_Overview[[#All],[ticker]:[average per coin]],3,FALSE)*10,"") -> 146.97 | AL28: =IFERROR(AH28*AL$4,"") -> 0.709632 | AM28: =IFERROR(AH28-AL28,"") -> 1.317888 | AN28: =IFERROR(CO_entry[[#This Row],[Tokens Sold6]]*CO_entry[[#This Row],[Selling point 6]],"") -> 104.29462 | AO28: =IFERROR((AK28*AL28)-(VLOOKUP(J28,Portfolio_Overview[[#All],[ticker]:[average per coin]],3,FALSE)*AL28),"") -> 93.865154 | AP28: =IFERROR(VLOOKUP(J28,Portfolio_Overview[[#All],[ticker]:[average per coin]],3,FALSE)*12,"") -> 176.364 | AQ28: =IFERROR(AM28*AQ$4,"") -> 0.658944 | AR28: =IFERROR(AM28-AQ28,"") -> 0.658944 | AS28: =IFERROR(CO_entry[[#This Row],[Tokens Sold7]]*CO_entry[[#This Row],[Selling point 7]],"") -> 116.214 | AT28: =IFERROR((AP28*AQ28)-(VLOOKUP(J28,Portfolio_Overview[[#All],[ticker]:[average per coin]],3,FALSE)*AQ28),"") -> 106.5295 | AU28: =IFERROR(P28+U28+Z28+AE28+AJ28+AO28+AT28,"") -> 421.24471 | AV28: =AR28 -> 0.658944 | AW28: =IFERROR(AV28*AP28,"") -> 116.214
A29: Origin Protocol | B29: OGN | C29: 216 | D29: 0.463 | E29: 100.008 | F29: 0.789 | G29: 170.424 | H29: 0.002489437 | J29: ETH | K29: =IFERROR(VLOOKUP(J29,price_feed[[symbol]:[current_price]],3,FALSE),"") -> 2858.56 | L29: =IFERROR(VLOOKUP(J29,Portfolio_Overview[[#All],[ticker]:[average per coin]],3,FALSE)*2,"") -> 6524.548 | M29: =IFERROR(VLOOKUP(J29,Portfolio_Overview[[#All],[ticker]:[average per coin]],2,FALSE)*M$4,"") -> 1.35286 | N29: =IFERROR(VLOOKUP(CO_entry[[#This Row],[ticker]],Portfolio_Overview[[#All],[ticker]:[average per coin]],2,FALSE)-CO_entry[[#This Row],[Tokens Sold]],"") -> 5.41144 | O29: =IFERROR(CO_entry[[#This Row],[Tokens Sold]]*CO_entry[[#This Row],[Selling point 1]],"") -> 8826.8 | P29: =IFERROR((L29*M29)-(VLOOKUP(J29,Portfolio_Overview[[#All],[ticker]:[average per coin]],3,FALSE)*M29),"") -> 4413.4 | Q29: =IFERROR(VLOOKUP(J29,Portfolio_Overview[[#All],[ticker]:[average per coin]],3,FALSE)*3.5,"") -> 11417.959 | R29: =IFERROR(N29*R$4,"") -> 1.082288 | S29: =IFERROR(N29-R29,"") -> 4.329152 | T29: =IFERROR(CO_entry[[#This Row],[Tokens Sold2]]*CO_entry[[#This Row],[Selling point 2]],"") -> 12357.52 | U29: =IFERROR((Q29*R29)-(VLOOKUP(J29,Portfolio_Overview[[#All],[ticker]:[average per coin]],3,FALSE)*R29),"") -> 8826.8 | V29: =IFERROR(VLOOKUP(J29,Portfolio_Overview[[#All],[ticker]:[average per coin]],3,FALSE)*4.5,"") -> 14680.233 | W29: =IFERROR(S29*W$4,"") -> 0.8658304 | X29: =IFERROR(S29-W29,"") -> 3.4633216 | Y29: =IFERROR(CO_entry[[#This Row],[Tokens Sold3]]*CO_entry[[#This Row],[Selling point 3]],"") -> 12710.592 | Z29: =IFERROR((V29*W29)-(VLOOKUP(J29,Portfolio_Overview[[#All],[ticker]:[average per coin]],3,FALSE)*W29),"") -> 9886.016 | AA29: =IFERROR(VLOOKUP(J29,Portfolio_Overview[[#All],[ticker]:[average per coin]],3,FALSE)*6,"") -> 19573.644 | AB29: =IFERROR(X29*AB$4,"") -> 0.69266432 | AC29: =IFERROR(X29-AB29,"") -> 2.7706573 | AD29: =IFERROR(CO_entry[[#This Row],[Tokens Sold4]]*CO_entry[[#This Row],[Selling point 4]],"") -> 13557.965 | AE29: =IFERROR((AA29*AB29)-(VLOOKUP(J29,Portfolio_Overview[[#All],[ticker]:[average per coin]],3,FALSE)*AB29),"") -> 11298.304 | AF29: =IFERROR(VLOOKUP(J29,Portfolio_Overview[[#All],[ticker]:[average per coin]],3,FALSE)*8,"") -> 26098.192 | AG29: =IFERROR(AC29*AG$4,"") -> 0.69266432 | AH29: =IFERROR(AC29-AG29,"") -> 2.077993 | AI29: =IFERROR(CO_entry[[#This Row],[Tokens Sold5]]*CO_entry[[#This Row],[Selling point 5]],"") -> 18077.286 | AJ29: =IFERROR((AF29*AG29)-(VLOOKUP(J29,Portfolio_Overview[[#All],[ticker]:[average per coin]],3,FALSE)*AG29),"") -> 15817.626 | AK29: =IFERROR(VLOOKUP(J29,Portfolio_Overview[[#All],[ticker]:[average per coin]],3,FALSE)*10,"") -> 32622.74 | AL29: =IFERROR(AH29*AL$4,"") -> 0.72729754 | AM29: =IFERROR(AH29-AL29,"") -> 1.3506954 | AN29: =IFERROR(CO_entry[[#This Row],[Tokens Sold6]]*CO_entry[[#This Row],[Selling point 6]],"") -> 23726.438 | AO29: =IFERROR((AK29*AL29)-(VLOOKUP(J29,Portfolio_Overview[[#All],[ticker]:[average per coin]],3,FALSE)*AL29),"") -> 21353.795 | AP29: =IFERROR(VLOOKUP(J29,Portfolio_Overview[[#All],[ticker]:[average per coin]],3,FALSE)*12,"") -> 39147.288 | AQ29: =IFERROR(AM29*AQ$4,"") -> 0.67534771 | AR29: =IFERROR(AM29-AQ29,"") -> 0.67534771 | AS29: =IFERROR(CO_entry[[#This Row],[Tokens Sold7]]*CO_entry[[#This Row],[Selling point 7]],"") -> 26438.031 | AT29: =IFERROR((AP29*AQ29)-(VLOOKUP(J29,Portfolio_Overview[[#All],[ticker]:[average per coin]],3,FALSE)*AQ29),"") -> 24234.862 | AU29: =IFERROR(P29+U29+Z29+AE29+AJ29+AO29+AT29,"") -> 95830.802 | AV29: =AR29 -> 0.67534771 | AW29: =IFERROR(AV29*AP29,"") -> 26438.031
A30: RMRK | B30: RMRK | C30: 12 | D30: 19.0833 | E30: 228.9996 | F30: 14.05 | G30: 168.6 | H30: 0.0024627932 | J30: FTM | K30: =IFERROR(VLOOKUP(J30,price_feed[[symbol]:[current_price]],3,FALSE),"") -> 1.24 | L30: =IFERROR(VLOOKUP(J30,Portfolio_Overview[[#All],[ticker]:[average per coin]],3,FALSE)*2,"") -> 2.7592 | M30: =IFERROR(VLOOKUP(J30,Portfolio_Overview[[#All],[ticker]:[average per coin]],2,FALSE)*M$4,"") -> 43.2 | N30: =IFERROR(VLOOKUP(CO_entry[[#This Row],[ticker]],Portfolio_Overview[[#All],[ticker]:[average per coin]],2,FALSE)-CO_entry[[#This Row],[Tokens Sold]],"") -> 172.8 | O30: =IFERROR(CO_entry[[#This Row],[Tokens Sold]]*CO_entry[[#This Row],[Selling point 1]],"") -> 119.19744 | P30: =IFERROR((L30*M30)-(VLOOKUP(J30,Portfolio_Overview[[#All],[ticker]:[average per coin]],3,FALSE)*M30),"") -> 59.59872 | Q30: =IFERROR(VLOOKUP(J30,Portfolio_Overview[[#All],[ticker]:[average per coin]],3,FALSE)*3.5,"") -> 4.8286 | R30: =IFERROR(N30*R$4,"") -> 34.56 | S30: =IFERROR(N30-R30,"") -> 138.24 | T30: =IFERROR(CO_entry[[#This Row],[Tokens Sold2]]*CO_entry[[#This Row],[Selling point 2]],"") -> 166.87642 | U30: =IFERROR((Q30*R30)-(VLOOKUP(J30,Portfolio_Overview[[#All],[ticker]:[average per coin]],3,FALSE)*R30),"") -> 119.19744 | V30: =IFERROR(VLOOKUP(J30,Portfolio_Overview[[#All],[ticker]:[average per coin]],3,FALSE)*4.5,"") -> 6.2082 | W30: =IFERROR(S30*W$4,"") -> 27.648 | X30: =IFERROR(S30-W30,"") -> 110.592 | Y30: =IFERROR(CO_entry[[#This Row],[Tokens Sold3]]*CO_entry[[#This Row],[Selling point 3]],"") -> 171.64431 | Z30: =IFERROR((V30*W30)-(VLOOKUP(J30,Portfolio_Overview[[#All],[ticker]:[average per coin]],3,FALSE)*W30),"") -> 133.50113 | AA30: =IFERROR(VLOOKUP(J30,Portfolio_Overview[[#All],[ticker]:[average per coin]],3,FALSE)*6,"") -> 8.2776 | AB30: =IFERROR(X30*AB$4,"") -> 22.1184 | AC30: =IFERROR(X30-AB30,"") -> 88.4736 | AD30: =IFERROR(CO_entry[[#This Row],[Tokens Sold4]]*CO_entry[[#This Row],[Selling point 4]],"") -> 183.08727 | AE30: =IFERROR((AA30*AB30)-(VLOOKUP(J30,Portfolio_Overview[[#All],[ticker]:[average per coin]],3,FALSE)*AB30),"") -> 152.57272 | AF30: =IFERROR(VLOOKUP(J30,Portfolio_Overview[[#All],[ticker]:[average per coin]],3,FALSE)*8,"") -> 11.0368 | AG30: =IFERROR(AC30*AG$4,"") -> 22.1184 | AH30: =IFERROR(AC30-AG30,"") -> 66.3552 | AI30: =IFERROR(CO_entry[[#This Row],[Tokens Sold5]]*CO_entry[[#This Row],[Selling point 5]],"") -> 244.11636 | AJ30: =IFERROR((AF30*AG30)-(VLOOKUP(J30,Portfolio_Overview[[#All],[ticker]:[average per coin]],3,FALSE)*AG30),"") -> 213.60181 | AK30: =IFERROR(VLOOKUP(J30,Portfolio_Overview[[#All],[ticker]:[average per coin]],3,FALSE)*10,"") -> 13.796 | AL30: =IFERROR(AH30*AL$4,"") -> 23.22432 | AM30: =IFERROR(AH30-AL30,"") -> 43.13088 | AN30: =IFERROR(CO_entry[[#This Row],[Tokens Sold6]]*CO_entry[[#This Row],[Selling point 6]],"") -> 320.40272 | AO30: =IFERROR((AK30*AL30)-(VLOOKUP(J30,Portfolio_Overview[[#All],[ticker]:[average per coin]],3,FALSE)*AL30),"") -> 288.36245 | AP30: =IFERROR(VLOOKUP(J30,Portfolio_Overview[[#All],[ticker]:[average per coin]],3,FALSE)*12,"") -> 16.5552 | AQ30: =IFERROR(AM30*AQ$4,"") -> 21.56544 | AR30: =IFERROR(AM30-AQ30,"") -> 21.56544 | AS30: =IFERROR(CO_entry[[#This Row],[Tokens Sold7]]*CO_entry[[#This Row],[Selling point 7]],"") -> 357.02017 | AT30: =IFERROR((AP30*AQ30)-(VLOOKUP(J30,Portfolio_Overview[[#All],[ticker]:[average per coin]],3,FALSE)*AQ30),"") -> 327.26849 | AU30: =IFERROR(P30+U30+Z30+AE30+AJ30+AO30+AT30,"") -> 1294.1028 | AV30: =AR30 -> 21.56544 | AW30: =IFERROR(AV30*AP30,"") -> 357.02017
A31: Cream | B31: CREAM | C31: 3.57 | D31: 56.0224 | E31: 200 | F31: 45.64 | G31: 162.9348 | H31: 0.0023800399 | J31: FTT | K31: =IFERROR(VLOOKUP(J31,price_feed[[symbol]:[current_price]],3,FALSE),"") -> 44.02 | L31: =IFERROR(VLOOKUP(J31,Portfolio_Overview[[#All],[ticker]:[average per coin]],3,FALSE)*2,"") -> 125.9142 | M31: =IFERROR(VLOOKUP(J31,Portfolio_Overview[[#All],[ticker]:[average per coin]],2,FALSE)*M$4,"") -> 5.032 | N31: =IFERROR(VLOOKUP(CO_entry[[#This Row],[ticker]],Portfolio_Overview[[#All],[ticker]:[average per coin]],2,FALSE)-CO_entry[[#This Row],[Tokens Sold]],"") -> 20.128 | O31: =IFERROR(CO_entry[[#This Row],[Tokens Sold]]*CO_entry[[#This Row],[Selling point 1]],"") -> 633.60025 | P31: =IFERROR((L31*M31)-(VLOOKUP(J31,Portfolio_Overview[[#All],[ticker]:[average per coin]],3,FALSE)*M31),"") -> 316.80013 | Q31: =IFERROR(VLOOKUP(J31,Portfolio_Overview[[#All],[ticker]:[average per coin]],3,FALSE)*3.5,"") -> 220.34985 | R31: =IFERROR(N31*R$4,"") -> 4.0256 | S31: =IFERROR(N31-R31,"") -> 16.1024 | T31: =IFERROR(CO_entry[[#This Row],[Tokens Sold2]]*CO_entry[[#This Row],[Selling point 2]],"") -> 887.04036 | U31: =IFERROR((Q31*R31)-(VLOOKUP(J31,Portfolio_Overview[[#All],[ticker]:[average per coin]],3,FALSE)*R31),"") -> 633.60025 | V31: =IFERROR(VLOOKUP(J31,Portfolio_Overview[[#All],[ticker]:[average per coin]],3,FALSE)*4.5,"") -> 283.30695 | W31: =IFERROR(S31*W$4,"") -> 3.22048 | X31: =IFERROR(S31-W31,"") -> 12.88192 | Y31: =IFERROR(CO_entry[[#This Row],[Tokens Sold3]]*CO_entry[[#This Row],[Selling point 3]],"") -> 912.38437 | Z31: =IFERROR((V31*W31)-(VLOOKUP(J31,Portfolio_Overview[[#All],[ticker]:[average per coin]],3,FALSE)*W31),"") -> 709.63228 | AA31: =IFERROR(VLOOKUP(J31,Portfolio_Overview[[#All],[ticker]:[average per coin]],3,FALSE)*6,"") -> 377.7426 | AB31: =IFERROR(X31*AB$4,"") -> 2.576384 | AC31: =IFERROR(X31-AB31,"") -> 10.305536 | AD31: =IFERROR(CO_entry[[#This Row],[Tokens Sold4]]*CO_entry[[#This Row],[Selling point 4]],"") -> 973.20999 | AE31: =IFERROR((AA31*AB31)-(VLOOKUP(J31,Portfolio_Overview[[#All],[ticker]:[average per coin]],3,FALSE)*AB31),"") -> 811.00833 | AF31: =IFERROR(VLOOKUP(J31,Portfolio_Overview[[#All],[ticker]:[average per coin]],3,FALSE)*8,"") -> 503.6568 | AG31: =IFERROR(AC31*AG$4,"") -> 2.576384 | AH31: =IFERROR(AC31-AG31,"") -> 7.729152 | AI31: =IFERROR(CO_entry[[#This Row],[Tokens Sold5]]*CO_entry[[#This Row],[Selling point 5]],"") -> 1297.6133 | AJ31: =IFERROR((AF31*AG31)-(VLOOKUP(J31,Portfolio_Overview[[#All],[ticker]:[average per coin]],3,FALSE)*AG31),"") -> 1135.4117 | AK31: =IFERROR(VLOOKUP(J31,Portfolio_Overview[[#All],[ticker]:[average per coin]],3,FALSE)*10,"") -> 629.571 | AL31: =IFERROR(AH31*AL$4,"") -> 2.7052032 | AM31: =IFERROR(AH31-AL31,"") -> 5.0239488 | AN31: =IFERROR(CO_entry[[#This Row],[Tokens Sold6]]*CO_entry[[#This Row],[Selling point 6]],"") -> 1703.1175 | AO31: =IFERROR((AK31*AL31)-(VLOOKUP(J31,Portfolio_Overview[[#All],[ticker]:[average per coin]],3,FALSE)*AL31),"") -> 1532.8057 | AP31: =IFERROR(VLOOKUP(J31,Portfolio_Overview[[#All],[ticker]:[average per coin]],3,FALSE)*12,"") -> 755.4852 | AQ31: =IFERROR(AM31*AQ$4,"") -> 2.5119744 | AR31: =IFERROR(AM31-AQ31,"") -> 2.5119744 | AS31: =IFERROR(CO_entry[[#This Row],[Tokens Sold7]]*CO_entry[[#This Row],[Selling point 7]],"") -> 1897.7595 | AT31: =IFERROR((AP31*AQ31)-(VLOOKUP(J31,Portfolio_Overview[[#All],[ticker]:[average per coin]],3,FALSE)*AQ31),"") -> 1739.6129 | AU31: =IFERROR(P31+U31+Z31+AE31+AJ31+AO31+AT31,"") -> 6878.8712 | AV31: =AR31 -> 2.5119744 | AW31: =IFERROR(AV31*AP31,"") -> 1897.7595
A32: Quant | B32: QNT | C32: 1.31 | D32: 301.5267 | E32: 395 | F32: 118.36 | G32: 155.0516 | H32: 0.0022648875 | J32: GRT | K32: =IFERROR(VLOOKUP(J32,price_feed[[symbol]:[current_price]],3,FALSE),"") -> 0.387742 | L32: =IFERROR(VLOOKUP(J32,Portfolio_Overview[[#All],[ticker]:[average per coin]],3,FALSE)*2,"") -> 0.7018 | M32: =IFERROR(VLOOKUP(J32,Portfolio_Overview[[#All],[ticker]:[average per coin]],2,FALSE)*M$4,"") -> 57 | N32: =IFERROR(VLOOKUP(CO_entry[[#This Row],[ticker]],Portfolio_Overview[[#All],[ticker]:[average per coin]],2,FALSE)-CO_entry[[#This Row],[Tokens Sold]],"") -> 228 | O32: =IFERROR(CO_entry[[#This Row],[Tokens Sold]]*CO_entry[[#This Row],[Selling point 1]],"") -> 40.0026 | P32: =IFERROR((L32*M32)-(VLOOKUP(J32,Portfolio_Overview[[#All],[ticker]:[average per coin]],3,FALSE)*M32),"") -> 20.0013 | Q32: =IFERROR(VLOOKUP(J32,Portfolio_Overview[[#All],[ticker]:[average per coin]],3,FALSE)*3.5,"") -> 1.22815 | R32: =IFERROR(N32*R$4,"") -> 45.6 | S32: =IFERROR(N32-R32,"") -> 182.4 | T32: =IFERROR(CO_entry[[#This Row],[Tokens Sold2]]*CO_entry[[#This Row],[Selling point 2]],"") -> 56.00364 | U32: =IFERROR((Q32*R32)-(VLOOKUP(J32,Portfolio_Overview[[#All],[ticker]:[average per coin]],3,FALSE)*R32),"") -> 40.0026 | V32: =IFERROR(VLOOKUP(J32,Portfolio_Overview[[#All],[ticker]:[average per coin]],3,FALSE)*4.5,"") -> 1.57905 | W32: =IFERROR(S32*W$4,"") -> 36.48 | X32: =IFERROR(S32-W32,"") -> 145.92 | Y32: =IFERROR(CO_entry[[#This Row],[Tokens Sold3]]*CO_entry[[#This Row],[Selling point 3]],"") -> 57.603744 | Z32: =IFERROR((V32*W32)-(VLOOKUP(J32,Portfolio_Overview[[#All],[ticker]:[average per coin]],3,FALSE)*W32),"") -> 44.802912 | AA32: =IFERROR(VLOOKUP(J32,Portfolio_Overview[[#All],[ticker]:[average per coin]],3,FALSE)*6,"") -> 2.1054 | AB32: =IFERROR(X32*AB$4,"") -> 29.184 | AC32: =IFERROR(X32-AB32,"") -> 116.736 | AD32: =IFERROR(CO_entry[[#This Row],[Tokens Sold4]]*CO_entry[[#This Row],[Selling point 4]],"") -> 61.443994 | AE32: =IFERROR((AA32*AB32)-(VLOOKUP(J32,Portfolio_Overview[[#All],[ticker]:[average per coin]],3,FALSE)*AB32),"") -> 51.203328 | AF32: =IFERROR(VLOOKUP(J32,Portfolio_Overview[[#All],[ticker]:[average per coin]],3,FALSE)*8,"") -> 2.8072 | AG32: =IFERROR(AC32*AG$4,"") -> 29.184 | AH32: =IFERROR(AC32-AG32,"") -> 87.552 | AI32: =IFERROR(CO_entry[[#This Row],[Tokens Sold5]]*CO_entry[[#This Row],[Selling point 5]],"") -> 81.925325 | AJ32: =IFERROR((AF32*AG32)-(VLOOKUP(J32,Portfolio_Overview[[#All],[ticker]:[average per coin]],3,FALSE)*AG32),"") -> 71.684659 | AK32: =IFERROR(VLOOKUP(J32,Portfolio_Overview[[#All],[ticker]:[average per coin]],3,FALSE)*10,"") -> 3.509 | AL32: =IFERROR(AH32*AL$4,"") -> 30.6432 | AM32: =IFERROR(AH32-AL32,"") -> 56.9088 | AN32: =IFERROR(CO_entry[[#This Row],[Tokens Sold6]]*CO_entry[[#This Row],[Selling point 6]],"") -> 107.52699 | AO32: =IFERROR((AK32*AL32)-(VLOOKUP(J32,Portfolio_Overview[[#All],[ticker]:[average per coin]],3,FALSE)*AL32),"") -> 96.77429 | AP32: =IFERROR(VLOOKUP(J32,Portfolio_Overview[[#All],[ticker]:[average per coin]],3,FALSE)*12,"") -> 4.2108 | AQ32: =IFERROR(AM32*AQ$4,"") -> 28.4544 | AR32: =IFERROR(AM32-AQ32,"") -> 28.4544 | AS32: =IFERROR(CO_entry[[#This Row],[Tokens Sold7]]*CO_entry[[#This Row],[Selling point 7]],"") -> 119.81579 | AT32: =IFERROR((AP32*AQ32)-(VLOOKUP(J32,Portfolio_Overview[[#All],[ticker]:[average per coin]],3,FALSE)*AQ32),"") -> 109.83114 | AU32: =IFERROR(P32+U32+Z32+AE32+AJ32+AO32+AT32,"") -> 434.30023 | AV32: =AR32 -> 28.4544 | AW32: =IFERROR(AV32*AP32,"") -> 119.81579
A33: Algorand | B33: ALGO | C33: 199.76 | D33: 1.702 | E33: 339.9915 | F33: 0.7385 | G33: 147.5228 | H33: 0.002154912 | J33: HBAR | K33: =IFERROR(VLOOKUP(J33,price_feed[[symbol]:[current_price]],3,FALSE),"") -> 0.208656 | L33: =IFERROR(VLOOKUP(J33,Portfolio_Overview[[#All],[ticker]:[average per coin]],3,FALSE)*2,"") -> 0.75 | M33: =IFERROR(VLOOKUP(J33,Portfolio_Overview[[#All],[ticker]:[average per coin]],2,FALSE)*M$4,"") -> 40 | N33: =IFERROR(VLOOKUP(CO_entry[[#This Row],[ticker]],Portfolio_Overview[[#All],[ticker]:[average per coin]],2,FALSE)-CO_entry[[#This Row],[Tokens Sold]],"") -> 160 | O33: =IFERROR(CO_entry[[#This Row],[Tokens Sold]]*CO_entry[[#This Row],[Selling point 1]],"") -> 30 | P33: =IFERROR((L33*M33)-(VLOOKUP(J33,Portfolio_Overview[[#All],[ticker]:[average per coin]],3,FALSE)*M33),"") -> 15 | Q33: =IFERROR(VLOOKUP(J33,Portfolio_Overview[[#All],[ticker]:[average per coin]],3,FALSE)*3.5,"") -> 1.3125 | R33: =IFERROR(N33*R$4,"") -> 32 | S33: =IFERROR(N33-R33,"") -> 128 | T33: =IFERROR(CO_entry[[#This Row],[Tokens Sold2]]*CO_entry[[#This Row],[Selling point 2]],"") -> 42 | U33: =IFERROR((Q33*R33)-(VLOOKUP(J33,Portfolio_Overview[[#All],[ticker]:[average per coin]],3,FALSE)*R33),"") -> 30 | V33: =IFERROR(VLOOKUP(J33,Portfolio_Overview[[#All],[ticker]:[average per coin]],3,FALSE)*4.5,"") -> 1.6875 | W33: =IFERROR(S33*W$4,"") -> 25.6 | X33: =IFERROR(S33-W33,"") -> 102.4 | Y33: =IFERROR(CO_entry[[#This Row],[Tokens Sold3]]*CO_entry[[#This Row],[Selling point 3]],"") -> 43.2 | Z33: =IFERROR((V33*W33)-(VLOOKUP(J33,Portfolio_Overview[[#All],[ticker]:[average per coin]],3,FALSE)*W33),"") -> 33.6 | AA33: =IFERROR(VLOOKUP(J33,Portfolio_Overview[[#All],[ticker]:[average per coin]],3,FALSE)*6,"") -> 2.25 | AB33: =IFERROR(X33*AB$4,"") -> 20.48 | AC33: =IFERROR(X33-AB33,"") -> 81.92 | AD33: =IFERROR(CO_entry[[#This Row],[Tokens Sold4]]*CO_entry[[#This Row],[Selling point 4]],"") -> 46.08 | AE33: =IFERROR((AA33*AB33)-(VLOOKUP(J33,Portfolio_Overview[[#All],[ticker]:[average per coin]],3,FALSE)*AB33),"") -> 38.4 | AF33: =IFERROR(VLOOKUP(J33,Portfolio_Overview[[#All],[ticker]:[average per coin]],3,FALSE)*8,"") -> 3 | AG33: =IFERROR(AC33*AG$4,"") -> 20.48 | AH33: =IFERROR(AC33-AG33,"") -> 61.44 | AI33: =IFERROR(CO_entry[[#This Row],[Tokens Sold5]]*CO_entry[[#This Row],[Selling point 5]],"") -> 61.44 | AJ33: =IFERROR((AF33*AG33)-(VLOOKUP(J33,Portfolio_Overview[[#All],[ticker]:[average per coin]],3,FALSE)*AG33),"") -> 53.76 | AK33: =IFERROR(VLOOKUP(J33,Portfolio_Overview[[#All],[ticker]:[average per coin]],3,FALSE)*10,"") -> 3.75 | AL33: =IFERROR(AH33*AL$4,"") -> 21.504 | AM33: =IFERROR(AH33-AL33,"") -> 39.936 | AN33: =IFERROR(CO_entry[[#This Row],[Tokens Sold6]]*CO_entry[[#This Row],[Selling point 6]],"") -> 80.64 | AO33: =IFERROR((AK33*AL33)-(VLOOKUP(J33,Portfolio_Overview[[#All],[ticker]:[average per coin]],3,FALSE)*AL33),"") -> 72.576 | AP33: =IFERROR(VLOOKUP(J33,Portfolio_Overview[[#All],[ticker]:[average per coin]],3,FALSE)*12,"") -> 4.5 | AQ33: =IFERROR(AM33*AQ$4,"") -> 19.968 | AR33: =IFERROR(AM33-AQ33,"") -> 19.968 | AS33: =IFERROR(CO_entry[[#This Row],[Tokens Sold7]]*CO_entry[[#This Row],[Selling point 7]],"") -> 89.856 | AT33: =IFERROR((AP33*AQ33)-(VLOOKUP(J33,Portfolio_Overview[[#All],[ticker]:[average per coin]],3,FALSE)*AQ33),"") -> 82.368 | AU33: =IFERROR(P33+U33+Z33+AE33+AJ33+AO33+AT33,"") -> 325.704 | AV33: =AR33 -> 19.968 | AW33: =IFERROR(AV33*AP33,"") -> 89.856
A34: Metahero | B34: HERO | C34: 3239.02 | D34: 0.1016 | E34: 329.0844 | F34: 0.0453 | G34: 146.7276 | H34: 0.0021432962 | J34: HERO | K34: =IFERROR(VLOOKUP(J34,price_feed[[symbol]:[current_price]],3,FALSE),"") -> 0.04534545 | L34: =IFERROR(VLOOKUP(J34,Portfolio_Overview[[#All],[ticker]:[average per coin]],3,FALSE)*2,"") -> 0.2032 | M34: =IFERROR(VLOOKUP(J34,Portfolio_Overview[[#All],[ticker]:[average per coin]],2,FALSE)*M$4,"") -> 647.804 | N34: =IFERROR(VLOOKUP(CO_entry[[#This Row],[ticker]],Portfolio_Overview[[#All],[ticker]:[average per coin]],2,FALSE)-CO_entry[[#This Row],[Tokens Sold]],"") -> 2591.216 | O34: =IFERROR(CO_entry[[#This Row],[Tokens Sold]]*CO_entry[[#This Row],[Selling point 1]],"") -> 131.63377 | P34: =IFERROR((L34*M34)-(VLOOKUP(J34,Portfolio_Overview[[#All],[ticker]:[average per coin]],3,FALSE)*M34),"") -> 65.816886 | Q34: =IFERROR(VLOOKUP(J34,Portfolio_Overview[[#All],[ticker]:[average per coin]],3,FALSE)*3.5,"") -> 0.3556 | R34: =IFERROR(N34*R$4,"") -> 518.2432 | S34: =IFERROR(N34-R34,"") -> 2072.9728 | T34: =IFERROR(CO_entry[[#This Row],[Tokens Sold2]]*CO_entry[[#This Row],[Selling point 2]],"") -> 184.28728 | U34: =IFERROR((Q34*R34)-(VLOOKUP(J34,Portfolio_Overview[[#All],[ticker]:[average per coin]],3,FALSE)*R34),"") -> 131.63377 | V34: =IFERROR(VLOOKUP(J34,Portfolio_Overview[[#All],[ticker]:[average per coin]],3,FALSE)*4.5,"") -> 0.4572 | W34: =IFERROR(S34*W$4,"") -> 414.59456 | X34: =IFERROR(S34-W34,"") -> 1658.3782 | Y34: =IFERROR(CO_entry[[#This Row],[Tokens Sold3]]*CO_entry[[#This Row],[Selling point 3]],"") -> 189.55263 | Z34: =IFERROR((V34*W34)-(VLOOKUP(J34,Portfolio_Overview[[#All],[ticker]:[average per coin]],3,FALSE)*W34),"") -> 147.42983 | AA34: =IFERROR(VLOOKUP(J34,Portfolio_Overview[[#All],[ticker]:[average per coin]],3,FALSE)*6,"") -> 0.6096 | AB34: =IFERROR(X34*AB$4,"") -> 331.67565 | AC34: =IFERROR(X34-AB34,"") -> 1326.7026 | AD34: =IFERROR(CO_entry[[#This Row],[Tokens Sold4]]*CO_entry[[#This Row],[Selling point 4]],"") -> 202.18948 | AE34: =IFERROR((AA34*AB34)-(VLOOKUP(J34,Portfolio_Overview[[#All],[ticker]:[average per coin]],3,FALSE)*AB34),"") -> 168.49123 | AF34: =IFERROR(VLOOKUP(J34,Portfolio_Overview[[#All],[ticker]:[average per coin]],3,FALSE)*8,"") -> 0.8128 | AG34: =IFERROR(AC34*AG$4,"") -> 331.67565 | AH34: =IFERROR(AC34-AG34,"") -> 995.02694 | AI34: =IFERROR(CO_entry[[#This Row],[Tokens Sold5]]*CO_entry[[#This Row],[Selling point 5]],"") -> 269.58597 | AJ34: =IFERROR((AF34*AG34)-(VLOOKUP(J34,Portfolio_Overview[[#All],[ticker]:[average per coin]],3,FALSE)*AG34),"") -> 235.88772 | AK34: =IFERROR(VLOOKUP(J34,Portfolio_Overview[[#All],[ticker]:[average per coin]],3,FALSE)*10,"") -> 1.016 | AL34: =IFERROR(AH34*AL$4,"") -> 348.25943 | AM34: =IFERROR(AH34-AL34,"") -> 646.76751 | AN34: =IFERROR(CO_entry[[#This Row],[Tokens Sold6]]*CO_entry[[#This Row],[Selling point 6]],"") -> 353.83158 | AO34: =IFERROR((AK34*AL34)-(VLOOKUP(J34,Portfolio_Overview[[#All],[ticker]:[average per coin]],3,FALSE)*AL34),"") -> 318.44842 | AP34: =IFERROR(VLOOKUP(J34,Portfolio_Overview[[#All],[ticker]:[average per coin]],3,FALSE)*12,"") -> 1.2192 | AQ34: =IFERROR(AM34*AQ$4,"") -> 323.38376 | AR34: =IFERROR(AM34-AQ34,"") -> 323.38376 | AS34: =IFERROR(CO_entry[[#This Row],[Tokens Sold7]]*CO_entry[[#This Row],[Selling point 7]],"") -> 394.26948 | AT34: =IFERROR((AP34*AQ34)-(VLOOKUP(J34,Portfolio_Overview[[#All],[ticker]:[average per coin]],3,FALSE)*AQ34),"") -> 361.41369 | AU34: =IFERROR(P34+U34+Z34+AE34+AJ34+AO34+AT34,"") -> 1429.1215 | AV34: =AR34 -> 323.38376 | AW34: =IFERROR(AV34*AP34,"") -> 394.26948
A35: Polygon | B35: MATIC | C35: 88.16 | D35: 0.7146 | E35: 62.9991 | F35: 1.46 | G35: 128.7136 | H35: 0.0018801601 | J35: KSM | K35: =IFERROR(VLOOKUP(J35,price_feed[[symbol]:[current_price]],3,FALSE),"") -> 148.57 | L35: =IFERROR(VLOOKUP(J35,Portfolio_Overview[[#All],[ticker]:[average per coin]],3,FALSE)*2,"") -> 762.2642 | M35: =IFERROR(VLOOKUP(J35,Portfolio_Overview[[#All],[ticker]:[average per coin]],2,FALSE)*M$4,"") -> 0.106 | N35: =IFERROR(VLOOKUP(CO_entry[[#This Row],[ticker]],Portfolio_Overview[[#All],[ticker]:[average per coin]],2,FALSE)-CO_entry[[#This Row],[Tokens Sold]],"") -> 0.424 | O35: =IFERROR(CO_entry[[#This Row],[Tokens Sold]]*CO_entry[[#This Row],[Selling point 1]],"") -> 80.800005 | P35: =IFERROR((L35*M35)-(VLOOKUP(J35,Portfolio_Overview[[#All],[ticker]:[average per coin]],3,FALSE)*M35),"") -> 40.400003 | Q35: =IFERROR(VLOOKUP(J35,Portfolio_Overview[[#All],[ticker]:[average per coin]],3,FALSE)*3.5,"") -> 1333.9624 | R35: =IFERROR(N35*R$4,"") -> 0.0848 | S35: =IFERROR(N35-R35,"") -> 0.3392 | T35: =IFERROR(CO_entry[[#This Row],[Tokens Sold2]]*CO_entry[[#This Row],[Selling point 2]],"") -> 113.12001 | U35: =IFERROR((Q35*R35)-(VLOOKUP(J35,Portfolio_Overview[[#All],[ticker]:[average per coin]],3,FALSE)*R35),"") -> 80.800005 | V35: =IFERROR(VLOOKUP(J35,Portfolio_Overview[[#All],[ticker]:[average per coin]],3,FALSE)*4.5,"") -> 1715.0944 | W35: =IFERROR(S35*W$4,"") -> 0.06784 | X35: =IFERROR(S35-W35,"") -> 0.27136 | Y35: =IFERROR(CO_entry[[#This Row],[Tokens Sold3]]*CO_entry[[#This Row],[Selling point 3]],"") -> 116.35201 | Z35: =IFERROR((V35*W35)-(VLOOKUP(J35,Portfolio_Overview[[#All],[ticker]:[average per coin]],3,FALSE)*W35),"") -> 90.496006 | AA35: =IFERROR(VLOOKUP(J35,Portfolio_Overview[[#All],[ticker]:[average per coin]],3,FALSE)*6,"") -> 2286.7926 | AB35: =IFERROR(X35*AB$4,"") -> 0.054272 | AC35: =IFERROR(X35-AB35,"") -> 0.217088 | AD35: =IFERROR(CO_entry[[#This Row],[Tokens Sold4]]*CO_entry[[#This Row],[Selling point 4]],"") -> 124.10881 | AE35: =IFERROR((AA35*AB35)-(VLOOKUP(J35,Portfolio_Overview[[#All],[ticker]:[average per coin]],3,FALSE)*AB35),"") -> 103.42401 | AF35: =IFERROR(VLOOKUP(J35,Portfolio_Overview[[#All],[ticker]:[average per coin]],3,FALSE)*8,"") -> 3049.0568 | AG35: =IFERROR(AC35*AG$4,"") -> 0.054272 | AH35: =IFERROR(AC35-AG35,"") -> 0.162816 | AI35: =IFERROR(CO_entry[[#This Row],[Tokens Sold5]]*CO_entry[[#This Row],[Selling point 5]],"") -> 165.47841 | AJ35: =IFERROR((AF35*AG35)-(VLOOKUP(J35,Portfolio_Overview[[#All],[ticker]:[average per coin]],3,FALSE)*AG35),"") -> 144.79361 | AK35: =IFERROR(VLOOKUP(J35,Portfolio_Overview[[#All],[ticker]:[average per coin]],3,FALSE)*10,"") -> 3811.321 | AL35: =IFERROR(AH35*AL$4,"") -> 0.0569856 | AM35: =IFERROR(AH35-AL35,"") -> 0.1058304 | AN35: =IFERROR(CO_entry[[#This Row],[Tokens Sold6]]*CO_entry[[#This Row],[Selling point 6]],"") -> 217.19041 | AO35: =IFERROR((AK35*AL35)-(VLOOKUP(J35,Portfolio_Overview[[#All],[ticker]:[average per coin]],3,FALSE)*AL35),"") -> 195.47137 | AP35: =IFERROR(VLOOKUP(J35,Portfolio_Overview[[#All],[ticker]:[average per coin]],3,FALSE)*12,"") -> 4573.5852 | AQ35: =IFERROR(AM35*AQ$4,"") -> 0.0529152 | AR35: =IFERROR(AM35-AQ35,"") -> 0.0529152 | AS35: =IFERROR(CO_entry[[#This Row],[Tokens Sold7]]*CO_entry[[#This Row],[Selling point 7]],"") -> 242.01218 | AT35: =IFERROR((AP35*AQ35)-(VLOOKUP(J35,Portfolio_Overview[[#All],[ticker]:[average per coin]],3,FALSE)*AQ35),"") -> 221.84449 | AU35: =IFERROR(P35+U35+Z35+AE35+AJ35+AO35+AT35,"") -> 877.2295 | AV35: =AR35 -> 0.0529152 | AW35: =IFERROR(AV35*AP35,"") -> 242.01218
... A38: Ovr | B38: OVR | C38: 56.92 | D38: 1.7569 | E38: 100.0027 | F38: 1.54 | G38: 87.6568 | H38: 0.0012804305 | J38: LOOKS | K38: =IFERROR(VLOOKUP(J38,price_feed[[symbol]:[current_price]],3,FALSE),"") -> 1.49 | L38: =IFERROR(VLOOKUP(J38,Portfolio_Overview[[#All],[ticker]:[average per coin]],3,FALSE)*2,"") -> 3.0864 | M38: =IFERROR(VLOOKUP(J38,Portfolio_Overview[[#All],[ticker]:[average per coin]],2,FALSE)*M$4,"") -> 11.664 | N38: =IFERROR(VLOOKUP(CO_entry[[#This Row],[ticker]],Portfolio_Overview[[#All],[ticker]:[average per coin]],2,FALSE)-CO_entry[[#This Row],[Tokens Sold]],"") -> 46.656 | O38: =IFERROR(CO_entry[[#This Row],[Tokens Sold]]*CO_entry[[#This Row],[Selling point 1]],"") -> 35.99977 | P38: =IFERROR((L38*M38)-(VLOOKUP(J38,Portfolio_Overview[[#All],[ticker]:[average per coin]],3,FALSE)*M38),"") -> 17.999885 | Q38: =IFERROR(VLOOKUP(J38,Portfolio_Overview[[#All],[ticker]:[average per coin]],3,FALSE)*3.5,"") -> 5.4012 | R38: =IFERROR(N38*R$4,"") -> 9.3312 | S38: =IFERROR(N38-R38,"") -> 37.3248 | T38: =IFERROR(CO_entry[[#This Row],[Tokens Sold2]]*CO_entry[[#This Row],[Selling point 2]],"") -> 50.399677 | U38: =IFERROR((Q38*R38)-(VLOOKUP(J38,Portfolio_Overview[[#All],[ticker]:[average per coin]],3,FALSE)*R38),"") -> 35.99977 | V38: =IFERROR(VLOOKUP(J38,Portfolio_Overview[[#All],[ticker]:[average per coin]],3,FALSE)*4.5,"") -> 6.9444 | W38: =IFERROR(S38*W$4,"") -> 7.46496 | X38: =IFERROR(S38-W38,"") -> 29.85984 | Y38: =IFERROR(CO_entry[[#This Row],[Tokens Sold3]]*CO_entry[[#This Row],[Selling point 3]],"") -> 51.839668 | Z38: =IFERROR((V38*W38)-(VLOOKUP(J38,Portfolio_Overview[[#All],[ticker]:[average per coin]],3,FALSE)*W38),"") -> 40.319742 | AA38: =IFERROR(VLOOKUP(J38,Portfolio_Overview[[#All],[ticker]:[average per coin]],3,FALSE)*6,"") -> 9.2592 | AB38: =IFERROR(X38*AB$4,"") -> 5.971968 | AC38: =IFERROR(X38-AB38,"") -> 23.887872 | AD38: =IFERROR(CO_entry[[#This Row],[Tokens Sold4]]*CO_entry[[#This Row],[Selling point 4]],"") -> 55.295646 | AE38: =IFERROR((AA38*AB38)-(VLOOKUP(J38,Portfolio_Overview[[#All],[ticker]:[average per coin]],3,FALSE)*AB38),"") -> 46.079705 | AF38: =IFERROR(VLOOKUP(J38,Portfolio_Overview[[#All],[ticker]:[average per coin]],3,FALSE)*8,"") -> 12.3456 | AG38: =IFERROR(AC38*AG$4,"") -> 5.971968 | AH38: =IFERROR(AC38-AG38,"") -> 17.915904 | AI38: =IFERROR(CO_entry[[#This Row],[Tokens Sold5]]*CO_entry[[#This Row],[Selling point 5]],"") -> 73.727528 | AJ38: =IFERROR((AF38*AG38)-(VLOOKUP(J38,Portfolio_Overview[[#All],[ticker]:[average per coin]],3,FALSE)*AG38),"") -> 64.511587 | AK38: =IFERROR(VLOOKUP(J38,Portfolio_Overview[[#All],[ticker]:[average per coin]],3,FALSE)*10,"") -> 15.432 | AL38: =IFERROR(AH38*AL$4,"") -> 6.2705664 | AM38: =IFERROR(AH38-AL38,"") -> 11.645338 | AN38: =IFERROR(CO_entry[[#This Row],[Tokens Sold6]]*CO_entry[[#This Row],[Selling point 6]],"") -> 96.767381 | AO38: =IFERROR((AK38*AL38)-(VLOOKUP(J38,Portfolio_Overview[[#All],[ticker]:[average per coin]],3,FALSE)*AL38),"") -> 87.090643 | AP38: =IFERROR(VLOOKUP(J38,Portfolio_Overview[[#All],[ticker]:[average per coin]],3,FALSE)*12,"") -> 18.5184 | AQ38: =IFERROR(AM38*AQ$4,"") -> 5.8226688 | AR38: =IFERROR(AM38-AQ38,"") -> 5.8226688 | AS38: =IFERROR(CO_entry[[#This Row],[Tokens Sold7]]*CO_entry[[#This Row],[Selling point 7]],"") -> 107.82651 | AT38: =IFERROR((AP38*AQ38)-(VLOOKUP(J38,Portfolio_Overview[[#All],[ticker]:[average per coin]],3,FALSE)*AQ38),"") -> 98.840967 | AU38: =IFERROR(P38+U38+Z38+AE38+AJ38+AO38+AT38,"") -> 390.8423 | AV38: =AR38 -> 5.8226688 | AW38: =IFERROR(AV38*AP38,"") -> 107.82651
A39: Raydium | B39: RAY | C39: 32.21 | D39: 8.693 | E39: 280.0015 | F39: 2.7 | G39: 86.967 | H39: 0.0012703543 | J39: LUNA | K39: =IFERROR(VLOOKUP(J39,price_feed[[symbol]:[current_price]],3,FALSE),"") -> 90.78 | L39: =IFERROR(VLOOKUP(J39,Portfolio_Overview[[#All],[ticker]:[average per coin]],3,FALSE)*1.5,"") -> 72.0558 | M39: =IFERROR(VLOOKUP(J39,Portfolio_Overview[[#All],[ticker]:[average per coin]],2,FALSE)*M$4,"") -> 5.808 | N39: =IFERROR(VLOOKUP(CO_entry[[#This Row],[ticker]],Portfolio_Overview[[#All],[ticker]:[average per coin]],2,FALSE)-CO_entry[[#This Row],[Tokens Sold]],"") -> 23.232 | O39: =IFERROR(CO_entry[[#This Row],[Tokens Sold]]*CO_entry[[#This Row],[Selling point 1]],"") -> 418.50009 | P39: =IFERROR((L39*M39)-(VLOOKUP(J39,Portfolio_Overview[[#All],[ticker]:[average per coin]],3,FALSE)*M39),"") -> 139.50003 | Q39: =IFERROR(VLOOKUP(J39,Portfolio_Overview[[#All],[ticker]:[average per coin]],3,FALSE)*3.5,"") -> 168.1302 | R39: =IFERROR(N39*R$4,"") -> 4.6464 | S39: =IFERROR(N39-R39,"") -> 18.5856 | T39: =IFERROR(CO_entry[[#This Row],[Tokens Sold2]]*CO_entry[[#This Row],[Selling point 2]],"") -> 781.20016 | U39: =IFERROR((Q39*R39)-(VLOOKUP(J39,Portfolio_Overview[[#All],[ticker]:[average per coin]],3,FALSE)*R39),"") -> 558.00012 | V39: =IFERROR(VLOOKUP(J39,Portfolio_Overview[[#All],[ticker]:[average per coin]],3,FALSE)*4.5,"") -> 216.1674 | W39: =IFERROR(S39*W$4,"") -> 3.71712 | X39: =IFERROR(S39-W39,"") -> 14.86848 | Y39: =IFERROR(CO_entry[[#This Row],[Tokens Sold3]]*CO_entry[[#This Row],[Selling point 3]],"") -> 803.52017 | Z39: =IFERROR((V39*W39)-(VLOOKUP(J39,Portfolio_Overview[[#All],[ticker]:[average per coin]],3,FALSE)*W39),"") -> 624.96013 | AA39: =IFERROR(VLOOKUP(J39,Portfolio_Overview[[#All],[ticker]:[average per coin]],3,FALSE)*6,"") -> 288.2232 | AB39: =IFERROR(X39*AB$4,"") -> 2.973696 | AC39: =IFERROR(X39-AB39,"") -> 11.894784 | AD39: =IFERROR(CO_entry[[#This Row],[Tokens Sold4]]*CO_entry[[#This Row],[Selling point 4]],"") -> 857.08818 | AE39: =IFERROR((AA39*AB39)-(VLOOKUP(J39,Portfolio_Overview[[#All],[ticker]:[average per coin]],3,FALSE)*AB39),"") -> 714.24015 | AF39: =IFERROR(VLOOKUP(J39,Portfolio_Overview[[#All],[ticker]:[average per coin]],3,FALSE)*8,"") -> 384.2976 | AG39: =IFERROR(AC39*AG$4,"") -> 2.973696 | AH39: =IFERROR(AC39-AG39,"") -> 8.921088 | AI39: =IFERROR(CO_entry[[#This Row],[Tokens Sold5]]*CO_entry[[#This Row],[Selling point 5]],"") -> 1142.7842 | AJ39: =IFERROR((AF39*AG39)-(VLOOKUP(J39,Portfolio_Overview[[#All],[ticker]:[average per coin]],3,FALSE)*AG39),"") -> 999.93621 | AK39: =IFERROR(VLOOKUP(J39,Portfolio_Overview[[#All],[ticker]:[average per coin]],3,FALSE)*10,"") -> 480.372 | AL39: =IFERROR(AH39*AL$4,"") -> 3.1223808 | AM39: =IFERROR(AH39-AL39,"") -> 5.7987072 | AN39: =IFERROR(CO_entry[[#This Row],[Tokens Sold6]]*CO_entry[[#This Row],[Selling point 6]],"") -> 1499.9043 | AO39: =IFERROR((AK39*AL39)-(VLOOKUP(J39,Portfolio_Overview[[#All],[ticker]:[average per coin]],3,FALSE)*AL39),"") -> 1349.9139 | AP39: =IFERROR(VLOOKUP(J39,Portfolio_Overview[[#All],[ticker]:[average per coin]],3,FALSE)*12,"") -> 576.4464 | AQ39: =IFERROR(AM39*AQ$4,"") -> 2.8993536 | AR39: =IFERROR(AM39-AQ39,"") -> 2.8993536 | AS39: =IFERROR(CO_entry[[#This Row],[Tokens Sold7]]*CO_entry[[#This Row],[Selling point 7]],"") -> 1671.3219 | AT39: =IFERROR((AP39*AQ39)-(VLOOKUP(J39,Portfolio_Overview[[#All],[ticker]:[average per coin]],3,FALSE)*AQ39),"") -> 1532.0451 | AU39: =IFERROR(P39+U39+Z39+AE39+AJ39+AO39+AT39,"") -> 5918.5956 | AV39: =AR39 -> 2.8993536 | AW39: =IFERROR(AV39*AP39,"") -> 1671.3219
A40: LooksRare | B40: LOOKS | C40: 58.32 | D40: 1.5432 | E40: 89.9994 | F40: 1.49 | G40: 86.8968 | H40: 0.0012693289 | J40: MATIC | K40: =IFERROR(VLOOKUP(J40,price_feed[[symbol]:[current_price]],3,FALSE),"") -> 1.46 | L40: =IFERROR(VLOOKUP(J40,Portfolio_Overview[[#All],[ticker]:[average per coin]],3,FALSE)*3,"") -> 2.1438 | M40: =IFERROR(VLOOKUP(J40,Portfolio_Overview[[#All],[ticker]:[average per coin]],2,FALSE)*M$4,"") -> 17.632 | N40: =IFERROR(VLOOKUP(CO_entry[[#This Row],[ticker]],Portfolio_Overview[[#All],[ticker]:[average per coin]],2,FALSE)-CO_entry[[#This Row],[Tokens Sold]],"") -> 70.528 | O40: =IFERROR(CO_entry[[#This Row],[Tokens Sold]]*CO_entry[[#This Row],[Selling point 1]],"") -> 37.799482 | P40: =IFERROR((L40*M40)-(VLOOKUP(J40,Portfolio_Overview[[#All],[ticker]:[average per coin]],3,FALSE)*M40),"") -> 25.199654 | Q40: =IFERROR(VLOOKUP(J40,Portfolio_Overview[[#All],[ticker]:[average per coin]],3,FALSE)*3.5,"") -> 2.5011 | R40: =IFERROR(N40*R$4,"") -> 14.1056 | S40: =IFERROR(N40-R40,"") -> 56.4224 | T40: =IFERROR(CO_entry[[#This Row],[Tokens Sold2]]*CO_entry[[#This Row],[Selling point 2]],"") -> 35.279516 | U40: =IFERROR((Q40*R40)-(VLOOKUP(J40,Portfolio_Overview[[#All],[ticker]:[average per coin]],3,FALSE)*R40),"") -> 25.199654 | V40: =IFERROR(VLOOKUP(J40,Portfolio_Overview[[#All],[ticker]:[average per coin]],3,FALSE)*4.5,"") -> 3.2157 | W40: =IFERROR(S40*W$4,"") -> 11.28448 | X40: =IFERROR(S40-W40,"") -> 45.13792 | Y40: =IFERROR(CO_entry[[#This Row],[Tokens Sold3]]*CO_entry[[#This Row],[Selling point 3]],"") -> 36.287502 | Z40: =IFERROR((V40*W40)-(VLOOKUP(J40,Portfolio_Overview[[#All],[ticker]:[average per coin]],3,FALSE)*W40),"") -> 28.223613 | AA40: =IFERROR(VLOOKUP(J40,Portfolio_Overview[[#All],[ticker]:[average per coin]],3,FALSE)*6,"") -> 4.2876 | AB40: =IFERROR(X40*AB$4,"") -> 9.027584 | AC40: =IFERROR(X40-AB40,"") -> 36.110336 | AD40: =IFERROR(CO_entry[[#This Row],[Tokens Sold4]]*CO_entry[[#This Row],[Selling point 4]],"") -> 38.706669 | AE40: =IFERROR((AA40*AB40)-(VLOOKUP(J40,Portfolio_Overview[[#All],[ticker]:[average per coin]],3,FALSE)*AB40),"") -> 32.255558 | AF40: =IFERROR(VLOOKUP(J40,Portfolio_Overview[[#All],[ticker]:[average per coin]],3,FALSE)*8,"") -> 5.7168 | AG40: =IFERROR(AC40*AG$4,"") -> 9.027584 | AH40: =IFERROR(AC40-AG40,"") -> 27.082752 | AI40: =IFERROR(CO_entry[[#This Row],[Tokens Sold5]]*CO_entry[[#This Row],[Selling point 5]],"") -> 51.608892 | AJ40: =IFERROR((AF40*AG40)-(VLOOKUP(J40,Portfolio_Overview[[#All],[ticker]:[average per coin]],3,FALSE)*AG40),"") -> 45.157781 | AK40: =IFERROR(VLOOKUP(J40,Portfolio_Overview[[#All],[ticker]:[average per coin]],3,FALSE)*10,"") -> 7.146 | AL40: =IFERROR(AH40*AL$4,"") -> 9.4789632 | AM40: =IFERROR(AH40-AL40,"") -> 17.603789 | AN40: =IFERROR(CO_entry[[#This Row],[Tokens Sold6]]*CO_entry[[#This Row],[Selling point 6]],"") -> 67.736671 | AO40: =IFERROR((AK40*AL40)-(VLOOKUP(J40,Portfolio_Overview[[#All],[ticker]:[average per coin]],3,FALSE)*AL40),"") -> 60.963004 | AP40: =IFERROR(VLOOKUP(J40,Portfolio_Overview[[#All],[ticker]:[average per coin]],3,FALSE)*12,"") -> 8.5752 | AQ40: =IFERROR(AM40*AQ$4,"") -> 8.8018944 | AR40: =IFERROR(AM40-AQ40,"") -> 8.8018944 | AS40: =IFERROR(CO_entry[[#This Row],[Tokens Sold7]]*CO_entry[[#This Row],[Selling point 7]],"") -> 75.478005 | AT40: =IFERROR((AP40*AQ40)-(VLOOKUP(J40,Portfolio_Overview[[#All],[ticker]:[average per coin]],3,FALSE)*AQ40),"") -> 69.188171 | AU40: =IFERROR(P40+U40+Z40+AE40+AJ40+AO40+AT40,"") -> 286.18744 | AV40: =AR40 -> 8.8018944 | AW40: =IFERROR(AV40*AP40,"") -> 75.478005
A41: The Sandbox | B41: SAND | C41: 27 | D41: 1.8148 | E41: 48.9996 | F41: 3.08 | G41: 83.16 | H41: 0.0012147443 | J41: MOVR | K41: =IFERROR(VLOOKUP(J41,price_feed[[symbol]:[current_price]],3,FALSE),"") -> 59.08 | L41: =IFERROR(VLOOKUP(J41,Portfolio_Overview[[#All],[ticker]:[average per coin]],3,FALSE)*2,"") -> 711.1112 | M41: =IFERROR(VLOOKUP(J41,Portfolio_Overview[[#All],[ticker]:[average per coin]],2,FALSE)*M$4,"") -> 0.045 | N41: =IFERROR(VLOOKUP(CO_entry[[#This Row],[ticker]],Portfolio_Overview[[#All],[ticker]:[average per coin]],2,FALSE)-CO_entry[[#This Row],[Tokens Sold]],"") -> 0.18 | O41: =IFERROR(CO_entry[[#This Row],[Tokens Sold]]*CO_entry[[#This Row],[Selling point 1]],"") -> 32.000004 | P41: =IFERROR((L41*M41)-(VLOOKUP(J41,Portfolio_Overview[[#All],[ticker]:[average per coin]],3,FALSE)*M41),"") -> 16.000002 | Q41: =IFERROR(VLOOKUP(J41,Portfolio_Overview[[#All],[ticker]:[average per coin]],3,FALSE)*3.5,"") -> 1244.4446 | R41: =IFERROR(N41*R$4,"") -> 0.036 | S41: =IFERROR(N41-R41,"") -> 0.144 | T41: =IFERROR(CO_entry[[#This Row],[Tokens Sold2]]*CO_entry[[#This Row],[Selling point 2]],"") -> 44.800006 | U41: =IFERROR((Q41*R41)-(VLOOKUP(J41,Portfolio_Overview[[#All],[ticker]:[average per coin]],3,FALSE)*R41),"") -> 32.000004 | V41: =IFERROR(VLOOKUP(J41,Portfolio_Overview[[#All],[ticker]:[average per coin]],3,FALSE)*4.5,"") -> 1600.0002 | W41: =IFERROR(S41*W$4,"") -> 0.0288 | X41: =IFERROR(S41-W41,"") -> 0.1152 | Y41: =IFERROR(CO_entry[[#This Row],[Tokens Sold3]]*CO_entry[[#This Row],[Selling point 3]],"") -> 46.080006 | Z41: =IFERROR((V41*W41)-(VLOOKUP(J41,Portfolio_Overview[[#All],[ticker]:[average per coin]],3,FALSE)*W41),"") -> 35.840004 | AA41: =IFERROR(VLOOKUP(J41,Portfolio_Overview[[#All],[ticker]:[average per coin]],3,FALSE)*6,"") -> 2133.3336 | AB41: =IFERROR(X41*AB$4,"") -> 0.02304 | AC41: =IFERROR(X41-AB41,"") -> 0.09216 | AD41: =IFERROR(CO_entry[[#This Row],[Tokens Sold4]]*CO_entry[[#This Row],[Selling point 4]],"") -> 49.152006 | AE41: =IFERROR((AA41*AB41)-(VLOOKUP(J41,Portfolio_Overview[[#All],[ticker]:[average per coin]],3,FALSE)*AB41),"") -> 40.960005 | AF41: =IFERROR(VLOOKUP(J41,Portfolio_Overview[[#All],[ticker]:[average per coin]],3,FALSE)*8,"") -> 2844.4448 | AG41: =IFERROR(AC41*AG$4,"") -> 0.02304 | AH41: =IFERROR(AC41-AG41,"") -> 0.06912 | AI41: =IFERROR(CO_entry[[#This Row],[Tokens Sold5]]*CO_entry[[#This Row],[Selling point 5]],"") -> 65.536008 | AJ41: =IFERROR((AF41*AG41)-(VLOOKUP(J41,Portfolio_Overview[[#All],[ticker]:[average per coin]],3,FALSE)*AG41),"") -> 57.344007 | AK41: =IFERROR(VLOOKUP(J41,Portfolio_Overview[[#All],[ticker]:[average per coin]],3,FALSE)*10,"") -> 3555.556 | AL41: =IFERROR(AH41*AL$4,"") -> 0.024192 | AM41: =IFERROR(AH41-AL41,"") -> 0.044928 | AN41: =IFERROR(CO_entry[[#This Row],[Tokens Sold6]]*CO_entry[[#This Row],[Selling point 6]],"") -> 86.016011 | AO41: =IFERROR((AK41*AL41)-(VLOOKUP(J41,Portfolio_Overview[[#All],[ticker]:[average per coin]],3,FALSE)*AL41),"") -> 77.41441 | AP41: =IFERROR(VLOOKUP(J41,Portfolio_Overview[[#All],[ticker]:[average per coin]],3,FALSE)*12,"") -> 4266.6672 | AQ41: =IFERROR(AM41*AQ$4,"") -> 0.022464 | AR41: =IFERROR(AM41-AQ41,"") -> 0.022464 | AS41: =IFERROR(CO_entry[[#This Row],[Tokens Sold7]]*CO_entry[[#This Row],[Selling point 7]],"") -> 95.846412 | AT41: =IFERROR((AP41*AQ41)-(VLOOKUP(J41,Portfolio_Overview[[#All],[ticker]:[average per coin]],3,FALSE)*AQ41),"") -> 87.859211 | AU41: =IFERROR(P41+U41+Z41+AE41+AJ41+AO41+AT41,"") -> 347.41764 | AV41: =AR41 -> 0.022464 | AW41: =IFERROR(AV41*AP41,"") -> 95.846412
A42: GenesysGo Shadow | B42: SHDW | C42: 116.14 | D42: 1.7393 | E42: 202.0023 | F42: 0.7073 | G42: 82.1458 | H42: 0.0011999295 | J42: MTV | K42: =IFERROR(VLOOKUP(J42,price_feed[[symbol]:[current_price]],3,FALSE),"") -> 0.00575695 | L42: =IFERROR(VLOOKUP(J42,Portfolio_Overview[[#All],[ticker]:[average per coin]],3,FALSE)*2,"") -> 0.033 | M42: =IFERROR(VLOOKUP(J42,Portfolio_Overview[[#All],[ticker]:[average per coin]],2,FALSE)*M$4,"") -> 970 | N42: =IFERROR(VLOOKUP(CO_entry[[#This Row],[ticker]],Portfolio_Overview[[#All],[ticker]:[average per coin]],2,FALSE)-CO_entry[[#This Row],[Tokens Sold]],"") -> 3880 | O42: =IFERROR(CO_entry[[#This Row],[Tokens Sold]]*CO_entry[[#This Row],[Selling point 1]],"") -> 32.01 | P42: =IFERROR((L42*M42)-(VLOOKUP(J42,Portfolio_Overview[[#All],[ticker]:[average per coin]],3,FALSE)*M42),"") -> 16.005 | Q42: =IFERROR(VLOOKUP(J42,Portfolio_Overview[[#All],[ticker]:[average per coin]],3,FALSE)*3.5,"") -> 0.05775 | R42: =IFERROR(N42*R$4,"") -> 776 | S42: =IFERROR(N42-R42,"") -> 3104 | T42: =IFERROR(CO_entry[[#This Row],[Tokens Sold2]]*CO_entry[[#This Row],[Selling point 2]],"") -> 44.814 | U42: =IFERROR((Q42*R42)-(VLOOKUP(J42,Portfolio_Overview[[#All],[ticker]:[average per coin]],3,FALSE)*R42),"") -> 32.01 | V42: =IFERROR(VLOOKUP(J42,Portfolio_Overview[[#All],[ticker]:[average per coin]],3,FALSE)*4.5,"") -> 0.07425 | W42: =IFERROR(S42*W$4,"") -> 620.8 | X42: =IFERROR(S42-W42,"") -> 2483.2 | Y42: =IFERROR(CO_entry[[#This Row],[Tokens Sold3]]*CO_entry[[#This Row],[Selling point 3]],"") -> 46.0944 | Z42: =IFERROR((V42*W42)-(VLOOKUP(J42,Portfolio_Overview[[#All],[ticker]:[average per coin]],3,FALSE)*W42),"") -> 35.8512 | AA42: =IFERROR(VLOOKUP(J42,Portfolio_Overview[[#All],[ticker]:[average per coin]],3,FALSE)*6,"") -> 0.099 | AB42: =IFERROR(X42*AB$4,"") -> 496.64 | AC42: =IFERROR(X42-AB42,"") -> 1986.56 | AD42: =IFERROR(CO_entry[[#This Row],[Tokens Sold4]]*CO_entry[[#This Row],[Selling point 4]],"") -> 49.16736 | AE42: =IFERROR((AA42*AB42)-(VLOOKUP(J42,Portfolio_Overview[[#All],[ticker]:[average per coin]],3,FALSE)*AB42),"") -> 40.9728 | AF42: =IFERROR(VLOOKUP(J42,Portfolio_Overview[[#All],[ticker]:[average per coin]],3,FALSE)*8,"") -> 0.132 | AG42: =IFERROR(AC42*AG$4,"") -> 496.64 | AH42: =IFERROR(AC42-AG42,"") -> 1489.92 | AI42: =IFERROR(CO_entry[[#This Row],[Tokens Sold5]]*CO_entry[[#This Row],[Selling point 5]],"") -> 65.55648 | AJ42: =IFERROR((AF42*AG42)-(VLOOKUP(J42,Portfolio_Overview[[#All],[ticker]:[average per coin]],3,FALSE)*AG42),"") -> 57.36192 | AK42: =IFERROR(VLOOKUP(J42,Portfolio_Overview[[#All],[ticker]:[average per coin]],3,FALSE)*10,"") -> 0.165 | AL42: =IFERROR(AH42*AL$4,"") -> 521.472 | AM42: =IFERROR(AH42-AL42,"") -> 968.448 | AN42: =IFERROR(CO_entry[[#This Row],[Tokens Sold6]]*CO_entry[[#This Row],[Selling point 6]],"") -> 86.04288 | AO42: =IFERROR((AK42*AL42)-(VLOOKUP(J42,Portfolio_Overview[[#All],[ticker]:[average per coin]],3,FALSE)*AL42),"") -> 77.438592 | AP42: =IFERROR(VLOOKUP(J42,Portfolio_Overview[[#All],[ticker]:[average per coin]],3,FALSE)*12,"") -> 0.198 | AQ42: =IFERROR(AM42*AQ$4,"") -> 484.224 | AR42: =IFERROR(AM42-AQ42,"") -> 484.224 | AS42: =IFERROR(CO_entry[[#This Row],[Tokens Sold7]]*CO_entry[[#This Row],[Selling point 7]],"") -> 95.876352 | AT42: =IFERROR((AP42*AQ42)-(VLOOKUP(J42,Portfolio_Overview[[#All],[ticker]:[average per coin]],3,FALSE)*AQ42),"") -> 87.886656 | AU42: =IFERROR(P42+U42+Z42+AE42+AJ42+AO42+AT42,"") -> 347.52617 | AV42: =AR42 -> 484.224 | AW42: =IFERROR(AV42*AP42,"") -> 95.876352
A43: Kusama | B43: KSM | C43: 0.53 | D43: 381.1321 | E43: 202 | F43: 148.57 | G43: 78.7421 | H43: 0.0011502106 | J43: NEAR | K43: =IFERROR(VLOOKUP(J43,price_feed[[symbol]:[current_price]],3,FALSE),"") -> 10.6 | L43: =IFERROR(VLOOKUP(J43,Portfolio_Overview[[#All],[ticker]:[average per coin]],3,FALSE)*2,"") -> 28.3632 | M43: =IFERROR(VLOOKUP(J43,Portfolio_Overview[[#All],[ticker]:[average per coin]],2,FALSE)*M$4,"") -> 5.486 | N43: =IFERROR(VLOOKUP(CO_entry[[#This Row],[ticker]],Portfolio_Overview[[#All],[ticker]:[average per coin]],2,FALSE)-CO_entry[[#This Row],[Tokens Sold]],"") -> 21.944 | O43: =IFERROR(CO_entry[[#This Row],[Tokens Sold]]*CO_entry[[#This Row],[Selling point 1]],"") -> 155.60052 | P43: =IFERROR((L43*M43)-(VLOOKUP(J43,Portfolio_Overview[[#All],[ticker]:[average per coin]],3,FALSE)*M43),"") -> 77.800258 | Q43: =IFERROR(VLOOKUP(J43,Portfolio_Overview[[#All],[ticker]:[average per coin]],3,FALSE)*3.5,"") -> 49.6356 | R43: =IFERROR(N43*R$4,"") -> 4.3888 | S43: =IFERROR(N43-R43,"") -> 17.5552 | T43: =IFERROR(CO_entry[[#This Row],[Tokens Sold2]]*CO_entry[[#This Row],[Selling point 2]],"") -> 217.84072 | U43: =IFERROR((Q43*R43)-(VLOOKUP(J43,Portfolio_Overview[[#All],[ticker]:[average per coin]],3,FALSE)*R43),"") -> 155.60052 | V43: =IFERROR(VLOOKUP(J43,Portfolio_Overview[[#All],[ticker]:[average per coin]],3,FALSE)*4.5,"") -> 63.8172 | W43: =IFERROR(S43*W$4,"") -> 3.51104 | X43: =IFERROR(S43-W43,"") -> 14.04416 | Y43: =IFERROR(CO_entry[[#This Row],[Tokens Sold3]]*CO_entry[[#This Row],[Selling point 3]],"") -> 224.06474 | Z43: =IFERROR((V43*W43)-(VLOOKUP(J43,Portfolio_Overview[[#All],[ticker]:[average per coin]],3,FALSE)*W43),"") -> 174.27258 | AA43: =IFERROR(VLOOKUP(J43,Portfolio_Overview[[#All],[ticker]:[average per coin]],3,FALSE)*6,"") -> 85.0896 | AB43: =IFERROR(X43*AB$4,"") -> 2.808832 | AC43: =IFERROR(X43-AB43,"") -> 11.235328 | AD43: =IFERROR(CO_entry[[#This Row],[Tokens Sold4]]*CO_entry[[#This Row],[Selling point 4]],"") -> 239.00239 | AE43: =IFERROR((AA43*AB43)-(VLOOKUP(J43,Portfolio_Overview[[#All],[ticker]:[average per coin]],3,FALSE)*AB43),"") -> 199.16866 | AF43: =IFERROR(VLOOKUP(J43,Portfolio_Overview[[#All],[ticker]:[average per coin]],3,FALSE)*8,"") -> 113.4528 | AG43: =IFERROR(AC43*AG$4,"") -> 2.808832 | AH43: =IFERROR(AC43-AG43,"") -> 8.426496 | AI43: =IFERROR(CO_entry[[#This Row],[Tokens Sold5]]*CO_entry[[#This Row],[Selling point 5]],"") -> 318.66986 | AJ43: =IFERROR((AF43*AG43)-(VLOOKUP(J43,Portfolio_Overview[[#All],[ticker]:[average per coin]],3,FALSE)*AG43),"") -> 278.83612 | AK43: =IFERROR(VLOOKUP(J43,Portfolio_Overview[[#All],[ticker]:[average per coin]],3,FALSE)*10,"") -> 141.816 | AL43: =IFERROR(AH43*AL$4,"") -> 2.9492736 | AM43: =IFERROR(AH43-AL43,"") -> 5.4772224 | AN43: =IFERROR(CO_entry[[#This Row],[Tokens Sold6]]*CO_entry[[#This Row],[Selling point 6]],"") -> 418.25418 | AO43: =IFERROR((AK43*AL43)-(VLOOKUP(J43,Portfolio_Overview[[#All],[ticker]:[average per coin]],3,FALSE)*AL43),"") -> 376.42877 | AP43: =IFERROR(VLOOKUP(J43,Portfolio_Overview[[#All],[ticker]:[average per coin]],3,FALSE)*12,"") -> 170.1792 | AQ43: =IFERROR(AM43*AQ$4,"") -> 2.7386112 | AR43: =IFERROR(AM43-AQ43,"") -> 2.7386112 | AS43: =IFERROR(CO_entry[[#This Row],[Tokens Sold7]]*CO_entry[[#This Row],[Selling point 7]],"") -> 466.05466 | AT43: =IFERROR((AP43*AQ43)-(VLOOKUP(J43,Portfolio_Overview[[#All],[ticker]:[average per coin]],3,FALSE)*AQ43),"") -> 427.21677 | AU43: =IFERROR(P43+U43+Z43+AE43+AJ43+AO43+AT43,"") -> 1689.3237 | AV43: =AR43 -> 2.7386112 | AW43: =IFERROR(AV43*AP43,"") -> 466.05466
A44: Star Atlas DAO | B44: POLIS | C44: 44.85 | D44: 7.3802 | E44: 331.002 | F44: 1.61 | G44: 72.2085 | H44: 0.0010547723 | J44: NTVRK | K44: =IFERROR(VLOOKUP(J44,price_feed[[symbol]:[current_price]],3,FALSE),"") -> 1.75 | L44: =IFERROR(VLOOKUP(J44,Portfolio_Overview[[#All],[ticker]:[average per coin]],3,FALSE)*2,"") -> 5.5376 | M44: =IFERROR(VLOOKUP(J44,Portfolio_Overview[[#All],[ticker]:[average per coin]],2,FALSE)*M$4,"") -> 6.79 | N44: =IFERROR(VLOOKUP(CO_entry[[#This Row],[ticker]],Portfolio_Overview[[#All],[ticker]:[average per coin]],2,FALSE)-CO_entry[[#This Row],[Tokens Sold]],"") -> 27.16 | O44: =IFERROR(CO_entry[[#This Row],[Tokens Sold]]*CO_entry[[#This Row],[Selling point 1]],"") -> 37.600304 | P44: =IFERROR((L44*M44)-(VLOOKUP(J44,Portfolio_Overview[[#All],[ticker]:[average per coin]],3,FALSE)*M44),"") -> 18.800152 | Q44: =IFERROR(VLOOKUP(J44,Portfolio_Overview[[#All],[ticker]:[average per coin]],3,FALSE)*3.5,"") -> 9.6908 | R44: =IFERROR(N44*R$4,"") -> 5.432 | S44: =IFERROR(N44-R44,"") -> 21.728 | T44: =IFERROR(CO_entry[[#This Row],[Tokens Sold2]]*CO_entry[[#This Row],[Selling point 2]],"") -> 52.640426 | U44: =IFERROR((Q44*R44)-(VLOOKUP(J44,Portfolio_Overview[[#All],[ticker]:[average per coin]],3,FALSE)*R44),"") -> 37.600304 | V44: =IFERROR(VLOOKUP(J44,Portfolio_Overview[[#All],[ticker]:[average per coin]],3,FALSE)*4.5,"") -> 12.4596 | W44: =IFERROR(S44*W$4,"") -> 4.3456 | X44: =IFERROR(S44-W44,"") -> 17.3824 | Y44: =IFERROR(CO_entry[[#This Row],[Tokens Sold3]]*CO_entry[[#This Row],[Selling point 3]],"") -> 54.144438 | Z44: =IFERROR((V44*W44)-(VLOOKUP(J44,Portfolio_Overview[[#All],[ticker]:[average per coin]],3,FALSE)*W44),"") -> 42.11234 | AA44: =IFERROR(VLOOKUP(J44,Portfolio_Overview[[#All],[ticker]:[average per coin]],3,FALSE)*6,"") -> 16.6128 | AB44: =IFERROR(X44*AB$4,"") -> 3.47648 | AC44: =IFERROR(X44-AB44,"") -> 13.90592 | AD44: =IFERROR(CO_entry[[#This Row],[Tokens Sold4]]*CO_entry[[#This Row],[Selling point 4]],"") -> 57.754067 | AE44: =IFERROR((AA44*AB44)-(VLOOKUP(J44,Portfolio_Overview[[#All],[ticker]:[average per coin]],3,FALSE)*AB44),"") -> 48.128389 | AF44: =IFERROR(VLOOKUP(J44,Portfolio_Overview[[#All],[ticker]:[average per coin]],3,FALSE)*8,"") -> 22.1504 | AG44: =IFERROR(AC44*AG$4,"") -> 3.47648 | AH44: =IFERROR(AC44-AG44,"") -> 10.42944 | AI44: =IFERROR(CO_entry[[#This Row],[Tokens Sold5]]*CO_entry[[#This Row],[Selling point 5]],"") -> 77.005423 | AJ44: =IFERROR((AF44*AG44)-(VLOOKUP(J44,Portfolio_Overview[[#All],[ticker]:[average per coin]],3,FALSE)*AG44),"") -> 67.379745 | AK44: =IFERROR(VLOOKUP(J44,Portfolio_Overview[[#All],[ticker]:[average per coin]],3,FALSE)*10,"") -> 27.688 | AL44: =IFERROR(AH44*AL$4,"") -> 3.650304 | AM44: =IFERROR(AH44-AL44,"") -> 6.779136 | AN44: =IFERROR(CO_entry[[#This Row],[Tokens Sold6]]*CO_entry[[#This Row],[Selling point 6]],"") -> 101.06962 | AO44: =IFERROR((AK44*AL44)-(VLOOKUP(J44,Portfolio_Overview[[#All],[ticker]:[average per coin]],3,FALSE)*AL44),"") -> 90.962655 | AP44: =IFERROR(VLOOKUP(J44,Portfolio_Overview[[#All],[ticker]:[average per coin]],3,FALSE)*12,"") -> 33.2256 | AQ44: =IFERROR(AM44*AQ$4,"") -> 3.389568 | AR44: =IFERROR(AM44-AQ44,"") -> 3.389568 | AS44: =IFERROR(CO_entry[[#This Row],[Tokens Sold7]]*CO_entry[[#This Row],[Selling point 7]],"") -> 112.62043 | AT44: =IFERROR((AP44*AQ44)-(VLOOKUP(J44,Portfolio_Overview[[#All],[ticker]:[average per coin]],3,FALSE)*AQ44),"") -> 103.23539 | AU44: =IFERROR(P44+U44+Z44+AE44+AJ44+AO44+AT44,"") -> 408.21898 | AV44: =AR44 -> 3.389568 | AW44: =IFERROR(AV44*AP44,"") -> 112.62043
A45: Arc | B45: ARC | C45: 1688.83 | D45: 0.1954 | E45: 329.9974 | F45: 0.0425 | G45: 71.7753 | H45: 0.0010484444 | J45: OGN | K45: =IFERROR(VLOOKUP(J45,price_feed[[symbol]:[current_price]],3,FALSE),"") -> 0.788993 | L45: =IFERROR(VLOOKUP(J45,Portfolio_Overview[[#All],[ticker]:[average per coin]],3,FALSE)*2,"") -> 0.926 | M45: =IFERROR(VLOOKUP(J45,Portfolio_Overview[[#All],[ticker]:[average per coin]],2,FALSE)*M$4,"") -> 43.2 | N45: =IFERROR(VLOOKUP(CO_entry[[#This Row],[ticker]],Portfolio_Overview[[#All],[ticker]:[average per coin]],2,FALSE)-CO_entry[[#This Row],[Tokens Sold]],"") -> 172.8 | O45: =IFERROR(CO_entry[[#This Row],[Tokens Sold]]*CO_entry[[#This Row],[Selling point 1]],"") -> 40.0032 | P45: =IFERROR((L45*M45)-(VLOOKUP(J45,Portfolio_Overview[[#All],[ticker]:[average per coin]],3,FALSE)*M45),"") -> 20.0016 | Q45: =IFERROR(VLOOKUP(J45,Portfolio_Overview[[#All],[ticker]:[average per coin]],3,FALSE)*3.5,"") -> 1.6205 | R45: =IFERROR(N45*R$4,"") -> 34.56 | S45: =IFERROR(N45-R45,"") -> 138.24 | T45: =IFERROR(CO_entry[[#This Row],[Tokens Sold2]]*CO_entry[[#This Row],[Selling point 2]],"") -> 56.00448 | U45: =IFERROR((Q45*R45)-(VLOOKUP(J45,Portfolio_Overview[[#All],[ticker]:[average per coin]],3,FALSE)*R45),"") -> 40.0032 | V45: =IFERROR(VLOOKUP(J45,Portfolio_Overview[[#All],[ticker]:[average per coin]],3,FALSE)*4.5,"") -> 2.0835 | W45: =IFERROR(S45*W$4,"") -> 27.648 | X45: =IFERROR(S45-W45,"") -> 110.592 | Y45: =IFERROR(CO_entry[[#This Row],[Tokens Sold3]]*CO_entry[[#This Row],[Selling point 3]],"") -> 57.604608 | Z45: =IFERROR((V45*W45)-(VLOOKUP(J45,Portfolio_Overview[[#All],[ticker]:[average per coin]],3,FALSE)*W45),"") -> 44.803584 | AA45: =IFERROR(VLOOKUP(J45,Portfolio_Overview[[#All],[ticker]:[average per coin]],3,FALSE)*6,"") -> 2.778 | AB45: =IFERROR(X45*AB$4,"") -> 22.1184 | AC45: =IFERROR(X45-AB45,"") -> 88.4736 | AD45: =IFERROR(CO_entry[[#This Row],[Tokens Sold4]]*CO_entry[[#This Row],[Selling point 4]],"") -> 61.444915 | AE45: =IFERROR((AA45*AB45)-(VLOOKUP(J45,Portfolio_Overview[[#All],[ticker]:[average per coin]],3,FALSE)*AB45),"") -> 51.204096 | AF45: =IFERROR(VLOOKUP(J45,Portfolio_Overview[[#All],[ticker]:[average per coin]],3,FALSE)*8,"") -> 3.704 | AG45: =IFERROR(AC45*AG$4,"") -> 22.1184 | AH45: =IFERROR(AC45-AG45,"") -> 66.3552 | AI45: =IFERROR(CO_entry[[#This Row],[Tokens Sold5]]*CO_entry[[#This Row],[Selling point 5]],"") -> 81.926554 | AJ45: =IFERROR((AF45*AG45)-(VLOOKUP(J45,Portfolio_Overview[[#All],[ticker]:[average per coin]],3,FALSE)*AG45),"") -> 71.685734 | AK45: =IFERROR(VLOOKUP(J45,Portfolio_Overview[[#All],[ticker]:[average per coin]],3,FALSE)*10,"") -> 4.63 | AL45: =IFERROR(AH45*AL$4,"") -> 23.22432 | AM45: =IFERROR(AH45-AL45,"") -> 43.13088 | AN45: =IFERROR(CO_entry[[#This Row],[Tokens Sold6]]*CO_entry[[#This Row],[Selling point 6]],"") -> 107.5286 | AO45: =IFERROR((AK45*AL45)-(VLOOKUP(J45,Portfolio_Overview[[#All],[ticker]:[average per coin]],3,FALSE)*AL45),"") -> 96.775741 | AP45: =IFERROR(VLOOKUP(J45,Portfolio_Overview[[#All],[ticker]:[average per coin]],3,FALSE)*12,"") -> 5.556 | AQ45: =IFERROR(AM45*AQ$4,"") -> 21.56544 | AR45: =IFERROR(AM45-AQ45,"") -> 21.56544 | AS45: =IFERROR(CO_entry[[#This Row],[Tokens Sold7]]*CO_entry[[#This Row],[Selling point 7]],"") -> 119.81758 | AT45: =IFERROR((AP45*AQ45)-(VLOOKUP(J45,Portfolio_Overview[[#All],[ticker]:[average per coin]],3,FALSE)*AQ45),"") -> 109.83279 | AU45: =IFERROR(P45+U45+Z45+AE45+AJ45+AO45+AT45,"") -> 434.30674 | AV45: =AR45 -> 21.56544 | AW45: =IFERROR(AV45*AP45,"") -> 119.81758
A46: Syscoin | B46: SYS | C46: 130 | D46: 0.7615 | E46: 98.995 | F46: 0.5486 | G46: 71.318 | H46: 0.0010417645 | J46: OVR | K46: =IFERROR(VLOOKUP(J46,price_feed[[symbol]:[current_price]],3,FALSE),"") -> 1.54 | L46: =IFERROR(VLOOKUP(J46,Portfolio_Overview[[#All],[ticker]:[average per coin]],3,FALSE)*2,"") -> 3.5138 | M46: =IFERROR(VLOOKUP(J46,Portfolio_Overview[[#All],[ticker]:[average per coin]],2,FALSE)*M$4,"") -> 11.384 | N46: =IFERROR(VLOOKUP(CO_entry[[#This Row],[ticker]],Portfolio_Overview[[#All],[ticker]:[average per coin]],2,FALSE)-CO_entry[[#This Row],[Tokens Sold]],"") -> 45.536 | O46: =IFERROR(CO_entry[[#This Row],[Tokens Sold]]*CO_entry[[#This Row],[Selling point 1]],"") -> 40.001099 | P46: =IFERROR((L46*M46)-(VLOOKUP(J46,Portfolio_Overview[[#All],[ticker]:[average per coin]],3,FALSE)*M46),"") -> 20.00055 | Q46: =IFERROR(VLOOKUP(J46,Portfolio_Overview[[#All],[ticker]:[average per coin]],3,FALSE)*3.5,"") -> 6.14915 | R46: =IFERROR(N46*R$4,"") -> 9.1072 | S46: =IFERROR(N46-R46,"") -> 36.4288 | T46: =IFERROR(CO_entry[[#This Row],[Tokens Sold2]]*CO_entry[[#This Row],[Selling point 2]],"") -> 56.001539 | U46: =IFERROR((Q46*R46)-(VLOOKUP(J46,Portfolio_Overview[[#All],[ticker]:[average per coin]],3,FALSE)*R46),"") -> 40.001099 | V46: =IFERROR(VLOOKUP(J46,Portfolio_Overview[[#All],[ticker]:[average per coin]],3,FALSE)*4.5,"") -> 7.90605 | W46: =IFERROR(S46*W$4,"") -> 7.28576 | X46: =IFERROR(S46-W46,"") -> 29.14304 | Y46: =IFERROR(CO_entry[[#This Row],[Tokens Sold3]]*CO_entry[[#This Row],[Selling point 3]],"") -> 57.601583 | Z46: =IFERROR((V46*W46)-(VLOOKUP(J46,Portfolio_Overview[[#All],[ticker]:[average per coin]],3,FALSE)*W46),"") -> 44.801231 | AA46: =IFERROR(VLOOKUP(J46,Portfolio_Overview[[#All],[ticker]:[average per coin]],3,FALSE)*6,"") -> 10.5414 | AB46: =IFERROR(X46*AB$4,"") -> 5.828608 | AC46: =IFERROR(X46-AB46,"") -> 23.314432 | AD46: =IFERROR(CO_entry[[#This Row],[Tokens Sold4]]*CO_entry[[#This Row],[Selling point 4]],"") -> 61.441688 | AE46: =IFERROR((AA46*AB46)-(VLOOKUP(J46,Portfolio_Overview[[#All],[ticker]:[average per coin]],3,FALSE)*AB46),"") -> 51.201407 | AF46: =IFERROR(VLOOKUP(J46,Portfolio_Overview[[#All],[ticker]:[average per coin]],3,FALSE)*8,"") -> 14.0552 | AG46: =IFERROR(AC46*AG$4,"") -> 5.828608 | AH46: =IFERROR(AC46-AG46,"") -> 17.485824 | AI46: =IFERROR(CO_entry[[#This Row],[Tokens Sold5]]*CO_entry[[#This Row],[Selling point 5]],"") -> 81.922251 | AJ46: =IFERROR((AF46*AG46)-(VLOOKUP(J46,Portfolio_Overview[[#All],[ticker]:[average per coin]],3,FALSE)*AG46),"") -> 71.68197 | AK46: =IFERROR(VLOOKUP(J46,Portfolio_Overview[[#All],[ticker]:[average per coin]],3,FALSE)*10,"") -> 17.569 | AL46: =IFERROR(AH46*AL$4,"") -> 6.1200384 | AM46: =IFERROR(AH46-AL46,"") -> 11.365786 | AN46: =IFERROR(CO_entry[[#This Row],[Tokens Sold6]]*CO_entry[[#This Row],[Selling point 6]],"") -> 107.52295 | AO46: =IFERROR((AK46*AL46)-(VLOOKUP(J46,Portfolio_Overview[[#All],[ticker]:[average per coin]],3,FALSE)*AL46),"") -> 96.770659 | AP46: =IFERROR(VLOOKUP(J46,Portfolio_Overview[[#All],[ticker]:[average per coin]],3,FALSE)*12,"") -> 21.0828 | AQ46: =IFERROR(AM46*AQ$4,"") -> 5.6828928 | AR46: =IFERROR(AM46-AQ46,"") -> 5.6828928 | AS46: =IFERROR(CO_entry[[#This Row],[Tokens Sold7]]*CO_entry[[#This Row],[Selling point 7]],"") -> 119.81129 | AT46: =IFERROR((AP46*AQ46)-(VLOOKUP(J46,Portfolio_Overview[[#All],[ticker]:[average per coin]],3,FALSE)*AQ46),"") -> 109.82702 | AU46: =IFERROR(P46+U46+Z46+AE46+AJ46+AO46+AT46,"") -> 434.28393 | AV46: =AR46 -> 5.6828928 | AW46: =IFERROR(AV46*AP46,"") -> 119.81129
A47: Theta Network | B47: THETA | C47: 24.68 | D47: 9.2382 | E47: 227.9988 | F47: 2.88 | G47: 71.0784 | H47: 0.0010382646 | J47: PDEX | K47: =IFERROR(VLOOKUP(J47,price_feed[[symbol]:[current_price]],3,FALSE),"") -> 4.19 | L47: =IFERROR(VLOOKUP(J47,Portfolio_Overview[[#All],[ticker]:[average per coin]],3,FALSE)*2,"") -> 43 | M47: =IFERROR(VLOOKUP(J47,Portfolio_Overview[[#All],[ticker]:[average per coin]],2,FALSE)*M$4,"") -> 0.8 | N47: =IFERROR(VLOOKUP(CO_entry[[#This Row],[ticker]],Portfolio_Overview[[#All],[ticker]:[average per coin]],2,FALSE)-CO_entry[[#This Row],[Tokens Sold]],"") -> 3.2 | O47: =IFERROR(CO_entry[[#This Row],[Tokens Sold]]*CO_entry[[#This Row],[Selling point 1]],"") -> 34.4 | P47: =IFERROR((L47*M47)-(VLOOKUP(J47,Portfolio_Overview[[#All],[ticker]:[average per coin]],3,FALSE)*M47),"") -> 17.2 | Q47: =IFERROR(VLOOKUP(J47,Portfolio_Overview[[#All],[ticker]:[average per coin]],3,FALSE)*3.5,"") -> 75.25 | R47: =IFERROR(N47*R$4,"") -> 0.64 | S47: =IFERROR(N47-R47,"") -> 2.56 | T47: =IFERROR(CO_entry[[#This Row],[Tokens Sold2]]*CO_entry[[#This Row],[Selling point 2]],"") -> 48.16 | U47: =IFERROR((Q47*R47)-(VLOOKUP(J47,Portfolio_Overview[[#All],[ticker]:[average per coin]],3,FALSE)*R47),"") -> 34.4 | V47: =IFERROR(VLOOKUP(J47,Portfolio_Overview[[#All],[ticker]:[average per coin]],3,FALSE)*4.5,"") -> 96.75 | W47: =IFERROR(S47*W$4,"") -> 0.512 | X47: =IFERROR(S47-W47,"") -> 2.048 | Y47: =IFERROR(CO_entry[[#This Row],[Tokens Sold3]]*CO_entry[[#This Row],[Selling point 3]],"") -> 49.536 | Z47: =IFERROR((V47*W47)-(VLOOKUP(J47,Portfolio_Overview[[#All],[ticker]:[average per coin]],3,FALSE)*W47),"") -> 38.528 | AA47: =IFERROR(VLOOKUP(J47,Portfolio_Overview[[#All],[ticker]:[average per coin]],3,FALSE)*6,"") -> 129 | AB47: =IFERROR(X47*AB$4,"") -> 0.4096 | AC47: =IFERROR(X47-AB47,"") -> 1.6384 | AD47: =IFERROR(CO_entry[[#This Row],[Tokens Sold4]]*CO_entry[[#This Row],[Selling point 4]],"") -> 52.8384 | AE47: =IFERROR((AA47*AB47)-(VLOOKUP(J47,Portfolio_Overview[[#All],[ticker]:[average per coin]],3,FALSE)*AB47),"") -> 44.032 | AF47: =IFERROR(VLOOKUP(J47,Portfolio_Overview[[#All],[ticker]:[average per coin]],3,FALSE)*8,"") -> 172 | AG47: =IFERROR(AC47*AG$4,"") -> 0.4096 | AH47: =IFERROR(AC47-AG47,"") -> 1.2288 | AI47: =IFERROR(CO_entry[[#This Row],[Tokens Sold5]]*CO_entry[[#This Row],[Selling point 5]],"") -> 70.4512 | AJ47: =IFERROR((AF47*AG47)-(VLOOKUP(J47,Portfolio_Overview[[#All],[ticker]:[average per coin]],3,FALSE)*AG47),"") -> 61.6448 | AK47: =IFERROR(VLOOKUP(J47,Portfolio_Overview[[#All],[ticker]:[average per coin]],3,FALSE)*10,"") -> 215 | AL47: =IFERROR(AH47*AL$4,"") -> 0.43008 | AM47: =IFERROR(AH47-AL47,"") -> 0.79872 | AN47: =IFERROR(CO_entry[[#This Row],[Tokens Sold6]]*CO_entry[[#This Row],[Selling point 6]],"") -> 92.4672 | AO47: =IFERROR((AK47*AL47)-(VLOOKUP(J47,Portfolio_Overview[[#All],[ticker]:[average per coin]],3,FALSE)*AL47),"") -> 83.22048 | AP47: =IFERROR(VLOOKUP(J47,Portfolio_Overview[[#All],[ticker]:[average per coin]],3,FALSE)*12,"") -> 258 | AQ47: =IFERROR(AM47*AQ$4,"") -> 0.39936 | AR47: =IFERROR(AM47-AQ47,"") -> 0.39936 | AS47: =IFERROR(CO_entry[[#This Row],[Tokens Sold7]]*CO_entry[[#This Row],[Selling point 7]],"") -> 103.03488 | AT47: =IFERROR((AP47*AQ47)-(VLOOKUP(J47,Portfolio_Overview[[#All],[ticker]:[average per coin]],3,FALSE)*AQ47),"") -> 94.44864 | AU47: =IFERROR(P47+U47+Z47+AE47+AJ47+AO47+AT47,"") -> 373.47392 | AV47: =AR47 -> 0.39936 | AW47: =IFERROR(AV47*AP47,"") -> 103.03488
A48: Netvrk | B48: NTVRK | C48: 33.95 | D48: 2.7688 | E48: 94.0008 | F48: 1.75 | G48: 59.4125 | H48: 0.00086785708 | J48: POLC | K48: =IFERROR(VLOOKUP(J48,price_feed[[symbol]:[current_price]],3,FALSE),"") -> 0.248469 | L48: =IFERROR(VLOOKUP(J48,Portfolio_Overview[[#All],[ticker]:[average per coin]],3,FALSE)*2,"") -> 3.6806 | M48: =IFERROR(VLOOKUP(J48,Portfolio_Overview[[#All],[ticker]:[average per coin]],2,FALSE)*M$4,"") -> 8.694 | N48: =IFERROR(VLOOKUP(CO_entry[[#This Row],[ticker]],Portfolio_Overview[[#All],[ticker]:[average per coin]],2,FALSE)-CO_entry[[#This Row],[Tokens Sold]],"") -> 34.776 | O48: =IFERROR(CO_entry[[#This Row],[Tokens Sold]]*CO_entry[[#This Row],[Selling point 1]],"") -> 31.999136 | P48: =IFERROR((L48*M48)-(VLOOKUP(J48,Portfolio_Overview[[#All],[ticker]:[average per coin]],3,FALSE)*M48),"") -> 15.999568 | Q48: =IFERROR(VLOOKUP(J48,Portfolio_Overview[[#All],[ticker]:[average per coin]],3,FALSE)*3.5,"") -> 6.44105 | R48: =IFERROR(N48*R$4,"") -> 6.9552 | S48: =IFERROR(N48-R48,"") -> 27.8208 | T48: =IFERROR(CO_entry[[#This Row],[Tokens Sold2]]*CO_entry[[#This Row],[Selling point 2]],"") -> 44.798791 | U48: =IFERROR((Q48*R48)-(VLOOKUP(J48,Portfolio_Overview[[#All],[ticker]:[average per coin]],3,FALSE)*R48),"") -> 31.999136 | V48: =IFERROR(VLOOKUP(J48,Portfolio_Overview[[#All],[ticker]:[average per coin]],3,FALSE)*4.5,"") -> 8.28135 | W48: =IFERROR(S48*W$4,"") -> 5.56416 | X48: =IFERROR(S48-W48,"") -> 22.25664 | Y48: =IFERROR(CO_entry[[#This Row],[Tokens Sold3]]*CO_entry[[#This Row],[Selling point 3]],"") -> 46.078756 | Z48: =IFERROR((V48*W48)-(VLOOKUP(J48,Portfolio_Overview[[#All],[ticker]:[average per coin]],3,FALSE)*W48),"") -> 35.839033 | AA48: =IFERROR(VLOOKUP(J48,Portfolio_Overview[[#All],[ticker]:[average per coin]],3,FALSE)*6,"") -> 11.0418 | AB48: =IFERROR(X48*AB$4,"") -> 4.451328 | AC48: =IFERROR(X48-AB48,"") -> 17.805312 | AD48: =IFERROR(CO_entry[[#This Row],[Tokens Sold4]]*CO_entry[[#This Row],[Selling point 4]],"") -> 49.150674 | AE48: =IFERROR((AA48*AB48)-(VLOOKUP(J48,Portfolio_Overview[[#All],[ticker]:[average per coin]],3,FALSE)*AB48),"") -> 40.958895 | AF48: =IFERROR(VLOOKUP(J48,Portfolio_Overview[[#All],[ticker]:[average per coin]],3,FALSE)*8,"") -> 14.7224 | AG48: =IFERROR(AC48*AG$4,"") -> 4.451328 | AH48: =IFERROR(AC48-AG48,"") -> 13.353984 | AI48: =IFERROR(CO_entry[[#This Row],[Tokens Sold5]]*CO_entry[[#This Row],[Selling point 5]],"") -> 65.534231 | AJ48: =IFERROR((AF48*AG48)-(VLOOKUP(J48,Portfolio_Overview[[#All],[ticker]:[average per coin]],3,FALSE)*AG48),"") -> 57.342452 | AK48: =IFERROR(VLOOKUP(J48,Portfolio_Overview[[#All],[ticker]:[average per coin]],3,FALSE)*10,"") -> 18.403 | AL48: =IFERROR(AH48*AL$4,"") -> 4.6738944 | AM48: =IFERROR(AH48-AL48,"") -> 8.6800896 | AN48: =IFERROR(CO_entry[[#This Row],[Tokens Sold6]]*CO_entry[[#This Row],[Selling point 6]],"") -> 86.013679 | AO48: =IFERROR((AK48*AL48)-(VLOOKUP(J48,Portfolio_Overview[[#All],[ticker]:[average per coin]],3,FALSE)*AL48),"") -> 77.412311 | AP48: =IFERROR(VLOOKUP(J48,Portfolio_Overview[[#All],[ticker]:[average per coin]],3,FALSE)*12,"") -> 22.0836 | AQ48: =IFERROR(AM48*AQ$4,"") -> 4.3400448 | AR48: =IFERROR(AM48-AQ48,"") -> 4.3400448 | AS48: =IFERROR(CO_entry[[#This Row],[Tokens Sold7]]*CO_entry[[#This Row],[Selling point 7]],"") -> 95.843813 | AT48: =IFERROR((AP48*AQ48)-(VLOOKUP(J48,Portfolio_Overview[[#All],[ticker]:[average per coin]],3,FALSE)*AQ48),"") -> 87.856829 | AU48: =IFERROR(P48+U48+Z48+AE48+AJ48+AO48+AT48,"") -> 347.40822 | AV48: =AR48 -> 4.3400448 | AW48: =IFERROR(AV48*AP48,"") -> 95.843813
A49: PancakeSwap | B49: CAKE | C49: 8.91 | D49: 22.4467 | E49: 200.0001 | F49: 6.25 | G49: 55.6875 | H49: 0.00081344483 | J49: POLIS | K49: =IFERROR(VLOOKUP(J49,price_feed[[symbol]:[current_price]],3,FALSE),"") -> 1.61 | L49: =IFERROR(VLOOKUP(J49,Portfolio_Overview[[#All],[ticker]:[average per coin]],3,FALSE)*2,"") -> 14.7604 | M49: =IFERROR(VLOOKUP(J49,Portfolio_Overview[[#All],[ticker]:[average per coin]],2,FALSE)*M$4,"") -> 8.97 | N49: =IFERROR(VLOOKUP(CO_entry[[#This Row],[ticker]],Portfolio_Overview[[#All],[ticker]:[average per coin]],2,FALSE)-CO_entry[[#This Row],[Tokens Sold]],"") -> 35.88 | O49: =IFERROR(CO_entry[[#This Row],[Tokens Sold]]*CO_entry[[#This Row],[Selling point 1]],"") -> 132.40079 | P49: =IFERROR((L49*M49)-(VLOOKUP(J49,Portfolio_Overview[[#All],[ticker]:[average per coin]],3,FALSE)*M49),"") -> 66.200394 | Q49: =IFERROR(VLOOKUP(J49,Portfolio_Overview[[#All],[ticker]:[average per coin]],3,FALSE)*3.5,"") -> 25.8307 | R49: =IFERROR(N49*R$4,"") -> 7.176 | S49: =IFERROR(N49-R49,"") -> 28.704 | T49: =IFERROR(CO_entry[[#This Row],[Tokens Sold2]]*CO_entry[[#This Row],[Selling point 2]],"") -> 185.3611 | U49: =IFERROR((Q49*R49)-(VLOOKUP(J49,Portfolio_Overview[[#All],[ticker]:[average per coin]],3,FALSE)*R49),"") -> 132.40079 | V49: =IFERROR(VLOOKUP(J49,Portfolio_Overview[[#All],[ticker]:[average per coin]],3,FALSE)*4.5,"") -> 33.2109 | W49: =IFERROR(S49*W$4,"") -> 5.7408 | X49: =IFERROR(S49-W49,"") -> 22.9632 | Y49: =IFERROR(CO_entry[[#This Row],[Tokens Sold3]]*CO_entry[[#This Row],[Selling point 3]],"") -> 190.65713 | Z49: =IFERROR((V49*W49)-(VLOOKUP(J49,Portfolio_Overview[[#All],[ticker]:[average per coin]],3,FALSE)*W49),"") -> 148.28888 | AA49: =IFERROR(VLOOKUP(J49,Portfolio_Overview[[#All],[ticker]:[average per coin]],3,FALSE)*6,"") -> 44.2812 | AB49: =IFERROR(X49*AB$4,"") -> 4.59264 | AC49: =IFERROR(X49-AB49,"") -> 18.37056 | AD49: =IFERROR(CO_entry[[#This Row],[Tokens Sold4]]*CO_entry[[#This Row],[Selling point 4]],"") -> 203.36761 | AE49: =IFERROR((AA49*AB49)-(VLOOKUP(J49,Portfolio_Overview[[#All],[ticker]:[average per coin]],3,FALSE)*AB49),"") -> 169.47301 | AF49: =IFERROR(VLOOKUP(J49,Portfolio_Overview[[#All],[ticker]:[average per coin]],3,FALSE)*8,"") -> 59.0416 | AG49: =IFERROR(AC49*AG$4,"") -> 4.59264 | AH49: =IFERROR(AC49-AG49,"") -> 13.77792 | AI49: =IFERROR(CO_entry[[#This Row],[Tokens Sold5]]*CO_entry[[#This Row],[Selling point 5]],"") -> 271.15681 | AJ49: =IFERROR((AF49*AG49)-(VLOOKUP(J49,Portfolio_Overview[[#All],[ticker]:[average per coin]],3,FALSE)*AG49),"") -> 237.26221 | AK49: =IFERROR(VLOOKUP(J49,Portfolio_Overview[[#All],[ticker]:[average per coin]],3,FALSE)*10,"") -> 73.802 | AL49: =IFERROR(AH49*AL$4,"") -> 4.822272 | AM49: =IFERROR(AH49-AL49,"") -> 8.955648 | AN49: =IFERROR(CO_entry[[#This Row],[Tokens Sold6]]*CO_entry[[#This Row],[Selling point 6]],"") -> 355.89332 | AO49: =IFERROR((AK49*AL49)-(VLOOKUP(J49,Portfolio_Overview[[#All],[ticker]:[average per coin]],3,FALSE)*AL49),"") -> 320.30399 | AP49: =IFERROR(VLOOKUP(J49,Portfolio_Overview[[#All],[ticker]:[average per coin]],3,FALSE)*12,"") -> 88.5624 | AQ49: =IFERROR(AM49*AQ$4,"") -> 4.477824 | AR49: =IFERROR(AM49-AQ49,"") -> 4.477824 | AS49: =IFERROR(CO_entry[[#This Row],[Tokens Sold7]]*CO_entry[[#This Row],[Selling point 7]],"") -> 396.56684 | AT49: =IFERROR((AP49*AQ49)-(VLOOKUP(J49,Portfolio_Overview[[#All],[ticker]:[average per coin]],3,FALSE)*AQ49),"") -> 363.5196 | AU49: =IFERROR(P49+U49+Z49+AE49+AJ49+AO49+AT49,"") -> 1437.4489 | AV49: =AR49 -> 4.477824 | AW49: =IFERROR(AV49*AP49,"") -> 396.56684
A50: Hedera | B50: HBAR | C50: 200 | D50: 0.375 | E50: 75 | F50: 0.2087 | G50: 41.74 | H50: 0.00060970931 | J50: PYR | K50: =IFERROR(VLOOKUP(J50,price_feed[[symbol]:[current_price]],3,FALSE),"") | L50: =IFERROR(VLOOKUP(J50,Portfolio_Overview[[#All],[ticker]:[average per coin]],3,FALSE)*2,"") -> 32.1958 | M50: =IFERROR(VLOOKUP(J50,Portfolio_Overview[[#All],[ticker]:[average per coin]],2,FALSE)*M$4,"") -> 9.35528 | N50: =IFERROR(VLOOKUP(CO_entry[[#This Row],[ticker]],Portfolio_Overview[[#All],[ticker]:[average per coin]],2,FALSE)-CO_entry[[#This Row],[Tokens Sold]],"") -> 37.42112 | O50: =IFERROR(CO_entry[[#This Row],[Tokens Sold]]*CO_entry[[#This Row],[Selling point 1]],"") -> 301.20072 | P50: =IFERROR((L50*M50)-(VLOOKUP(J50,Portfolio_Overview[[#All],[ticker]:[average per coin]],3,FALSE)*M50),"") -> 150.60036 | Q50: =IFERROR(VLOOKUP(J50,Portfolio_Overview[[#All],[ticker]:[average per coin]],3,FALSE)*3.5,"") -> 56.34265 | R50: =IFERROR(N50*R$4,"") -> 7.484224 | S50: =IFERROR(N50-R50,"") -> 29.936896 | T50: =IFERROR(CO_entry[[#This Row],[Tokens Sold2]]*CO_entry[[#This Row],[Selling point 2]],"") -> 421.68101 | U50: =IFERROR((Q50*R50)-(VLOOKUP(J50,Portfolio_Overview[[#All],[ticker]:[average per coin]],3,FALSE)*R50),"") -> 301.20072 | V50: =IFERROR(VLOOKUP(J50,Portfolio_Overview[[#All],[ticker]:[average per coin]],3,FALSE)*4.5,"") -> 72.44055 | W50: =IFERROR(S50*W$4,"") -> 5.9873792 | X50: =IFERROR(S50-W50,"") -> 23.949517 | Y50: =IFERROR(CO_entry[[#This Row],[Tokens Sold3]]*CO_entry[[#This Row],[Selling point 3]],"") -> 433.72904 | Z50: =IFERROR((V50*W50)-(VLOOKUP(J50,Portfolio_Overview[[#All],[ticker]:[average per coin]],3,FALSE)*W50),"") -> 337.34481 | AA50: =IFERROR(VLOOKUP(J50,Portfolio_Overview[[#All],[ticker]:[average per coin]],3,FALSE)*6,"") -> 96.5874 | AB50: =IFERROR(X50*AB$4,"") -> 4.7899034 | AC50: =IFERROR(X50-AB50,"") -> 19.159613 | AD50: =IFERROR(CO_entry[[#This Row],[Tokens Sold4]]*CO_entry[[#This Row],[Selling point 4]],"") -> 462.64431 | AE50: =IFERROR((AA50*AB50)-(VLOOKUP(J50,Portfolio_Overview[[#All],[ticker]:[average per coin]],3,FALSE)*AB50),"") -> 385.53693 | AF50: =IFERROR(VLOOKUP(J50,Portfolio_Overview[[#All],[ticker]:[average per coin]],3,FALSE)*8,"") -> 128.7832 | AG50: =IFERROR(AC50*AG$4,"") -> 4.7899034 | AH50: =IFERROR(AC50-AG50,"") -> 14.36971 | AI50: =IFERROR(CO_entry[[#This Row],[Tokens Sold5]]*CO_entry[[#This Row],[Selling point 5]],"") -> 616.85908 | AJ50: =IFERROR((AF50*AG50)-(VLOOKUP(J50,Portfolio_Overview[[#All],[ticker]:[average per coin]],3,FALSE)*AG50),"") -> 539.7517 | AK50: =IFERROR(VLOOKUP(J50,Portfolio_Overview[[#All],[ticker]:[average per coin]],3,FALSE)*10,"") -> 160.979 | AL50: =IFERROR(AH50*AL$4,"") -> 5.0293985 | AM50: =IFERROR(AH50-AL50,"") -> 9.3403116 | AN50: =IFERROR(CO_entry[[#This Row],[Tokens Sold6]]*CO_entry[[#This Row],[Selling point 6]],"") -> 809.62755 | AO50: =IFERROR((AK50*AL50)-(VLOOKUP(J50,Portfolio_Overview[[#All],[ticker]:[average per coin]],3,FALSE)*AL50),"") -> 728.66479 | AP50: =IFERROR(VLOOKUP(J50,Portfolio_Overview[[#All],[ticker]:[average per coin]],3,FALSE)*12,"") -> 193.1748 | AQ50: =IFERROR(AM50*AQ$4,"") -> 4.6701558 | AR50: =IFERROR(AM50-AQ50,"") -> 4.6701558 | AS50: =IFERROR(CO_entry[[#This Row],[Tokens Sold7]]*CO_entry[[#This Row],[Selling point 7]],"") -> 902.15641 | AT50: =IFERROR((AP50*AQ50)-(VLOOKUP(J50,Portfolio_Overview[[#All],[ticker]:[average per coin]],3,FALSE)*AQ50),"") -> 826.97671 | AU50: =IFERROR(P50+U50+Z50+AE50+AJ50+AO50+AT50,"") -> 3270.076 | AV50: =AR50 -> 4.6701558 | AW50: =IFERROR(AV50*AP50,"") -> 902.15641
A51: Enjin Coin | B51: ENJ | C51: 27.77 | D51: 3.601 | E51: 99.9998 | F51: 1.44 | G51: 39.9888 | H51: 0.00058412898 | J51: QNT | K51: =IFERROR(VLOOKUP(J51,price_feed[[symbol]:[current_price]],3,FALSE),"") -> 118.36 | L51: =IFERROR(VLOOKUP(J51,Portfolio_Overview[[#All],[ticker]:[average per coin]],3,FALSE)*2,"") -> 603.0534 | M51: =IFERROR(VLOOKUP(J51,Portfolio_Overview[[#All],[ticker]:[average per coin]],2,FALSE)*M$4,"") -> 0.262 | N51: =IFERROR(VLOOKUP(CO_entry[[#This Row],[ticker]],Portfolio_Overview[[#All],[ticker]:[average per coin]],2,FALSE)-CO_entry[[#This Row],[Tokens Sold]],"") -> 1.048 | O51: =IFERROR(CO_entry[[#This Row],[Tokens Sold]]*CO_entry[[#This Row],[Selling point 1]],"") -> 157.99999 | P51: =IFERROR((L51*M51)-(VLOOKUP(J51,Portfolio_Overview[[#All],[ticker]:[average per coin]],3,FALSE)*M51),"") -> 78.999995 | Q51: =IFERROR(VLOOKUP(J51,Portfolio_Overview[[#All],[ticker]:[average per coin]],3,FALSE)*3.5,"") -> 1055.3435 | R51: =IFERROR(N51*R$4,"") -> 0.2096 | S51: =IFERROR(N51-R51,"") -> 0.8384 | T51: =IFERROR(CO_entry[[#This Row],[Tokens Sold2]]*CO_entry[[#This Row],[Selling point 2]],"") -> 221.19999 | U51: =IFERROR((Q51*R51)-(VLOOKUP(J51,Portfolio_Overview[[#All],[ticker]:[average per coin]],3,FALSE)*R51),"") -> 157.99999 | V51: =IFERROR(VLOOKUP(J51,Portfolio_Overview[[#All],[ticker]:[average per coin]],3,FALSE)*4.5,"") -> 1356.8701 | W51: =IFERROR(S51*W$4,"") -> 0.16768 | X51: =IFERROR(S51-W51,"") -> 0.67072 | Y51: =IFERROR(CO_entry[[#This Row],[Tokens Sold3]]*CO_entry[[#This Row],[Selling point 3]],"") -> 227.51999 | Z51: =IFERROR((V51*W51)-(VLOOKUP(J51,Portfolio_Overview[[#All],[ticker]:[average per coin]],3,FALSE)*W51),"") -> 176.95999 | AA51: =IFERROR(VLOOKUP(J51,Portfolio_Overview[[#All],[ticker]:[average per coin]],3,FALSE)*6,"") -> 1809.1602 | AB51: =IFERROR(X51*AB$4,"") -> 0.134144 | AC51: =IFERROR(X51-AB51,"") -> 0.536576 | AD51: =IFERROR(CO_entry[[#This Row],[Tokens Sold4]]*CO_entry[[#This Row],[Selling point 4]],"") -> 242.68799 | AE51: =IFERROR((AA51*AB51)-(VLOOKUP(J51,Portfolio_Overview[[#All],[ticker]:[average per coin]],3,FALSE)*AB51),"") -> 202.23999 | AF51: =IFERROR(VLOOKUP(J51,Portfolio_Overview[[#All],[ticker]:[average per coin]],3,FALSE)*8,"") -> 2412.2136 | AG51: =IFERROR(AC51*AG$4,"") -> 0.134144 | AH51: =IFERROR(AC51-AG51,"") -> 0.402432 | AI51: =IFERROR(CO_entry[[#This Row],[Tokens Sold5]]*CO_entry[[#This Row],[Selling point 5]],"") -> 323.58398 | AJ51: =IFERROR((AF51*AG51)-(VLOOKUP(J51,Portfolio_Overview[[#All],[ticker]:[average per coin]],3,FALSE)*AG51),"") -> 283.13598 | AK51: =IFERROR(VLOOKUP(J51,Portfolio_Overview[[#All],[ticker]:[average per coin]],3,FALSE)*10,"") -> 3015.267 | AL51: =IFERROR(AH51*AL$4,"") -> 0.1408512 | AM51: =IFERROR(AH51-AL51,"") -> 0.2615808 | AN51: =IFERROR(CO_entry[[#This Row],[Tokens Sold6]]*CO_entry[[#This Row],[Selling point 6]],"") -> 424.70398 | AO51: =IFERROR((AK51*AL51)-(VLOOKUP(J51,Portfolio_Overview[[#All],[ticker]:[average per coin]],3,FALSE)*AL51),"") -> 382.23358 | AP51: =IFERROR(VLOOKUP(J51,Portfolio_Overview[[#All],[ticker]:[average per coin]],3,FALSE)*12,"") -> 3618.3204 | AQ51: =IFERROR(AM51*AQ$4,"") -> 0.1307904 | AR51: =IFERROR(AM51-AQ51,"") -> 0.1307904 | AS51: =IFERROR(CO_entry[[#This Row],[Tokens Sold7]]*CO_entry[[#This Row],[Selling point 7]],"") -> 473.24157 | AT51: =IFERROR((AP51*AQ51)-(VLOOKUP(J51,Portfolio_Overview[[#All],[ticker]:[average per coin]],3,FALSE)*AQ51),"") -> 433.80477 | AU51: =IFERROR(P51+U51+Z51+AE51+AJ51+AO51+AT51,"") -> 1715.3743 | AV51: =AR51 -> 0.1307904 | AW51: =IFERROR(AV51*AP51,"") -> 473.24157
A52: Bounce | B52: AUCTION | C52: 2.28 | D52: 32.8947 | E52: 74.9999 | F52: 16.9 | G52: 38.532 | H52: 0.00056284905 | J52: RAY | K52: =IFERROR(VLOOKUP(J52,price_feed[[symbol]:[current_price]],3,FALSE),"") -> 2.7 | L52: =IFERROR(VLOOKUP(J52,Portfolio_Overview[[#All],[ticker]:[average per coin]],3,FALSE)*2,"") -> 17.386 | M52: =IFERROR(VLOOKUP(J52,Portfolio_Overview[[#All],[ticker]:[average per coin]],2,FALSE)*M$4,"") -> 6.442 | N52: =IFERROR(VLOOKUP(CO_entry[[#This Row],[ticker]],Portfolio_Overview[[#All],[ticker]:[average per coin]],2,FALSE)-CO_entry[[#This Row],[Tokens Sold]],"") -> 25.768 | O52: =IFERROR(CO_entry[[#This Row],[Tokens Sold]]*CO_entry[[#This Row],[Selling point 1]],"") -> 112.00061 | P52: =IFERROR((L52*M52)-(VLOOKUP(J52,Portfolio_Overview[[#All],[ticker]:[average per coin]],3,FALSE)*M52),"") -> 56.000306 | Q52: =IFERROR(VLOOKUP(J52,Portfolio_Overview[[#All],[ticker]:[average per coin]],3,FALSE)*3.5,"") -> 30.4255 | R52: =IFERROR(N52*R$4,"") -> 5.1536 | S52: =IFERROR(N52-R52,"") -> 20.6144 | T52: =IFERROR(CO_entry[[#This Row],[Tokens Sold2]]*CO_entry[[#This Row],[Selling point 2]],"") -> 156.80086 | U52: =IFERROR((Q52*R52)-(VLOOKUP(J52,Portfolio_Overview[[#All],[ticker]:[average per coin]],3,FALSE)*R52),"") -> 112.00061 | V52: =IFERROR(VLOOKUP(J52,Portfolio_Overview[[#All],[ticker]:[average per coin]],3,FALSE)*4.5,"") -> 39.1185 | W52: =IFERROR(S52*W$4,"") -> 4.12288 | X52: =IFERROR(S52-W52,"") -> 16.49152 | Y52: =IFERROR(CO_entry[[#This Row],[Tokens Sold3]]*CO_entry[[#This Row],[Selling point 3]],"") -> 161.28088 | Z52: =IFERROR((V52*W52)-(VLOOKUP(J52,Portfolio_Overview[[#All],[ticker]:[average per coin]],3,FALSE)*W52),"") -> 125.44069 | AA52: =IFERROR(VLOOKUP(J52,Portfolio_Overview[[#All],[ticker]:[average per coin]],3,FALSE)*6,"") -> 52.158 | AB52: =IFERROR(X52*AB$4,"") -> 3.298304 | AC52: =IFERROR(X52-AB52,"") -> 13.193216 | AD52: =IFERROR(CO_entry[[#This Row],[Tokens Sold4]]*CO_entry[[#This Row],[Selling point 4]],"") -> 172.03294 | AE52: =IFERROR((AA52*AB52)-(VLOOKUP(J52,Portfolio_Overview[[#All],[ticker]:[average per coin]],3,FALSE)*AB52),"") -> 143.36078 | AF52: =IFERROR(VLOOKUP(J52,Portfolio_Overview[[#All],[ticker]:[average per coin]],3,FALSE)*8,"") -> 69.544 | AG52: =IFERROR(AC52*AG$4,"") -> 3.298304 | AH52: =IFERROR(AC52-AG52,"") -> 9.894912 | AI52: =IFERROR(CO_entry[[#This Row],[Tokens Sold5]]*CO_entry[[#This Row],[Selling point 5]],"") -> 229.37725 | AJ52: =IFERROR((AF52*AG52)-(VLOOKUP(J52,Portfolio_Overview[[#All],[ticker]:[average per coin]],3,FALSE)*AG52),"") -> 200.7051 | AK52: =IFERROR(VLOOKUP(J52,Portfolio_Overview[[#All],[ticker]:[average per coin]],3,FALSE)*10,"") -> 86.93 | AL52: =IFERROR(AH52*AL$4,"") -> 3.4632192 | AM52: =IFERROR(AH52-AL52,"") -> 6.4316928 | AN52: =IFERROR(CO_entry[[#This Row],[Tokens Sold6]]*CO_entry[[#This Row],[Selling point 6]],"") -> 301.05765 | AO52: =IFERROR((AK52*AL52)-(VLOOKUP(J52,Portfolio_Overview[[#All],[ticker]:[average per coin]],3,FALSE)*AL52),"") -> 270.95188 | AP52: =IFERROR(VLOOKUP(J52,Portfolio_Overview[[#All],[ticker]:[average per coin]],3,FALSE)*12,"") -> 104.316 | AQ52: =IFERROR(AM52*AQ$4,"") -> 3.2158464 | AR52: =IFERROR(AM52-AQ52,"") -> 3.2158464 | AS52: =IFERROR(CO_entry[[#This Row],[Tokens Sold7]]*CO_entry[[#This Row],[Selling point 7]],"") -> 335.46423 | AT52: =IFERROR((AP52*AQ52)-(VLOOKUP(J52,Portfolio_Overview[[#All],[ticker]:[average per coin]],3,FALSE)*AQ52),"") -> 307.50888 | AU52: =IFERROR(P52+U52+Z52+AE52+AJ52+AO52+AT52,"") -> 1215.9682 | AV52: =AR52 -> 3.2158464 | AW52: =IFERROR(AV52*AP52,"") -> 335.46423
... A68: TerraUSD | B68: UST | C68: 2.82 | D68: 1.0638 | E68: 2.9999 | F68: 1.004 | G68: 2.8313 | H68: 4.135769e-05 | J68: WND | K68: =IFERROR(VLOOKUP(J68,price_feed[[symbol]:[current_price]],3,FALSE),"") -> 0.622375 | L68: =IFERROR(VLOOKUP(J68,Portfolio_Overview[[#All],[ticker]:[average per coin]],3,FALSE)*2,"") -> 10.1716 | M68: =IFERROR(VLOOKUP(J68,Portfolio_Overview[[#All],[ticker]:[average per coin]],2,FALSE)*M$4,"") -> 3.146 | N68: =IFERROR(VLOOKUP(CO_entry[[#This Row],[ticker]],Portfolio_Overview[[#All],[ticker]:[average per coin]],2,FALSE)-CO_entry[[#This Row],[Tokens Sold]],"") -> 12.584 | O68: =IFERROR(CO_entry[[#This Row],[Tokens Sold]]*CO_entry[[#This Row],[Selling point 1]],"") -> 31.999854 | P68: =IFERROR((L68*M68)-(VLOOKUP(J68,Portfolio_Overview[[#All],[ticker]:[average per coin]],3,FALSE)*M68),"") -> 15.999927 | Q68: =IFERROR(VLOOKUP(J68,Portfolio_Overview[[#All],[ticker]:[average per coin]],3,FALSE)*3.5,"") -> 17.8003 | R68: =IFERROR(N68*R$4,"") -> 2.5168 | S68: =IFERROR(N68-R68,"") -> 10.0672 | T68: =IFERROR(CO_entry[[#This Row],[Tokens Sold2]]*CO_entry[[#This Row],[Selling point 2]],"") -> 44.799795 | U68: =IFERROR((Q68*R68)-(VLOOKUP(J68,Portfolio_Overview[[#All],[ticker]:[average per coin]],3,FALSE)*R68),"") -> 31.999854 | V68: =IFERROR(VLOOKUP(J68,Portfolio_Overview[[#All],[ticker]:[average per coin]],3,FALSE)*4.5,"") -> 22.8861 | W68: =IFERROR(S68*W$4,"") -> 2.01344 | X68: =IFERROR(S68-W68,"") -> 8.05376 | Y68: =IFERROR(CO_entry[[#This Row],[Tokens Sold3]]*CO_entry[[#This Row],[Selling point 3]],"") -> 46.079789 | Z68: =IFERROR((V68*W68)-(VLOOKUP(J68,Portfolio_Overview[[#All],[ticker]:[average per coin]],3,FALSE)*W68),"") -> 35.839836 | AA68: =IFERROR(VLOOKUP(J68,Portfolio_Overview[[#All],[ticker]:[average per coin]],3,FALSE)*6,"") -> 30.5148 | AB68: =IFERROR(X68*AB$4,"") -> 1.610752 | AC68: =IFERROR(X68-AB68,"") -> 6.443008 | AD68: =IFERROR(CO_entry[[#This Row],[Tokens Sold4]]*CO_entry[[#This Row],[Selling point 4]],"") -> 49.151775 | AE68: =IFERROR((AA68*AB68)-(VLOOKUP(J68,Portfolio_Overview[[#All],[ticker]:[average per coin]],3,FALSE)*AB68),"") -> 40.959813 | AF68: =IFERROR(VLOOKUP(J68,Portfolio_Overview[[#All],[ticker]:[average per coin]],3,FALSE)*8,"") -> 40.6864 | AG68: =IFERROR(AC68*AG$4,"") -> 1.610752 | AH68: =IFERROR(AC68-AG68,"") -> 4.832256 | AI68: =IFERROR(CO_entry[[#This Row],[Tokens Sold5]]*CO_entry[[#This Row],[Selling point 5]],"") -> 65.5357 | AJ68: =IFERROR((AF68*AG68)-(VLOOKUP(J68,Portfolio_Overview[[#All],[ticker]:[average per coin]],3,FALSE)*AG68),"") -> 57.343738 | AK68: =IFERROR(VLOOKUP(J68,Portfolio_Overview[[#All],[ticker]:[average per coin]],3,FALSE)*10,"") -> 50.858 | AL68: =IFERROR(AH68*AL$4,"") -> 1.6912896 | AM68: =IFERROR(AH68-AL68,"") -> 3.1409664 | AN68: =IFERROR(CO_entry[[#This Row],[Tokens Sold6]]*CO_entry[[#This Row],[Selling point 6]],"") -> 86.015606 | AO68: =IFERROR((AK68*AL68)-(VLOOKUP(J68,Portfolio_Overview[[#All],[ticker]:[average per coin]],3,FALSE)*AL68),"") -> 77.414046 | AP68: =IFERROR(VLOOKUP(J68,Portfolio_Overview[[#All],[ticker]:[average per coin]],3,FALSE)*12,"") -> 61.0296 | AQ68: =IFERROR(AM68*AQ$4,"") -> 1.5704832 | AR68: =IFERROR(AM68-AQ68,"") -> 1.5704832 | AS68: =IFERROR(CO_entry[[#This Row],[Tokens Sold7]]*CO_entry[[#This Row],[Selling point 7]],"") -> 95.845962 | AT68: =IFERROR((AP68*AQ68)-(VLOOKUP(J68,Portfolio_Overview[[#All],[ticker]:[average per coin]],3,FALSE)*AQ68),"") -> 87.858798 | AU68: =IFERROR(P68+U68+Z68+AE68+AJ68+AO68+AT68,"") -> 347.41601 | AV68: =AR68 -> 1.5704832 | AW68: =IFERROR(AV68*AP68,"") -> 95.845962
B69: PYR | C69: 46.7764 | D69: 16.0979 | E69: 753.0018 | J69: XAVA | K69: =IFERROR(VLOOKUP(J69,price_feed[[symbol]:[current_price]],3,FALSE),"") -> 3.99 | L69: =IFERROR(VLOOKUP(J69,Portfolio_Overview[[#All],[ticker]:[average per coin]],3,FALSE)*2,"") -> 17.5444 | M69: =IFERROR(VLOOKUP(J69,Portfolio_Overview[[#All],[ticker]:[average per coin]],2,FALSE)*M$4,"") -> 13.178 | N69: =IFERROR(VLOOKUP(CO_entry[[#This Row],[ticker]],Portfolio_Overview[[#All],[ticker]:[average per coin]],2,FALSE)-CO_entry[[#This Row],[Tokens Sold]],"") -> 52.712 | O69: =IFERROR(CO_entry[[#This Row],[Tokens Sold]]*CO_entry[[#This Row],[Selling point 1]],"") -> 231.2001 | P69: =IFERROR((L69*M69)-(VLOOKUP(J69,Portfolio_Overview[[#All],[ticker]:[average per coin]],3,FALSE)*M69),"") -> 115.60005 | Q69: =IFERROR(VLOOKUP(J69,Portfolio_Overview[[#All],[ticker]:[average per coin]],3,FALSE)*3.5,"") -> 30.7027 | R69: =IFERROR(N69*R$4,"") -> 10.5424 | S69: =IFERROR(N69-R69,"") -> 42.1696 | T69: =IFERROR(CO_entry[[#This Row],[Tokens Sold2]]*CO_entry[[#This Row],[Selling point 2]],"") -> 323.68014 | U69: =IFERROR((Q69*R69)-(VLOOKUP(J69,Portfolio_Overview[[#All],[ticker]:[average per coin]],3,FALSE)*R69),"") -> 231.2001 | V69: =IFERROR(VLOOKUP(J69,Portfolio_Overview[[#All],[ticker]:[average per coin]],3,FALSE)*4.5,"") -> 39.4749 | W69: =IFERROR(S69*W$4,"") -> 8.43392 | X69: =IFERROR(S69-W69,"") -> 33.73568 | Y69: =IFERROR(CO_entry[[#This Row],[Tokens Sold3]]*CO_entry[[#This Row],[Selling point 3]],"") -> 332.92815 | Z69: =IFERROR((V69*W69)-(VLOOKUP(J69,Portfolio_Overview[[#All],[ticker]:[average per coin]],3,FALSE)*W69),"") -> 258.94412 | AA69: =IFERROR(VLOOKUP(J69,Portfolio_Overview[[#All],[ticker]:[average per coin]],3,FALSE)*6,"") -> 52.6332 | AB69: =IFERROR(X69*AB$4,"") -> 6.747136 | AC69: =IFERROR(X69-AB69,"") -> 26.988544 | AD69: =IFERROR(CO_entry[[#This Row],[Tokens Sold4]]*CO_entry[[#This Row],[Selling point 4]],"") -> 355.12336 | AE69: =IFERROR((AA69*AB69)-(VLOOKUP(J69,Portfolio_Overview[[#All],[ticker]:[average per coin]],3,FALSE)*AB69),"") -> 295.93613 | AF69: =IFERROR(VLOOKUP(J69,Portfolio_Overview[[#All],[ticker]:[average per coin]],3,FALSE)*8,"") -> 70.1776 | AG69: =IFERROR(AC69*AG$4,"") -> 6.747136 | AH69: =IFERROR(AC69-AG69,"") -> 20.241408 | AI69: =IFERROR(CO_entry[[#This Row],[Tokens Sold5]]*CO_entry[[#This Row],[Selling point 5]],"") -> 473.49781 | AJ69: =IFERROR((AF69*AG69)-(VLOOKUP(J69,Portfolio_Overview[[#All],[ticker]:[average per coin]],3,FALSE)*AG69),"") -> 414.31058 | AK69: =IFERROR(VLOOKUP(J69,Portfolio_Overview[[#All],[ticker]:[average per coin]],3,FALSE)*10,"") -> 87.722 | AL69: =IFERROR(AH69*AL$4,"") -> 7.0844928 | AM69: =IFERROR(AH69-AL69,"") -> 13.156915 | AN69: =IFERROR(CO_entry[[#This Row],[Tokens Sold6]]*CO_entry[[#This Row],[Selling point 6]],"") -> 621.46588 | AO69: =IFERROR((AK69*AL69)-(VLOOKUP(J69,Portfolio_Overview[[#All],[ticker]:[average per coin]],3,FALSE)*AL69),"") -> 559.31929 | AP69: =IFERROR(VLOOKUP(J69,Portfolio_Overview[[#All],[ticker]:[average per coin]],3,FALSE)*12,"") -> 105.2664 | AQ69: =IFERROR(AM69*AQ$4,"") -> 6.5784576 | AR69: =IFERROR(AM69-AQ69,"") -> 6.5784576 | AS69: =IFERROR(CO_entry[[#This Row],[Tokens Sold7]]*CO_entry[[#This Row],[Selling point 7]],"") -> 692.49055 | AT69: =IFERROR((AP69*AQ69)-(VLOOKUP(J69,Portfolio_Overview[[#All],[ticker]:[average per coin]],3,FALSE)*AQ69),"") -> 634.783 | AU69: =IFERROR(P69+U69+Z69+AE69+AJ69+AO69+AT69,"") -> 2510.0933 | AV69: =AR69 -> 6.5784576 | AW69: =IFERROR(AV69*AP69,"") -> 692.49055
B70: PYR | C70: 46.7764 | D70: 16.0979 | E70: 753.0018
A71: Total | F71: =SUM(Portfolio_Overview[[#All],[ticker]:[average per coin]]) -> 83095.055 | G71: =SUM(Portfolio_Overview[[#All],[ticker]:[average per coin]]) -> 83095.055

Sheet Calculations
B2: lable | C2: value | I2: capital introduced | J2: ='Transaction Entry'!F1 -> 78276 | L2: capital introduced | M2: =J2 -> 78276 | P2: Column1 | Q2: Initial cap | R2: total pur | S2: on coin | U2: URL generator | V2: part | X2: URL | AY2: =AVERAGE(AY11:AY45) -> 0.034205682 | AZ2: =AVERAGE(AZ11:AZ45) -> 0.96579432
B3: Target Profit | C3: =SUBTOTAL(9,calculationstable[Total Profit]) -> 8607.2731 | E3: Column1 | F3: % | G3: coin | I3: Sales Revenue | J3: =K8 -> 739 | L3: Spend | M3: =SUM(Purchases[Total Cost $]) -> 81039.15 | P3: Projected profit | Q3: =SUM(calculationstable[Total Profit])+SUM(calculationstable[Value of tokens over]) -> 449011.5 | R3: =Q3 -> 449011.5 | S3: =SUBTOTAL(9,calculationstable[Total Profit])+SUBTOTAL(9,calculationstable[Value of tokens over]) -> 10982.273 | U3: Base | V3: https://api.coingecko.com/api/v3/simple/price?ids= | X3: =V6 -> https://api.coingecko.com/api/v3/simple/price?ids=%2Carc%2Canchorust%2Cmoonriver%2Cdepo%2Cavalaunch%2Crelay-token%2Cdeficliq%2Cweyu%2Cstep-finance%2Ckylin-network%2Cpolka-city%2Cwonderhero%2Cefinity%2Cergo%2Cpolkadex%2Cwilder-world%2Cauction%2Cmultivac%2Cstar-atlas%2Cgenesysgo-shadow%2Cnetvrk%2Cstar-atlas-dao%2Covr%2Ccream-2%2Crmrk%2Cb-protocol%2Cbundles&vs_currencies=usd&include_24hr_change=true
B4: Profit taken | C4: =M7 -> 0 | E4: Max | F4: =MAX(calculationstable[ROI]) -> 1.7998785 | G4: =IFERROR(INDEX(calculationstable[ticker],MATCH(F4,calculationstable[ROI],0)),"") -> CRO | I4: Other Income | J4: ='Transaction Entry'!M1 -> 0 | L4: Reinvested | M4: =IF(M3>M2,M3-M2,0) -> 2763.15 | P4: cost | Q4: ='Transaction Entry'!F1 -> 78276 | R4: =F8 -> 80560.71 | S4: =F7 -> 1982 | U4: Paramater | V4: =IFERROR(VLOOKUP(MAX(extra[Sequence])-1,extra[#All],5,FALSE),"") -> %2Carc%2Canchorust%2Cmoonriver%2Cdepo%2Cavalaunch%2Crelay-token%2Cdeficliq%2Cweyu%2Cstep-finance%2Ckylin-network%2Cpolka-city%2Cwonderhero%2Cefinity%2Cergo%2Cpolkadex%2Cwilder-world%2Cauction%2Cmultivac%2Cstar-atlas%2Cgenesysgo-shadow%2Cnetvrk%2Cstar-atlas-dao%2Covr%2Ccream-2%2Crmrk%2Cb-protocol%2Cbundles
B5: balance | C5: =C3-C4 -> 8607.2731 | E5: Min | F5: =MIN(calculationstable[ROI]) -> -0.93218129 | G5: =IFERROR(INDEX(calculationstable[ticker],MATCH(F5,calculationstable[ROI],0)),"") -> WEYU | I5: Total In | J5: =SUM(J2:J4) -> 79015 | L5: withdrawn | M5: ='Transaction Entry'!J1 -> 0 | P5: ROI | Q5: =IFERROR(Q3/Q4,"") -> 5.7362602 | R5: =IFERROR(R3/R4,"") -> 5.5735792 | S5: =IFERROR(S3/S4,"") -> 5.5410056 | U5: end | V5: &vs_currencies=usd&include_24hr_change=true | AY5: % Sold | AZ5: % Held | BA5: % Over | BB5: % in Exit | BC5: value of tokens over
L6: capital avail | M6: =J5-M3-M5 -> -2024.15 | U6: URL | V6: =V3&V4&V5 -> https://api.coingecko.com/api/v3/simple/price?ids=%2Carc%2Canchorust%2Cmoonriver%2Cdepo%2Cavalaunch%2Crelay-token%2Cdeficliq%2Cweyu%2Cstep-finance%2Ckylin-network%2Cpolka-city%2Cwonderhero%2Cefinity%2Cergo%2Cpolkadex%2Cwilder-world%2Cauction%2Cmultivac%2Cstar-atlas%2Cgenesysgo-shadow%2Cnetvrk%2Cstar-atlas-dao%2Covr%2Ccream-2%2Crmrk%2Cb-protocol%2Cbundles&vs_currencies=usd&include_24hr_change=true | AY6: =IFERROR(SUBTOTAL(1,helper[Sold]),0) -> 0 | AZ6: =IFERROR(SUBTOTAL(1,helper[% held]),"") -> 1 | BA6: =IFERROR(SUBTOTAL(1,helper[% Not in exit]),"") -> 0.09984 | BB6: =IFERROR(SUBTOTAL(1,helper[In Exit]),"") -> 0.90016 | BC6: =SUBTOTAL(9,calculationstable[Value of tokens over]) -> 2375
D7: =SUBTOTAL(9,calculationstable[Coins Held]) -> 26.29 | F7: =SUBTOTAL(9,calculationstable[[#All],[Cost of Investment]]) -> 1982 | G7: =SUBTOTAL(9,calculationstable[Current Value]) -> 2211.5148 | J7: =IFERROR(SUBTOTAL(1,calculationstable[24H % Change]),"") -> -0.0518827 | K7: =SUBTOTAL(9,calculationstable[[#All],[Sold]]) -> 0 | L7: =SUBTOTAL(9,calculationstable[[#All],[Cost]]) -> 0 | M7: =SUBTOTAL(9,calculationstable[[#All],[Profit]]) -> 0 | AY7: =IFERROR(SUBTOTAL(1,helper[Sold]),0) -> 0 | AZ7: =IFERROR(SUBTOTAL(1,helper[% held]),"") -> 1 | BA7: =IFERROR(SUBTOTAL(1,helper[% Not in exit]),"") -> 0.09984 | BB7: =IFERROR(SUBTOTAL(1,helper[In Exit]),"") -> 0.90016 | BC7: =SUBTOTAL(9,calculationstable[Value of tokens over]) -> 2375
D8: =SUM(calculationstable[Coins Held]) -> 29853.831 | F8: =SUM(calculationstable[Cost of Investment]) -> 80560.71 | G8: =SUM(calculationstable[[#All],[Current Value]]) -> 67769.072 | K8: =SUM(calculationstable[Sold]) -> 739 | L8: =SUM(calculationstable[Cost]) -> 478 | M8: =SUM(calculationstable[Profit]) -> 261
B10: ticker | C10: current_price | D10: Coins Held | E10: ADC | F10: Cost of Investment | G10: Current Value | H10: Profit/Loss | I10: ROI | J10: 24H % Change | K10: Sold | L10: Cost | M10: Profit | N10: No of Sales | O10: Selling point 1 | P10: Tokens Sold | Q10: Tokens Over | R10: Profit.1 | S10: Selling point 2 | T10: Tokens Sold2 | U10: Tokens Over2 | V10: Profit2 | W10: Selling point 3 | X10: Tokens Sold3 | Y10: Tokens Over3 | Z10: Profit3 | AA10: Selling point 4 | AB10: Tokens Sold4 | AC10: Tokens Over4 | AD10: Profit4 | AE10: Selling point 5 | AF10: Tokens Sold5 | AG10: Tokens Over5 | AH10: Profit5 | AI10: Total Profit | AJ10: Total Tokens Over | AK10: Value of tokens over | AL10: remaining profit | AM10: next sale | AN10: Merged | AP10: Next selling Point | AQ10: take profit feedback | AR10: take profit filter | AS10: add to exit | AT10: add to exit feedback | AU10: missing price | AV10: Final Message | AW10: % of investment | AX10: Purchased | AY10: Sold | AZ10: % held | BA10: % Not in exit | BB10: In Exit | BD10: Ticker range | BE10: Cost of investment range | BF10: Current Value | BG10: No of Sales | BH10: ROI
B11: AAVE | C11: 151.07 | D11: 2.83 | E11: 285.15901 | F11: 807 | G11: 427.5281 | H11: -379.4719 | I11: -0.4702254 | J11: -0.0329926 | K11: 0 | L11: 0 | M11: 0 | N11: 0 | O11: 570.318 | P11: 0.566 | Q11: 2.264 | R11: 161.4 | S11: 998.0565 | T11: 0.4528 | U11: 1.8112 | V11: 322.8 | W11: 1283.2155 | X11: 0.36224 | Y11: 1.44896 | Z11: 361.536 | AA11: 1710.954 | AB11: 0.289792 | AC11: 1.159168 | AD11: 413.184 | AE11: 2281.272 | AF11: 0.289792 | AG11: 0.869376 | AH11: 578.4576 | AI11: 3504.5749 | AJ11: 0.2825472 | AK11: 967 | AL11: 3504.5749 | AM11: 1 | AN11: Selling point 1 | AP11: =IFERROR(HLOOKUP(calculationstable[[#This Row],[Merged]],calculationstable[#All],MATCH(calculationstable[[#This Row],[ticker]],calculationstable[[#All],[ticker]],0),FALSE),"") -> 570.318 | AQ11: =IFERROR(IF(AP11<=calculationstable[[#This Row],[current_price]],"Take Profit On " &calculationstable[[#This Row],[ticker]]&" "& calculationstable[[#This Row],[Merged]],"Wait for price target on "&calculationstable[[#This Row],[ticker]]),"") -> Wait for price target on AAVE | AR11: =IFERROR(IF(LEFT(helper[[#This Row],[take profit feedback]],1)="T","X",""),"") | AS11: =IFERROR(IF(OR(calculationstable[[#This Row],[Selling point 1]]="",calculationstable[[#This Row],[Selling point 1]]=0),"X",""),"") | AT11: =IFERROR(IF(helper[[#This Row],[add to exit]]="","","Add " &calculationstable[[#This Row],[ticker]] &" to Exit Strategy"),"") | AU11: =IFERROR(IF(OR(calculationstable[[#This Row],[current_price]]="",calculationstable[[#This Row],[current_price]]=0),"Include "&calculationstable[[#This Row],[ticker]]&" in Extra Coins List",""),"") | AV11: =IFERROR(IF(helper[[#This Row],[missing price]]<>"",helper[[#This Row],[missing price]],IF(helper[[#This Row],[add to exit feedback]]<>"",helper[[#This Row],[add to exit feedback]],helper[[#This Row],[take profit feedback]])),"") -> Wait for price target on AAVE | AW11: =IFERROR(calculationstable[[#This Row],[Current Value]]/SUM(calculationstable[Current Value]),"") -> 0.006308602 | AX11: =IFERROR(IF((SUMIF(Purchases[Coin],calculationstable[[#This Row],[ticker]],Purchases[No. of coins])=0),NA(),SUMIF(Purchases[Coin],calculationstable[[#This Row],[ticker]],Purchases[No. of coins])),"") -> 2.83 | AY11: =IFERROR((helper[[#This Row],[Purchased]]-calculationstable[[#This Row],[Coins Held]])/helper[[#This Row],[Purchased]],"") -> 0 | AZ11: =IFERROR(1-helper[[#This Row],[Sold]],"") -> 1 | BA11: =IFERROR(calculationstable[[#This Row],[Total Tokens Over]]/helper[[#This Row],[Purchased]],"") -> 0.09984 | BB11: =IFERROR(1-helper[[#This Row],[% Not in exit]],"") -> 0.90016 | BD11: {=IFERROR(OFFSET(calculationstable[[#Headers],[ticker]],1,0,COUNTA(calculationstable[[#All],[ticker]])-1,1),"")} -> AAVE | BE11: {=IFERROR(OFFSET(calculationstable[[#Headers],[Cost of Investment]],1,0,COUNT(calculationstable[[#All],[Cost of Investment]]),1),"")} -> 807 | BF11: {=IFERROR(OFFSET(calculationstable[[#Headers],[Current Value]],1,0,COUNT(calculationstable[[#All],[Current Value]]),1),"")} -> 427.5281 | BG11: {=IFERROR(OFFSET(calculationstable[[#Headers],[No of Sales]],1,0,COUNT(calculationstable[[#All],[No of Sales]]),1),"")} -> 0 | BH11: {=IFERROR(OFFSET(calculationstable[[#Headers],[ROI]],1,0,COUNT(calculationstable[ROI])),"")} -> -0.4702254
B12: BTC | C12: 41302 | D12: 0.48589446 | E12: 47382.718 | F12: 23023 | G12: 20068.413 | H12: -2954.587 | I12: -0.12833197 | J12: -0.0172261 | K12: 0 | L12: 0 | M12: 0 | N12: 0 | O12: 94765.435 | P12: 0.097178892 | Q12: 0.38871557 | R12: 4604.6 | S12: 165839.51 | T12: 0.077743114 | U12: 0.31097245 | V12: 9209.2 | W12: 213222.23 | X12: 0.062194491 | Y12: 0.24877796 | Z12: 10314.304 | AA12: 284296.31 | AB12: 0.049755593 | AC12: 0.19902237 | AD12: 11787.776 | AE12: 379061.74 | AF12: 0.049755593 | AG12: 0.14926678 | AH12: 16502.886 | AI12: 99982.443 | AJ12: 0.048511703 | AK12: 27583 | AL12: 99982.443 | AM12: 1 | AN12: Selling point 1 | AP12: =IFERROR(HLOOKUP(calculationstable[[#This Row],[Merged]],calculationstable[#All],MATCH(calculationstable[[#This Row],[ticker]],calculationstable[[#All],[ticker]],0),FALSE),"") -> 94765.435 | AQ12: =IFERROR(IF(AP12<=calculationstable[[#This Row],[current_price]],"Take Profit On " &calculationstable[[#This Row],[ticker]]&" "& calculationstable[[#This Row],[Merged]],"Wait for price target on "&calculationstable[[#This Row],[ticker]]),"") -> Wait for price target on BTC | AR12: =IFERROR(IF(LEFT(helper[[#This Row],[take profit feedback]],1)="T","X",""),"") | AS12: =IFERROR(IF(OR(calculationstable[[#This Row],[Selling point 1]]="",calculationstable[[#This Row],[Selling point 1]]=0),"X",""),"") | AT12: =IFERROR(IF(helper[[#This Row],[add to exit]]="","","Add " &calculationstable[[#This Row],[ticker]] &" to Exit Strategy"),"") | AU12: =IFERROR(IF(OR(calculationstable[[#This Row],[current_price]]="",calculationstable[[#This Row],[current_price]]=0),"Include "&calculationstable[[#This Row],[ticker]]&" in Extra Coins List",""),"") | AV12: =IFERROR(IF(helper[[#This Row],[missing price]]<>"",helper[[#This Row],[missing price]],IF(helper[[#This Row],[add to exit feedback]]<>"",helper[[#This Row],[add to exit feedback]],helper[[#This Row],[take profit feedback]])),"") -> Wait for price target on BTC | AW12: =IFERROR(calculationstable[[#This Row],[Current Value]]/SUM(calculationstable[Current Value]),"") -> 0.29612938 | AX12: =IFERROR(IF((SUMIF(Purchases[Coin],calculationstable[[#This Row],[ticker]],Purchases[No. of coins])=0),NA(),SUMIF(Purchases[Coin],calculationstable[[#This Row],[ticker]],Purchases[No. of coins])),"") -> 0.48589446 | AY12: =IFERROR((helper[[#This Row],[Purchased]]-calculationstable[[#This Row],[Coins Held]])/helper[[#This Row],[Purchased]],"") -> 0 | AZ12: =IFERROR(1-helper[[#This Row],[Sold]],"") -> 1 | BA12: =IFERROR(calculationstable[[#This Row],[Total Tokens Over]]/helper[[#This Row],[Purchased]],"") -> 0.09984 | BB12: =IFERROR(1-helper[[#This Row],[% Not in exit]],"") -> 0.90016 | BD12: BTC | BE12: 23023 | BF12: 20068.413 | BG12: 0 | BH12: -0.12833197
B13: ADA | C13: 0.878883 | D13: 1029.61 | E13: 1.813308 | F13: 1867 | G13: 904.90673 | H13: -962.09327 | I13: -0.51531509 | J13: -0.0191336 | K13: 0 | L13: 0 | M13: 0 | N13: 0 | O13: 3.6266 | P13: 205.922 | Q13: 823.688 | R13: 373.3984 | S13: 6.3465 | T13: 164.7376 | U13: 658.9504 | V13: 746.7967 | W13: 8.1598 | X13: 131.79008 | Y13: 527.16032 | Z13: 836.4123 | AA13: 10.8798 | AB13: 105.43206 | AC13: 421.72826 | AD13: 955.8998 | AE13: 14.5064 | AF13: 105.43206 | AG13: 316.29619 | AH13: 1338.2597 | AI13: 8107.8227 | AJ13: 102.79626 | AK13: 2237 | AL13: 8107.8227 | AM13: 1 | AN13: Selling point 1 | AP13: =IFERROR(HLOOKUP(calculationstable[[#This Row],[Merged]],calculationstable[#All],MATCH(calculationstable[[#This Row],[ticker]],calculationstable[[#All],[ticker]],0),FALSE),"") -> 3.6266 | AQ13: =IFERROR(IF(AP13<=calculationstable[[#This Row],[current_price]],"Take Profit On " &calculationstable[[#This Row],[ticker]]&" "& calculationstable[[#This Row],[Merged]],"Wait for price target on "&calculationstable[[#This Row],[ticker]]),"") -> Wait for price target on ADA | AR13: =IFERROR(IF(LEFT(helper[[#This Row],[take profit feedback]],1)="T","X",""),"") | AS13: =IFERROR(IF(OR(calculationstable[[#This Row],[Selling point 1]]="",calculationstable[[#This Row],[Selling point 1]]=0),"X",""),"") | AT13: =IFERROR(IF(helper[[#This Row],[add to exit]]="","","Add " &calculationstable[[#This Row],[ticker]] &" to Exit Strategy"),"") | AU13: =IFERROR(IF(OR(calculationstable[[#This Row],[current_price]]="",calculationstable[[#This Row],[current_price]]=0),"Include "&calculationstable[[#This Row],[ticker]]&" in Extra Coins List",""),"") | AV13: =IFERROR(IF(helper[[#This Row],[missing price]]<>"",helper[[#This Row],[missing price]],IF(helper[[#This Row],[add to exit feedback]]<>"",helper[[#This Row],[add to exit feedback]],helper[[#This Row],[take profit feedback]])),"") -> Wait for price target on ADA | AW13: =IFERROR(calculationstable[[#This Row],[Current Value]]/SUM(calculationstable[Current Value]),"") -> 0.013352798 | AX13: =IFERROR(IF((SUMIF(Purchases[Coin],calculationstable[[#This Row],[ticker]],Purchases[No. of coins])=0),NA(),SUMIF(Purchases[Coin],calculationstable[[#This Row],[ticker]],Purchases[No. of coins])),"") -> 1029.61 | AY13: =IFERROR((helper[[#This Row],[Purchased]]-calculationstable[[#This Row],[Coins Held]])/helper[[#This Row],[Purchased]],"") -> 0 | AZ13: =IFERROR(1-helper[[#This Row],[Sold]],"") -> 1 | BA13: =IFERROR(calculationstable[[#This Row],[Total Tokens Over]]/helper[[#This Row],[Purchased]],"") -> 0.09984 | BB13: =IFERROR(1-helper[[#This Row],[% Not in exit]],"") -> 0.90016 | BD13: ADA | BE13: 1867 | BF13: 904.90673 | BG13: 0 | BH13: -0.51531509
B14: ALGO | C14: 0.738475 | D14: 199.76 | E14: 1.7020425 | F14: 340 | G14: 147.51777 | H14: -192.48223 | I14: -0.56612422 | J14: -0.0280742 | K14: 0 | L14: 0 | M14: 0 | N14: 0 | O14: 3.404 | P14: 39.952 | Q14: 159.808 | R14: 67.9983 | S14: 5.957 | T14: 31.9616 | U14: 127.8464 | V14: 135.9966 | W14: 7.659 | X14: 25.56928 | Y14: 102.27712 | Z14: 152.3162 | AA14: 10.212 | AB14: 20.455424 | AC14: 81.821696 | AD14: 174.0757 | AE14: 13.616 | AF14: 20.455424 | AG14: 61.366272 | AH14: 243.7059 | AI14: 1476.488 | AJ14: 19.944038 | AK14: 407 | AL14: 1476.488 | AM14: 1 | AN14: Selling point 1 | AP14: =IFERROR(HLOOKUP(calculationstable[[#This Row],[Merged]],calculationstable[#All],MATCH(calculationstable[[#This Row],[ticker]],calculationstable[[#All],[ticker]],0),FALSE),"") -> 3.404 | AQ14: =IFERROR(IF(AP14<=calculationstable[[#This Row],[current_price]],"Take Profit On " &calculationstable[[#This Row],[ticker]]&" "& calculationstable[[#This Row],[Merged]],"Wait for price target on "&calculationstable[[#This Row],[ticker]]),"") -> Wait for price target on ALGO | AR14: =IFERROR(IF(LEFT(helper[[#This Row],[take profit feedback]],1)="T","X",""),"") | AS14: =IFERROR(IF(OR(calculationstable[[#This Row],[Selling point 1]]="",calculationstable[[#This Row],[Selling point 1]]=0),"X",""),"") | AT14: =IFERROR(IF(helper[[#This Row],[add to exit]]="","","Add " &calculationstable[[#This Row],[ticker]] &" to Exit Strategy"),"") | AU14: =IFERROR(IF(OR(calculationstable[[#This Row],[current_price]]="",calculationstable[[#This Row],[current_price]]=0),"Include "&calculationstable[[#This Row],[ticker]]&" in Extra Coins List",""),"") | AV14: =IFERROR(IF(helper[[#This Row],[missing price]]<>"",helper[[#This Row],[missing price]],IF(helper[[#This Row],[add to exit feedback]]<>"",helper[[#This Row],[add to exit feedback]],helper[[#This Row],[take profit feedback]])),"") -> Wait for price target on ALGO | AW14: =IFERROR(calculationstable[[#This Row],[Current Value]]/SUM(calculationstable[Current Value]),"") -> 0.0021767712 | AX14: =IFERROR(IF((SUMIF(Purchases[Coin],calculationstable[[#This Row],[ticker]],Purchases[No. of coins])=0),NA(),SUMIF(Purchases[Coin],calculationstable[[#This Row],[ticker]],Purchases[No. of coins])),"") -> 199.76 | AY14: =IFERROR((helper[[#This Row],[Purchased]]-calculationstable[[#This Row],[Coins Held]])/helper[[#This Row],[Purchased]],"") -> 0 | AZ14: =IFERROR(1-helper[[#This Row],[Sold]],"") -> 1 | BA14: =IFERROR(calculationstable[[#This Row],[Total Tokens Over]]/helper[[#This Row],[Purchased]],"") -> 0.09984 | BB14: =IFERROR(1-helper[[#This Row],[% Not in exit]],"") -> 0.90016 | BD14: ALGO | BE14: 340 | BF14: 147.51777 | BG14: 0 | BH14: -0.56612422
B15: ETH | C15: 2858.56 | D15: 6.7643 | E15: 3262.274 | F15: 22067 | G15: 19336.157 | H15: -2730.8426 | I15: -0.12375233 | J15: -0.0291413 | K15: 0 | L15: 0 | M15: 0 | N15: 0 | O15: 6524.548 | P15: 1.35286 | Q15: 5.41144 | R15: 4413.4 | S15: 11417.959 | T15: 1.082288 | U15: 4.329152 | V15: 8826.8 | W15: 14680.233 | X15: 0.8658304 | Y15: 3.4633216 | Z15: 9886.016 | AA15: 19573.644 | AB15: 0.69266432 | AC15: 2.7706573 | AD15: 11298.304 | AE15: 26098.192 | AF15: 0.69266432 | AG15: 2.077993 | AH15: 15817.626 | AI15: 95830.802 | AJ15: 0.67534771 | AK15: 26438 | AL15: 95830.802 | AM15: 1 | AN15: Selling point 1 | AP15: =IFERROR(HLOOKUP(calculationstable[[#This Row],[Merged]],calculationstable[#All],MATCH(calculationstable[[#This Row],[ticker]],calculationstable[[#All],[ticker]],0),FALSE),"") -> 6524.548 | AQ15: =IFERROR(IF(AP15<=calculationstable[[#This Row],[current_price]],"Take Profit On " &calculationstable[[#This Row],[ticker]]&" "& calculationstable[[#This Row],[Merged]],"Wait for price target on "&calculationstable[[#This Row],[ticker]]),"") -> Wait for price target on ETH | AR15: =IFERROR(IF(LEFT(helper[[#This Row],[take profit feedback]],1)="T","X",""),"") | AS15: =IFERROR(IF(OR(calculationstable[[#This Row],[Selling point 1]]="",calculationstable[[#This Row],[Selling point 1]]=0),"X",""),"") | AT15: =IFERROR(IF(helper[[#This Row],[add to exit]]="","","Add " &calculationstable[[#This Row],[ticker]] &" to Exit Strategy"),"") | AU15: =IFERROR(IF(OR(calculationstable[[#This Row],[current_price]]="",calculationstable[[#This Row],[current_price]]=0),"Include "&calculationstable[[#This Row],[ticker]]&" in Extra Coins List",""),"") | AV15: =IFERROR(IF(helper[[#This Row],[missing price]]<>"",helper[[#This Row],[missing price]],IF(helper[[#This Row],[add to exit feedback]]<>"",helper[[#This Row],[add to exit feedback]],helper[[#This Row],[take profit feedback]])),"") -> Wait for price target on ETH | AW15: =IFERROR(calculationstable[[#This Row],[Current Value]]/SUM(calculationstable[Current Value]),"") -> 0.28532422 | AX15: =IFERROR(IF((SUMIF(Purchases[Coin],calculationstable[[#This Row],[ticker]],Purchases[No. of coins])=0),NA(),SUMIF(Purchases[Coin],calculationstable[[#This Row],[ticker]],Purchases[No. of coins])),"") -> 6.7643 | AY15: =IFERROR((helper[[#This Row],[Purchased]]-calculationstable[[#This Row],[Coins Held]])/helper[[#This Row],[Purchased]],"") -> 0 | AZ15: =IFERROR(1-helper[[#This Row],[Sold]],"") -> 1 | BA15: =IFERROR(calculationstable[[#This Row],[Total Tokens Over]]/helper[[#This Row],[Purchased]],"") -> 0.09984 | BB15: =IFERROR(1-helper[[#This Row],[% Not in exit]],"") -> 0.90016 | BD15: ETH | BE15: 22067 | BF15: 19336.157 | BG15: 0 | BH15: -0.12375233
B16: ARC | C16: 0.04254171 | D16: 1688.83 | E16: 0.19540155 | F16: 330 | G16: 71.845716 | H16: -258.15428 | I16: -0.78228571 | J16: -0.097072629 | K16: 0 | L16: 0 | M16: 0 | N16: 0 | O16: 0.3908 | P16: 337.766 | Q16: 1351.064 | R16: 65.9995 | S16: 0.6839 | T16: 270.2128 | U16: 1080.8512 | V16: 131.999 | W16: 0.8793 | X16: 216.17024 | Y16: 864.68096 | Z16: 147.8388 | AA16: 1.1724 | AB16: 172.93619 | AC16: 691.74477 | AD16: 168.9587 | AE16: 1.5632 | AF16: 172.93619 | AG16: 518.80858 | AH16: 236.5421 | AI16: 1433.0862 | AJ16: 168.61279 | AK16: 395 | AL16: 1433.0862 | AM16: 1 | AN16: Selling point 1 | AP16: =IFERROR(HLOOKUP(calculationstable[[#This Row],[Merged]],calculationstable[#All],MATCH(calculationstable[[#This Row],[ticker]],calculationstable[[#All],[ticker]],0),FALSE),"") -> 0.3908 | AQ16: =IFERROR(IF(AP16<=calculationstable[[#This Row],[current_price]],"Take Profit On " &calculationstable[[#This Row],[ticker]]&" "& calculationstable[[#This Row],[Merged]],"Wait for price target on "&calculationstable[[#This Row],[ticker]]),"") -> Wait for price target on ARC | AR16: =IFERROR(IF(LEFT(helper[[#This Row],[take profit feedback]],1)="T","X",""),"") | AS16: =IFERROR(IF(OR(calculationstable[[#This Row],[Selling point 1]]="",calculationstable[[#This Row],[Selling point 1]]=0),"X",""),"") | AT16: =IFERROR(IF(helper[[#This Row],[add to exit]]="","","Add " &calculationstable[[#This Row],[ticker]] &" to Exit Strategy"),"") | AU16: =IFERROR(IF(OR(calculationstable[[#This Row],[current_price]]="",calculationstable[[#This Row],[current_price]]=0),"Include "&calculationstable[[#This Row],[ticker]]&" in Extra Coins List",""),"") | AV16: =IFERROR(IF(helper[[#This Row],[missing price]]<>"",helper[[#This Row],[missing price]],IF(helper[[#This Row],[add to exit feedback]]<>"",helper[[#This Row],[add to exit feedback]],helper[[#This Row],[take profit feedback]])),"") -> Wait for price target on ARC | AW16: =IFERROR(calculationstable[[#This Row],[Current Value]]/SUM(calculationstable[Current Value]),"") -> 0.0010601549 | AX16: =IFERROR(IF((SUMIF(Purchases[Coin],calculationstable[[#This Row],[ticker]],Purchases[No. of coins])=0),NA(),SUMIF(Purchases[Coin],calculationstable[[#This Row],[ticker]],Purchases[No. of coins])),"") -> 1688.83 | AY16: =IFERROR((helper[[#This Row],[Purchased]]-calculationstable[[#This Row],[Coins Held]])/helper[[#This Row],[Purchased]],"") -> 0 | AZ16: =IFERROR(1-helper[[#This Row],[Sold]],"") -> 1 | BA16: =IFERROR(calculationstable[[#This Row],[Total Tokens Over]]/helper[[#This Row],[Purchased]],"") -> 0.09984 | BB16: =IFERROR(1-helper[[#This Row],[% Not in exit]],"") -> 0.90016 | BD16: ARC | BE16: 330 | BF16: 71.845716 | BG16: 0 | BH16: -0.78228571
B17: ATLAS | C17: 0.02542778 | D17: 1387.18 | E17: 0.10092418 | F17: 140 | G17: 35.272908 | H17: -104.72709 | I17: -0.74805066 | J17: -0.04392802 | K17: 0 | L17: 0 | M17: 0 | N17: 0 | O17: 0.2018 | P17: 277.436 | Q17: 1109.744 | R17: 27.9933 | S17: 0.3532 | T17: 221.9488 | U17: 887.7952 | V17: 55.9866 | W17: 0.4541 | X17: 177.55904 | Y17: 710.23616 | Z17: 62.705 | AA17: 0.6054 | AB17: 142.04723 | AC17: 568.18893 | AD17: 71.6628 | AE17: 0.8072 | AF17: 142.04723 | AG17: 426.1417 | AH17: 100.328 | AI17: 607.8352 | AJ17: 138.49605 | AK17: 168 | AL17: 607.8352 | AM17: 1 | AN17: Selling point 1 | AP17: =IFERROR(HLOOKUP(calculationstable[[#This Row],[Merged]],calculationstable[#All],MATCH(calculationstable[[#This Row],[ticker]],calculationstable[[#All],[ticker]],0),FALSE),"") -> 0.2018 | AQ17: =IFERROR(IF(AP17<=calculationstable[[#This Row],[current_price]],"Take Profit On " &calculationstable[[#This Row],[ticker]]&" "& calculationstable[[#This Row],[Merged]],"Wait for price target on "&calculationstable[[#This Row],[ticker]]),"") -> Wait for price target on ATLAS | AR17: =IFERROR(IF(LEFT(helper[[#This Row],[take profit feedback]],1)="T","X",""),"") | AS17: =IFERROR(IF(OR(calculationstable[[#This Row],[Selling point 1]]="",calculationstable[[#This Row],[Selling point 1]]=0),"X",""),"") | AT17: =IFERROR(IF(helper[[#This Row],[add to exit]]="","","Add " &calculationstable[[#This Row],[ticker]] &" to Exit Strategy"),"") | AU17: =IFERROR(IF(OR(calculationstable[[#This Row],[current_price]]="",calculationstable[[#This Row],[current_price]]=0),"Include "&calculationstable[[#This Row],[ticker]]&" in Extra Coins List",""),"") | AV17: =IFERROR(IF(helper[[#This Row],[missing price]]<>"",helper[[#This Row],[missing price]],IF(helper[[#This Row],[add to exit feedback]]<>"",helper[[#This Row],[add to exit feedback]],helper[[#This Row],[take profit feedback]])),"") -> Wait for price target on ATLAS | AW17: =IFERROR(calculationstable[[#This Row],[Current Value]]/SUM(calculationstable[Current Value]),"") -> 0.00052048681 | AX17: =IFERROR(IF((SUMIF(Purchases[Coin],calculationstable[[#This Row],[ticker]],Purchases[No. of coins])=0),NA(),SUMIF(Purchases[Coin],calculationstable[[#This Row],[ticker]],Purchases[No. of coins])),"") -> 1387.18 | AY17: =IFERROR((helper[[#This Row],[Purchased]]-calculationstable[[#This Row],[Coins Held]])/helper[[#This Row],[Purchased]],"") -> 0 | AZ17: =IFERROR(1-helper[[#This Row],[Sold]],"") -> 1 | BA17: =IFERROR(calculationstable[[#This Row],[Total Tokens Over]]/helper[[#This Row],[Purchased]],"") -> 0.09984 | BB17: =IFERROR(1-helper[[#This Row],[% Not in exit]],"") -> 0.90016 | BD17: ATLAS | BE17: 140 | BF17: 35.272908 | BG17: 0 | BH17: -0.74805066
B18: USDT | C18: 1 | D18: 1212 | E18: 1 | F18: 1212 | G18: 1212 | H18: 0 | I18: 0 | J18: 0.0017657 | K18: 0 | L18: 0 | M18: 0 | N18: 0 | O18: 2 | P18: 242.4 | Q18: 969.6 | R18: 242.4 | S18: 3.5 | T18: 193.92 | U18: 775.68 | V18: 484.8 | W18: 4.5 | X18: 155.136 | Y18: 620.544 | Z18: 542.976 | AA18: 6 | AB18: 124.1088 | AC18: 496.4352 | AD18: 620.544 | AE18: 8 | AF18: 124.1088 | AG18: 372.3264 | AH18: 868.7616 | AI18: 5263.3766 | AJ18: 121.00608 | AK18: 1452 | AL18: 5263.3766 | AM18: 1 | AN18: Selling point 1 | AP18: =IFERROR(HLOOKUP(calculationstable[[#This Row],[Merged]],calculationstable[#All],MATCH(calculationstable[[#This Row],[ticker]],calculationstable[[#All],[ticker]],0),FALSE),"") -> 2 | AQ18: =IFERROR(IF(AP18<=calculationstable[[#This Row],[current_price]],"Take Profit On " &calculationstable[[#This Row],[ticker]]&" "& calculationstable[[#This Row],[Merged]],"Wait for price target on "&calculationstable[[#This Row],[ticker]]),"") -> Wait for price target on USDT | AR18: =IFERROR(IF(LEFT(helper[[#This Row],[take profit feedback]],1)="T","X",""),"") | AS18: =IFERROR(IF(OR(calculationstable[[#This Row],[Selling point 1]]="",calculationstable[[#This Row],[Selling point 1]]=0),"X",""),"") | AT18: =IFERROR(IF(helper[[#This Row],[add to exit]]="","","Add " &calculationstable[[#This Row],[ticker]] &" to Exit Strategy"),"") | AU18: =IFERROR(IF(OR(calculationstable[[#This Row],[current_price]]="",calculationstable[[#This Row],[current_price]]=0),"Include "&calculationstable[[#This Row],[ticker]]&" in Extra Coins List",""),"") | AV18: =IFERROR(IF(helper[[#This Row],[missing price]]<>"",helper[[#This Row],[missing price]],IF(helper[[#This Row],[add to exit feedback]]<>"",helper[[#This Row],[add to exit feedback]],helper[[#This Row],[take profit feedback]])),"") -> Wait for price target on USDT | AW18: =IFERROR(calculationstable[[#This Row],[Current Value]]/SUM(calculationstable[Current Value]),"") -> 0.017884264 | AX18: =IFERROR(IF((SUMIF(Purchases[Coin],calculationstable[[#This Row],[ticker]],Purchases[No. of coins])=0),NA(),SUMIF(Purchases[Coin],calculationstable[[#This Row],[ticker]],Purchases[No. of coins])),"") -> 1212 | AY18: =IFERROR((helper[[#This Row],[Purchased]]-calculationstable[[#This Row],[Coins Held]])/helper[[#This Row],[Purchased]],"") -> 0 | AZ18: =IFERROR(1-helper[[#This Row],[Sold]],"") -> 1 | BA18: =IFERROR(calculationstable[[#This Row],[Total Tokens Over]]/helper[[#This Row],[Purchased]],"") -> 0.09984 | BB18: =IFERROR(1-helper[[#This Row],[% Not in exit]],"") -> 0.90016 | BD18: USDT | BE18: 1212 | BF18: 1212 | BG18: 0 | BH18: 0
B19: ATOM | C19: 27.81 | D19: 26.76 | E19: 21.076233 | F19: 564 | G19: 744.1956 | H19: 180.1956 | I19: 0.31949574 | J19: -0.0210954 | K19: 0 | L19: 0 | M19: 0 | N19: 0 | O19: 42.1524 | P19: 5.352 | Q19: 21.408 | R19: 112.7998 | S19: 73.7667 | T19: 4.2816 | U19: 17.1264 | V19: 225.5996 | W19: 94.8429 | X19: 3.42528 | Y19: 13.70112 | Z19: 252.6716 | AA19: 126.4572 | AB19: 2.740224 | AC19: 10.960896 | AD19: 288.7675 | AE19: 168.6096 | AF19: 2.740224 | AG19: 8.220672 | AH19: 404.2746 | AI19: 2449.2902 | AJ19: 2.6717184 | AK19: 676 | AL19: 2449.2902 | AM19: 1 | AN19: Selling point 1 | AP19: =IFERROR(HLOOKUP(calculationstable[[#This Row],[Merged]],calculationstable[#All],MATCH(calculationstable[[#This Row],[ticker]],calculationstable[[#All],[ticker]],0),FALSE),"") -> 42.1524 | AQ19: =IFERROR(IF(AP19<=calculationstable[[#This Row],[current_price]],"Take Profit On " &calculationstable[[#This Row],[ticker]]&" "& calculationstable[[#This Row],[Merged]],"Wait for price target on "&calculationstable[[#This Row],[ticker]]),"") -> Wait for price target on ATOM | AR19: =IFERROR(IF(LEFT(helper[[#This Row],[take profit feedback]],1)="T","X",""),"") | AS19: =IFERROR(IF(OR(calculationstable[[#This Row],[Selling point 1]]="",calculationstable[[#This Row],[Selling point 1]]=0),"X",""),"") | AT19: =IFERROR(IF(helper[[#This Row],[add to exit]]="","","Add " &calculationstable[[#This Row],[ticker]] &" to Exit Strategy"),"") | AU19: =IFERROR(IF(OR(calculationstable[[#This Row],[current_price]]="",calculationstable[[#This Row],[current_price]]=0),"Include "&calculationstable[[#This Row],[ticker]]&" in Extra Coins List",""),"") | AV19: =IFERROR(IF(helper[[#This Row],[missing price]]<>"",helper[[#This Row],[missing price]],IF(helper[[#This Row],[add to exit feedback]]<>"",helper[[#This Row],[add to exit feedback]],helper[[#This Row],[take profit feedback]])),"") -> Wait for price target on ATOM | AW19: =IFERROR(calculationstable[[#This Row],[Current Value]]/SUM(calculationstable[Current Value]),"") -> 0.010981346 | AX19: =IFERROR(IF((SUMIF(Purchases[Coin],calculationstable[[#This Row],[ticker]],Purchases[No. of coins])=0),NA(),SUMIF(Purchases[Coin],calculationstable[[#This Row],[ticker]],Purchases[No. of coins])),"") -> 26.76 | AY19: =IFERROR((helper[[#This Row],[Purchased]]-calculationstable[[#This Row],[Coins Held]])/helper[[#This Row],[Purchased]],"") -> 0 | AZ19: =IFERROR(1-helper[[#This Row],[Sold]],"") -> 1 | BA19: =IFERROR(calculationstable[[#This Row],[Total Tokens Over]]/helper[[#This Row],[Purchased]],"") -> 0.09984 | BB19: =IFERROR(1-helper[[#This Row],[% Not in exit]],"") -> 0.90016 | BD19: ATOM | BE19: 564 | BF19: 744.1956 | BG19: 0 | BH19: 0.31949574
B20: BNB | C20: 389.89 | D20: 0.89 | E20: 461.79775 | F20: 411 | G20: 347.0021 | H20: -63.9979 | I20: -0.15571265 | J20: -0.0187469 | K20: 0 | L20: 0 | M20: 0 | N20: 0 | O20: 923.5956 | P20: 0.178 | Q20: 0.712 | R20: 82.2 | S20: 1616.2923 | T20: 0.1424 | U20: 0.5696 | V20: 164.4 | W20: 2078.0901 | X20: 0.11392 | Y20: 0.45568 | Z20: 184.128 | AA20: 2770.7868 | AB20: 0.091136 | AC20: 0.364544 | AD20: 210.432 | AE20: 3694.3824 | AF20: 0.091136 | AG20: 0.273408 | AH20: 294.6048 | AI20: 1784.8581 | AJ20: 0.0888576 | AK20: 492 | AL20: 1784.8581 | AM20: 1 | AN20: Selling point 1 | AP20: =IFERROR(HLOOKUP(calculationstable[[#This Row],[Merged]],calculationstable[#All],MATCH(calculationstable[[#This Row],[ticker]],calculationstable[[#All],[ticker]],0),FALSE),"") -> 923.5956 | AQ20: =IFERROR(IF(AP20<=calculationstable[[#This Row],[current_price]],"Take Profit On " &calculationstable[[#This Row],[ticker]]&" "& calculationstable[[#This Row],[Merged]],"Wait for price target on "&calculationstable[[#This Row],[ticker]]),"") -> Wait for price target on BNB | AR20: =IFERROR(IF(LEFT(helper[[#This Row],[take profit feedback]],1)="T","X",""),"") | AS20: =IFERROR(IF(OR(calculationstable[[#This Row],[Selling point 1]]="",calculationstable[[#This Row],[Selling point 1]]=0),"X",""),"") | AT20: =IFERROR(IF(helper[[#This Row],[add to exit]]="","","Add " &calculationstable[[#This Row],[ticker]] &" to Exit Strategy"),"") | AU20: =IFERROR(IF(OR(calculationstable[[#This Row],[current_price]]="",calculationstable[[#This Row],[current_price]]=0),"Include "&calculationstable[[#This Row],[ticker]]&" in Extra Coins List",""),"") | AV20: =IFERROR(IF(helper[[#This Row],[missing price]]<>"",helper[[#This Row],[missing price]],IF(helper[[#This Row],[add to exit feedback]]<>"",helper[[#This Row],[add to exit feedback]],helper[[#This Row],[take profit feedback]])),"") -> Wait for price target on BNB | AW20: =IFERROR(calculationstable[[#This Row],[Current Value]]/SUM(calculationstable[Current Value]),"") -> 0.0051203608 | AX20: =IFERROR(IF((SUMIF(Purchases[Coin],calculationstable[[#This Row],[ticker]],Purchases[No. of coins])=0),NA(),SUMIF(Purchases[Coin],calculationstable[[#This Row],[ticker]],Purchases[No. of coins])),"") -> 0.89 | AY20: =IFERROR((helper[[#This Row],[Purchased]]-calculationstable[[#This Row],[Coins Held]])/helper[[#This Row],[Purchased]],"") -> 0 | AZ20: =IFERROR(1-helper[[#This Row],[Sold]],"") -> 1 | BA20: =IFERROR(calculationstable[[#This Row],[Total Tokens Over]]/helper[[#This Row],[Purchased]],"") -> 0.09984 | BB20: =IFERROR(1-helper[[#This Row],[% Not in exit]],"") -> 0.90016 | BD20: BNB | BE20: 411 | BF20: 347.0021 | BG20: 0 | BH20: -0.15571265
